Workbook

Sheet Титул
A1: ФЕДЕРАЛЬНОЕ ГОСУДАРСТВЕННОЕ КАЗЕННОЕ ОБРАЗОВАТЕЛЬНОЕ УЧРЕЖДЕНИЕ ВЫСШЕГО ОБРАЗОВАНИЯ «ВОЛГОГРАДСКАЯ АКАДЕМИЯ МИНИСТЕРСТВА ВНУТРЕННИХ ДЕЛ РОССИЙСКОЙ ФЕДЕРАЦИИ» ДОНЕЦКИЙ ФИЛИАЛ
I5: УТВЕРЖДАЮ
I9: (наименование кафедры)
I11: (специальное звание)
N13: (И.О. Фамилия)
I14: « | K14: » | O14: 20 | Q14: г.
A21: ИНДИВИДУАЛЬНЫЙ ПЛАН РАБОТЫ
E24: на 20 | G24: /20 | J24: учебный год
S26: Ф.И.О. заполняется в именительном падеже
A27: (фамилия, имя, отчество)
A28: специальное звание | T28: ВЫСЛУГА
A29: ученая степень | T29: РАБОТНИК | U29: =IF(E28="","●","") -> ●
A30: ученое звание | T30: СТАВКА | U30: 1
A31: должность
A32: кафедра
A41: - 2 -
A43: Необходимо обратить внимание
B44: 1. | C44: Преподаватель, начавший свою деятельность в течение учебного года должен указать:
C45: – | D45: дата начала работы
C46: − | D46: приказ о назначении (переводе) от | P46: №
B47: 2. | C47: При заполнении индивидуального плана работы преподавателя выделяется соответствующая строка с выслугой лет и объемом часов годового бюджета служебного времени, а также – объемом учебной нагрузки и минимальной нагрузкой по научной деятельности.
A49: Годовой объем служебного (рабочего) времени, обязательный для выполнения профессорско-преподавательским составом:
B50: а) | C50: для сотрудников органов внутренних дел с выслугой:
C51: до 10 лет | F51: – | G51: 1680 | H51: часов;
C52: от 10 до 15 лет | F52: – | G52: 1640 | H52: часов;
C53: от 15 до 20 лет | F53: – | G53: 1600 | H53: часов;
C54: свыше 20 лет | F54: – | G54: 1560 | H54: часов;
B55: б) | C55: для работников | F55: – | G55: 1440 | H55: часов.
A57: Учебная нагрузка профессорско-преподавательского состава:
C58: начальник (заведующий) кафедры (ой) | K58: – | L58: 450 | M58: – | N58: 890 | O58: часов; | Q58: =N58+IF($C$32="организации следственной работы",-100,IF($C$32="основ экспертно-криминалистической деятельности",-100,)) -> 890
C59: заместитель начальника кафедры | K59: – | L59: 470 | M59: – | N59: 892 | O59: часов; | Q59: =N59+IF($C$32="организации следственной работы",-100,IF($C$32="основ экспертно-криминалистической деятельности",-100,)) -> 892
C60: профессор | K60: – | L60: 500 | M60: – | N60: 894 | O60: часов; | Q60: =N60+IF($C$32="организации следственной работы",-100,IF($C$32="основ экспертно-криминалистической деятельности",-100,)) -> 894
C61: доцент | K61: – | L61: 520 | M61: – | N61: 896 | O61: часов; | Q61: =N61+IF($C$32="организации следственной работы",-100,IF($C$32="основ экспертно-криминалистической деятельности",-100,)) -> 896
C62: старший преподаватель | G62: (кандидат наук) | K62: – | L62: 520 | M62: – | N62: 898 | O62: часов; | Q62: =N62+IF($C$32="организации следственной работы",-100,IF($C$32="основ экспертно-криминалистической деятельности",-100,)) -> 898
C63: старший преподаватель | G63: (без ученой степени) | K63: – | L63: 580 | M63: – | N63: 898 | O63: часов; | Q63: =N63+IF($C$32="организации следственной работы",-100,IF($C$32="основ экспертно-криминалистической деятельности",-100,)) -> 898
C64: преподаватель | F64: (кандидат наук) | K64: – | L64: 580 | M64: – | N64: 900 | O64: часов; | Q64: =N64+IF($C$32="организации следственной работы",-100,IF($C$32="основ экспертно-криминалистической деятельности",-100,)) -> 900
C65: преподаватель | F65: (без ученой степени) | K65: – | L65: 600 | M65: – | N65: 900 | O65: часов. | Q65: =N65+IF($C$32="организации следственной работы",-100,IF($C$32="основ экспертно-криминалистической деятельности",-100,)) -> 900
A67: Минимальная нагрузка по научной деятельности, при условии пропорционального распределения научной и методической нагрузки:
C68: начальник (заведующий) кафедры (ой) | K68: не менее | M68: 220 | N68: часов;
C69: заместитель начальника кафедры | K69: не менее | M69: 220 | N69: часов;
C70: профессор | L70: не менее | M70: 240 | N70: часов;
C71: доцент | L71: не менее | M71: 230 | N71: часов;
C72: старший преподаватель | G72: (кандидат наук) | L72: не менее | M72: 215 | N72: часов;
C73: старший преподаватель | G73: (без ученой степени) | L73: не менее | M73: 200 | N73: часов;
C74: преподаватель | F74: (кандидат наук) | L74: не менее | M74: 200 | N74: часов;
C75: преподаватель | F75: (без ученой степени) | L75: не менее | M75: 200 | N75: часов.
A77: При сокращении объемов одного из видов работ соответственно увеличивается объем другого.
A78: Итоговая сумма рабочей нагрузки по всем видам работ Индивидуального плана работы преподавателя должна соответствовать годовому объему служебного времени.
A107: КАФЕДРЫ
A108: Оперативно-розыскной деятельности и | G108: специальной техники
A109: Административного права и административной | G109: деятельности органов внутренних дел
A110: Уголовно-правовых дисциплин и | G110: криминалистики | R110: УТВЕРЖДЕНИЕ
A111: Государственных и гражданско-правовых | G111: дисциплин | R111: Начальник кафедры
A112: Социально-гуманитарных дисциплин | R112: Заместитель начальника кафедры
A113: Огневой и тактико-специальной подготовки | R113: Заместитель начальника филиала по учебной и научной работе
A114: Физической подготовки
A116: СПЕЦИАЛЬНОЕ ЗВАНИЕ | F116: УЧЕНОЕ ЗВАНИЕ | J116: ДОЛЖНОСТЬ
A117: полковник полиции | F117: профессор | J117: начальник кафедры
A118: подполковник полиции | F118: доцент | J118: заместитель начальника кафедры
A119: майор полиции | J119: профессор
A120: капитан полиции | J120: доцент
A121: старший лейтенант полиции | J121: старший преподаватель
A122: лейтенант полиции | J122: преподаватель
A123: младший лейтенант полиции
A125: Оперативно-розыскной деятельности и специальной техники
A126: Административного права и административной деятельности органов внутренних дел
A127: Уголовно-правовых дисциплин и криминалистики
A128: Государственных и гражданско-правовых дисциплин
A129: Социально-гуманитарных дисциплин
A130: Огневой и тактико-специальной подготовки
A131: Физической подготовки

Sheet Исходные
A1: - 3 -
A3: I. УЧЕБНАЯ РАБОТА
A4: 1.1. УЧЕБНАЯ РАБОТА С КУРСАНТАМИ
A5: 1.1.1 Исходные данные
A6: № п/п | B6: Наименование учебной дисциплины (курса) и вида учебной работы | C6: Где выполняются
C7: специальность | D7: лекционный поток, курс | E7: учебная группа
A50: - 4 -
A52: 1.2. УЧЕБНАЯ РАБОТА С ОБУЧАЮЩИМИСЯ ПО ЗАОЧНОЙ ФОРМЕ ОБУЧЕНИЯ
A53: 1.2.1 Исходные данные
A54: № п/п | B54: Наименование учебной дисциплины (курса) и вида учебной работы | C54: Где выполняются
C55: специальность | D55: лекционный поток, курс | E55: учебная группа

Sheet Распределение
A1: - 5 -
A3: РАСПРЕДЕЛЕНИЕ ГОДОВОГО БЮДЖЕТА СЛУЖЕБНОГО ВРЕМЕНИ
A4: НА ОСНОВНЫЕ ВИДЫ РАБОТ
A6: № п/п | B6: Наименование вида работ | C6: Количество часов
C7: I-е полугодие | E7: II-е полугодие | G7: Всего за год
C8: план | D8: выполнено | E8: план | F8: выполнено | G8: план | H8: выполнено
A9: I. | B9: Учебная работа
A10: 1.1. | B10: Учебная работа с курсантами | C10: ='Р. 1.1. ПЛАН'!C32 -> 0 | D10: ='Р. 1.1. Нагрузка'!Z12 -> 0 | E10: ='Р. 1.1. ПЛАН'!D32 -> 0 | F10: ='Р. 1.1. Нагрузка'!Z33 -> 0 | G10: =SUM(C10,E10) -> 0 | H10: =SUM(D10,F10) -> 0
A11: 1.2. | B11: Учебная работа с обучающимися по заочной форме обучения | C11: ='Р. 1.2. ПЛАН'!C31 -> 0 | D11: ='Р. 1.2. Нагрузка '!Z11 -> 0 | E11: ='Р. 1.2. ПЛАН'!D31 -> 0 | F11: ='Р. 1.2. Нагрузка '!Z32 -> 0 | G11: =SUM(C11,E11) -> 0
A12: 1.3. | B12: Учебная работа с сотрудниками проходящими повышение квалификации и переподготовку | C12: ='Р. 1.3. ПЛАН '!C31 -> 0 | D12: ='Р. 1.3. Нагрузка '!Z11 -> 0 | E12: ='Р. 1.3. ПЛАН '!D31 -> 0 | F12: ='Р. 1.3. Нагрузка '!Z32 -> 0 | G12: =SUM(C12,E12) -> 0 | H12: =SUM(D12,F12) -> 0
A13: 1.4. | B13: Учебная работа с сотрудниками обучающимися по программам профессональной подготовки | C13: ='Р. 1.4. ПЛАН'!C31 -> 0 | D13: ='Р. 1.4. Нагрузка '!Z11 -> 0 | E13: ='Р. 1.4. ПЛАН'!D31 -> 0 | F13: ='Р. 1.4. Нагрузка '!Z32 -> 0 | G13: =SUM(C13,E13) -> 0 | H13: =SUM(D13,F13) -> 0
B14: Всего | C14: =SUM(C10:C13) -> 0 | D14: =SUM(D10:D13) -> 0 | E14: =SUM(E10:E13) -> 0 | F14: =SUM(F10:F13) -> 0 | G14: =SUM(G10:G13) -> 0 | H14: =SUM(H10:H13) -> 0
A15: II. | B15: Методическая работа
A16: 2.1. | B16: Методическое обеспечение деятельности кафедры | C16: ='Раздел 2.1'!F64 -> 0 | D16: ='Раздел 2.1'!H64 -> 0 | E16: ='Раздел 2.1'!F133 -> 0 | F16: ='Раздел 2.1'!H133 -> 0 | G16: =SUM(C16,E16) -> 0 | H16: =SUM(D16,F16) -> 0
A17: 2.2. | B17: Разработка учебно-методических материалов для обучающихся по заочной форме обучения | C17: ='Раздел 2.2'!F30 -> 0 | D17: ='Раздел 2.2'!H30 -> 0 | E17: ='Раздел 2.2'!F65 -> 0 | F17: ='Раздел 2.2'!H65 -> 0 | G17: =SUM(C17,E17) -> 0 | H17: =SUM(D17,F17) -> 0
B18: Всего | C18: =SUM(C16:C17) -> 0 | D18: =SUM(D16:D17) -> 0 | E18: =SUM(E16:E17) -> 0 | F18: =SUM(F16:F17) -> 0 | G18: =SUM(G16:G17) -> 0 | H18: =SUM(H16:H17) -> 0
A19: III. | B19: Научно-исследовательская работа
A20: 3.1. | B20: Научно-исследовательская работа преподавателя, научное руководство и консультирование | C20: ='Раздел 3.1'!F64 -> 0 | D20: ='Раздел 3.1'!H64 -> 0 | E20: ='Раздел 3.1'!F133 -> 0 | F20: ='Раздел 3.1'!H139 -> 0 | G20: =SUM(C20,E20) -> 0 | H20: =SUM(D20,F20) -> 0
A21: 3.2. | B21: Научно-исследовательская работа с обучающимися по заочной форме обучения | C21: ='Раздел 3.2'!F30 -> 0 | D21: ='Раздел 3.2'!H30 -> 0 | E21: ='Раздел 3.2'!F65 -> 0 | F21: ='Раздел 3.2'!H65 -> 0 | G21: =SUM(C21,E21) -> 0 | H21: =SUM(D21,F21) -> 0
B22: Всего | C22: =SUM(C20:C21) -> 0 | D22: =SUM(D20:D21) -> 0 | E22: =SUM(E20:E21) -> 0 | F22: =SUM(F20:F21) -> 0 | G22: =SUM(G20:G21) -> 0 | H22: =SUM(H20:H21) -> 0
A23: IV. | B23: Мероприятия по морально-психологическому обеспечению учебного процесса и служебной деятельности
A24: 4.1. | B24: Организация проведения работы по направлениям морально-психологического обеспечения учебно-воспитательного процесса | C24: ='Раздел 4.1'!F31 -> 0 | D24: ='Раздел 4.1'!H31 -> 0 | E24: ='Раздел 4.1'!F66 -> 0 | F24: ='Раздел 4.1'!H66 -> 0 | G24: =SUM(C24,E24) -> 0 | H24: =SUM(D24,F24) -> 0
A25: 4.2. | B25: Воспитательная работа с обучающимися по заочной форме обучения | C25: ='Раздел 4.2 '!F30 -> 0 | D25: ='Раздел 4.2 '!H30 -> 0 | E25: ='Раздел 4.2 '!F65 -> 0 | F25: ='Раздел 4.2 '!H65 -> 0 | G25: =SUM(C25,E25) -> 0 | H25: =SUM(D25,F25) -> 0
B26: Всего | C26: =SUM(C24:C25) -> 0 | D26: =SUM(D24:D25) -> 0 | E26: =SUM(E24:E25) -> 0 | F26: =SUM(F24:F25) -> 0 | G26: =SUM(G24:G25) -> 0 | H26: =SUM(H24:H25) -> 0
A27: V. | B27: Другие виды работы
B28: Всего | C28: ='Раздел V'!F30 -> 0 | D28: ='Раздел V'!H30 -> 0 | E28: ='Раздел V'!F65 -> 0 | F28: ='Раздел V'!H65 -> 0 | G28: =SUM(C28,E28) -> 0 | H28: =SUM(D28,F28) -> 0
B31: Всего | C31: =SUM(C14,C18,C22,C26,C28) -> 0 | D31: =SUM(D14,D18,D22,D26,D28) -> 0 | E31: =SUM(E14,E18,E22,E26,E28) -> 0 | F31: =SUM(F14,F18,F22,F26,F28) -> 0 | G31: =SUM(G14,G18,G22,G26,G28) -> 0 | H31: =SUM(H14,H18,H22,H26,H28) -> 0

Sheet Р. 1.1. ПЛАН
A1: - 6 -
A3: I. УЧЕБНАЯ РАБОТА
A4: 1.1. УЧЕБНАЯ РАБОТА С КУРСАНТАМИ
A5: 1.1.2. Планирование учебной работы с курсантами
A6: № п/п | B6: Вид учебной работы | C6: Количество учебных часов
C7: 1-е полугодие | D7: 2 -е полугодие | E7: Всего за год
B9: Учебная работа по расписанию
A10: 1. | B10: Чтение лекций | E10: =SUM(C10:D10) -> 0
A11: 2. | B11: Проведение семинаров | E11: =SUM(C11:D11) -> 0
A12: 3. | B12: Проведение практических, лабораторных занятий | E12: =SUM(C12:D12) -> 0
A13: 4. | B13: Проведение игр и учений | E13: =SUM(C13:D13) -> 0
A14: 5. | B14: Прием зачетов | E14: =SUM(C14:D14) -> 0
A15: 6. | B15: Прием экзаменов | E15: =SUM(C15:D15) -> 0
A16: 7. | B16: Прием государственных экзаменов | E16: =SUM(C16:D16) -> 0
A17: 8. | B17: Прием защиты выпускных квалификационных работ | E17: =SUM(C17:D17) -> 0
A18: 9. | B18: Прием вступительных экзаменов, выходного, выходного контроля | E18: =SUM(C18:D18) -> 0
B19: Всего | C19: =SUM(C10:C18) -> 0 | D19: =SUM(D10:D18) -> 0 | E19: =SUM(E10:E18) -> 0
B20: Другие виды учебной работы
A21: 10. | B21: Проведение консультаций | E21: =SUM(C21:D21) -> 0
A22: 11. | B22: Руководство практикой | E22: =SUM(C22:D22) -> 0
A23: 12. | B23: Руководство курсовыми работами, включая их защиту | E23: =SUM(C23:D23) -> 0
A24: 13. | B24: Руководство выпускными квалификационными работами | E24: =SUM(C24:D24) -> 0
A25: 14. | B25: Научное руководство адъюнктами, соискателями | E25: =SUM(C25:D25) -> 0
A26: 15. | B26: Проверка практикумов | E26: =SUM(C26:D26) -> 0
A27: 16. | B27: Проверка практических, лабораторных, контрольных работ и контрольных экспертиз | E27: =SUM(C27:D27) -> 0
A28: 17. | B28: Рецензирование рефератов | E28: =SUM(C28:D28) -> 0
A29: 18. | B29: Рецензирование выпускных квалификационных работ | E29: =SUM(C29:D29) -> 0
A30: 19. | B30: Прием внеаудиторного чтения | E30: =SUM(C30:D30) -> 0
B31: Всего | C31: =SUM(C21:C30) -> 0 | D31: =SUM(D21:D30) -> 0 | E31: =SUM(E21:E30) -> 0
B32: Итоги по учебной работе | C32: =SUM(C19,C31) -> 0 | D32: =SUM(D19,D31) -> 0 | E32: =SUM(E19,E31) -> 0

Sheet Р. 1.2. ПЛАН
A1: - 7 -
A3: 1.2. УЧЕБНАЯ РАБОТА С ОБУЧАЮЩИМИСЯ ПО ЗАОЧНОЙ ФОРМЕ ОБУЧЕНИЯ
A4: 1.2.2. Планирование учебной работы с обучающимися по заочной форме обучения
A5: № п/п | B5: Вид учебной работы | C5: Количество учебных часов
C6: 1-е полугодие | D6: 2 -е полугодие | E6: Всего за год
B8: Учебная работа по расписанию
A9: 1. | B9: Чтение лекций | E9: =SUM(C9:D9) -> 0
A10: 2. | B10: Проведение семинаров | E10: =SUM(C10:D10) -> 0
A11: 3. | B11: Проведение практических, лабораторных занятий | E11: =SUM(C11:D11) -> 0
A12: 4. | B12: Проведение игр и учений | E12: =SUM(C12:D12) -> 0
A13: 5. | B13: Прием зачетов | E13: =SUM(C13:D13) -> 0
A14: 6. | B14: Прием экзаменов | E14: =SUM(C14:D14) -> 0
A15: 7. | B15: Прием государственных экзаменов | E15: =SUM(C15:D15) -> 0
A16: 8. | B16: Прием защиты выпускных квалификационных работ | E16: =SUM(C16:D16) -> 0
A17: 9. | B17: Прием вступительных экзаменов, выходного, выходного контроля | E17: =SUM(C17:D17) -> 0
B18: Всего | C18: =SUM(C9:C17) -> 0 | D18: =SUM(D9:D17) -> 0 | E18: =SUM(E8:E17) -> 0
B19: Другие виды учебной работы
A20: 10. | B20: Проведение консультаций | E20: =SUM(C20:D20) -> 0
A21: 11. | B21: Руководство практикой | E21: =SUM(C21:D21) -> 0
A22: 12. | B22: Руководство курсовыми работами, включая их защиту | E22: =SUM(C22:D22) -> 0
A23: 13. | B23: Руководство выпускными квалификационными работами | E23: =SUM(C23:D23) -> 0
A24: 14. | B24: Научное руководство адъюнктами, соискателями | E24: =SUM(C24:D24) -> 0
A25: 15. | B25: Проверка практикумов | E25: =SUM(C25:D25) -> 0
A26: 16. | B26: Проверка практических, лабораторных, контрольных работ и контрольных экспертиз | E26: =SUM(C26:D26) -> 0
A27: 17. | B27: Рецензирование рефератов | E27: =SUM(C27:D27) -> 0
A28: 18. | B28: Рецензирование выпускных квалификационных работ | E28: =SUM(C28:D28) -> 0
A29: 19. | B29: Прием внеаудиторного чтения | E29: =SUM(C29:D29) -> 0
B30: Всего | C30: =SUM(C20:C29) -> 0 | D30: =SUM(D20:D29) -> 0 | E30: =SUM(E20:E29) -> 0
B31: Итоги по учебной работе | C31: =SUM(C18,C30) -> 0 | D31: =SUM(D18,D30) -> 0 | E31: =SUM(E18,E30) -> 0

Sheet Р. 1.3. ПЛАН 
A1: - 8 -
A3: 1.3. УЧЕБНАЯ РАБОТА С СОТРУДНИКАМИ ПРОХОДЯЩИМИ ПОВЫШЕНИЕ КВАЛИФИКАЦИИ И ПЕРЕПОДГОТОВКУ
A4: 1.3.2. Планирование учебной работы по повышению квалификации
A5: № п/п | B5: Вид учебной работы | C5: Количество учебных часов
C6: 1-е полугодие | D6: 2 -е полугодие | E6: Всего за год
B8: Учебная работа по расписанию
A9: 1. | B9: Чтение лекций | E9: =SUM(C9:D9) -> 0
A10: 2. | B10: Проведение семинаров | E10: =SUM(C10:D10) -> 0
A11: 3. | B11: Проведение практических, лабораторных занятий | E11: =SUM(C11:D11) -> 0
A12: 4. | B12: Проведение игр и учений | E12: =SUM(C12:D12) -> 0
A13: 5. | B13: Прием зачетов | E13: =SUM(C13:D13) -> 0
A14: 6. | B14: Прием экзаменов | E14: =SUM(C14:D14) -> 0
A15: 7. | B15: Прием государственных экзаменов | E15: =SUM(C15:D15) -> 0
A16: 8. | B16: Прием защиты выпускных квалификационных работ | E16: =SUM(C16:D16) -> 0
A17: 9. | B17: Прием вступительных экзаменов, выходного, выходного контроля | E17: =SUM(C17:D17) -> 0
B18: Всего | C18: =SUM(C9:C17) -> 0 | D18: =SUM(D9:D17) -> 0 | E18: =SUM(E8:E17) -> 0
B19: Другие виды учебной работы
A20: 10. | B20: Проведение консультаций | E20: =SUM(C20:D20) -> 0
A21: 11. | B21: Руководство практикой | E21: =SUM(C21:D21) -> 0
A22: 12. | B22: Руководство курсовыми работами, включая их защиту | E22: =SUM(C22:D22) -> 0
A23: 13. | B23: Руководство выпускными квалификационными работами | E23: =SUM(C23:D23) -> 0
A24: 14. | B24: Научное руководство адъюнктами, соискателями | E24: =SUM(C24:D24) -> 0
A25: 15. | B25: Проверка практикумов | E25: =SUM(C25:D25) -> 0
A26: 16. | B26: Проверка практических, лабораторных, контрольных работ и контрольных экспертиз | E26: =SUM(C26:D26) -> 0
A27: 17. | B27: Рецензирование рефератов | E27: =SUM(C27:D27) -> 0
A28: 18. | B28: Рецензирование выпускных квалификационных работ | E28: =SUM(C28:D28) -> 0
A29: 19. | B29: Прием внеаудиторного чтения | E29: =SUM(C29:D29) -> 0
B30: Всего | C30: =SUM(C20:C29) -> 0 | D30: =SUM(D20:D29) -> 0 | E30: =SUM(E20:E29) -> 0
B31: Итоги по учебной работе | C31: =SUM(C18,C30) -> 0 | D31: =SUM(D18,D30) -> 0 | E31: =SUM(E18,E30) -> 0

Sheet Р. 1.4. ПЛАН
A1: - 9 -
A3: 1.4. УЧЕБНАЯ РАБОТА С СОТРУДНИКАМИ ОБУЧАЮЩИМИСЯ ПО ПРОГРАММАМ ПРОФЕССИОНАЛЬНОЙ ПОДГОТОВКИ
A4: 1.4.2. Планирование учебной работы по профессиональной подготовке
A5: № п/п | B5: Вид учебной работы | C5: Количество учебных часов
C6: 1-е полугодие | D6: 2 -е полугодие | E6: Всего за год
B8: Учебная работа по расписанию
A9: 1. | B9: Чтение лекций | E9: =SUM(C9:D9) -> 0
A10: 2. | B10: Проведение семинаров | E10: =SUM(C10:D10) -> 0
A11: 3. | B11: Проведение практических, лабораторных занятий | E11: =SUM(C11:D11) -> 0
A12: 4. | B12: Проведение игр и учений | E12: =SUM(C12:D12) -> 0
A13: 5. | B13: Прием зачетов | E13: =SUM(C13:D13) -> 0
A14: 6. | B14: Прием экзаменов | E14: =SUM(C14:D14) -> 0
A15: 7. | B15: Прием государственных экзаменов | E15: =SUM(C15:D15) -> 0
A16: 8. | B16: Прием защиты выпускных квалификационных работ | E16: =SUM(C16:D16) -> 0
A17: 9. | B17: Прием вступительных экзаменов, выходного, выходного контроля | E17: =SUM(C17:D17) -> 0
B18: Всего | C18: =SUM(C9:C17) -> 0 | D18: =SUM(D9:D17) -> 0 | E18: =SUM(E8:E17) -> 0
B19: Другие виды учебной работы
A20: 10. | B20: Проведение консультаций | E20: =SUM(C20:D20) -> 0
A21: 11. | B21: Руководство практикой | E21: =SUM(C21:D21) -> 0
A22: 12. | B22: Руководство курсовыми работами, включая их защиту | E22: =SUM(C22:D22) -> 0
A23: 13. | B23: Руководство выпускными квалификационными работами | E23: =SUM(C23:D23) -> 0
A24: 14. | B24: Научное руководство адъюнктами, соискателями | E24: =SUM(C24:D24) -> 0
A25: 15. | B25: Проверка практикумов | E25: =SUM(C25:D25) -> 0
A26: 16. | B26: Проверка практических, лабораторных, контрольных работ и контрольных экспертиз | E26: =SUM(C26:D26) -> 0
A27: 17. | B27: Рецензирование рефератов | E27: =SUM(C27:D27) -> 0
A28: 18. | B28: Рецензирование выпускных квалификационных работ | E28: =SUM(C28:D28) -> 0
A29: 19. | B29: Прием внеаудиторного чтения | E29: =SUM(C29:D29) -> 0
B30: Всего | C30: =SUM(C20:C29) -> 0 | D30: =SUM(D20:D29) -> 0 | E30: =SUM(E20:E29) -> 0
B31: Итоги по учебной работе | C31: =SUM(C18,C30) -> 0 | D31: =SUM(D18,D30) -> 0 | E31: =SUM(E18,E30) -> 0

Sheet Р. 1.1. Нагрузка
A1: - 10 -
A3: I. УЧЕБНАЯ РАБОТА
A4: 1.1. УЧЕБНАЯ РАБОТА C КУРСАНТАМИ
A5: 1.1.3. Учет выполнения учебной работы (1-е полугодие)
A6: Вид учебной работы Месяц | C6: Учебная работа по расписанию | N6: Другие виды учебной работы | Z6: Итого
C7: Чтение лекций | D7: Проведение семинаров | E7: Проведение практ., лаборатор. занятий | F7: Проведение игр и учений | G7: Прием зачетов | H7: Прием экзаменов | I7: Прием государственных экзаменов | J7: Прием защиты выпускных квалификационных работ | K7: Прием вступительних экзаменов, входного, выходного контроля | L7: Всего учебной работы по расписанию | M7: План на полугодие | N7: Проведение консультаций | O7: Руководство практикой | P7: Руководство курсовыми работами, включая их защиту | Q7: Руководство выпускными квалификационными работами | R7: Научное руководство адъюнктими, соискателями | S7: Проверка практикумов | T7: Проверка практ., лабор., контр. работ и контр. экспертиз | U7: Рецензирование рефератов | V7: Рецензирование выпускных квалификационных работ | W7: Прием внеаудиторного чтения | X7: Всего по другим видам учебной нагрузки | Y7: План на полугодие | Z7: Выполнено учебной нагрузки | AA7: План учебной нагрузки
A8: Сентябрь | L8: =SUM(C8:K8) -> 0 | X8: =SUM(N8:W8) -> 0 | Z8: =SUM(L8,X8) -> 0
A9: Октябрь | L9: =SUM(C9:K9) -> 0 | X9: =SUM(N9:W9) -> 0 | Z9: =SUM(L9,X9) -> 0
A10: Ноябрь | L10: =SUM(C10:K10) -> 0 | X10: =SUM(N10:W10) -> 0 | Z10: =SUM(L10,X10) -> 0
A11: Декабрь | L11: =SUM(C11:K11) -> 0 | X11: =SUM(N11:W11) -> 0 | Z11: =SUM(L11,X11) -> 0
A12: Всего за полугодие | C12: =SUM(C8:C11) -> 0 | D12: =SUM(D8:D11) -> 0 | E12: =SUM(E8:E11) -> 0 | F12: =SUM(F8:F11) -> 0 | G12: =SUM(G8:G11) -> 0 | H12: =SUM(H8:H11) -> 0 | I12: =SUM(I8:I11) -> 0 | J12: =SUM(J8:J11) -> 0 | ... L12: =SUM(L8:L11) -> 0 | N12: =SUM(N8:N11) -> 0 | O12: =SUM(O8:O11) -> 0 | P12: =SUM(P8:P11) -> 0 | Q12: =SUM(Q8:Q11) -> 0 | R12: =SUM(R8:R11) -> 0 | S12: =SUM(S8:S11) -> 0 | T12: =SUM(T8:T11) -> 0 | U12: =SUM(U8:U11) -> 0 | ... X12: =SUM(X8:X11) -> 0 | Z12: =SUM(Z8:Z11) -> 0 | AA12: =SUM(M12,Y12) -> 0
O16: Выполнение проверил
E17: подпись преподавателя | S17: подпись начальника кафедры
A20: - 11 -
A22: 1.1.3. Учет выполнения учебной работы (2-е полугодие)
A23: Вид учебной работы Месяц | C23: Учебная работа по расписанию | N23: Другие виды учебной работы | Z23: Итого
C24: Чтение лекций | D24: Проведение семинаров | E24: Проведение практ., лаборатор. занятий | F24: Проведение игр и учений | G24: Прием зачетов | H24: Прием экзаменов | I24: Прием государственных экзаменов | J24: Прием защиты выпускных квалификационных работ | K24: Прием вступительних экзаменов, входного, выходного контроля | L24: Всего учебной работы по расписанию | M24: План на полугодие | N24: Проведение консультаций | O24: Руководство практикой | P24: Руководство курсовыми работами, включая их защиту | Q24: Руководство выпускными квалификационными работами | R24: Научное руководство адъюнктими, соискателями | S24: Проверка практикумов | T24: Проверка практ., лабор., контр. работ и контр. экспертиз | U24: Рецензирование рефератов | V24: Рецензирование выпускных квалификационных работ | W24: Прием внеаудиторного чтения | X24: Всего по другим видам учебной нагрузки | Y24: План на полугодие | Z24: Выполнено учебной нагрузки | AA24: План учебной нагрузки
A25: Январь | L25: =SUM(C25:K25) -> 0 | X25: =SUM(N25:W25) -> 0 | Z25: =SUM(L25,X25) -> 0
A26: Февраль | L26: =SUM(C26:K26) -> 0 | X26: =SUM(N26:W26) -> 0 | Z26: =SUM(L26,X26) -> 0
A27: Март | L27: =SUM(C27:K27) -> 0 | X27: =SUM(N27:W27) -> 0 | Z27: =SUM(L27,X27) -> 0
A28: Апрель | L28: =SUM(C28:K28) -> 0 | X28: =SUM(N28:W28) -> 0 | Z28: =SUM(L28,X28) -> 0
A29: Май | L29: =SUM(C29:K29) -> 0 | X29: =SUM(N29:W29) -> 0 | Z29: =SUM(L29,X29) -> 0
A30: Июнь | L30: =SUM(C30:K30) -> 0 | X30: =SUM(N30:W30) -> 0 | Z30: =SUM(L30,X30) -> 0
A31: Июль | L31: =SUM(C31:K31) -> 0 | X31: =SUM(N31:W31) -> 0 | Z31: =SUM(L31,X31) -> 0
A32: Август | L32: =SUM(C32:K32) -> 0 | X32: =SUM(N32:W32) -> 0 | Z32: =SUM(L32,X32) -> 0
A33: Всего за полугодие | C33: =SUM(C25:C32) -> 0 | D33: =SUM(D25:D32) -> 0 | E33: =SUM(E25:E32) -> 0 | F33: =SUM(F25:F32) -> 0 | G33: =SUM(G25:G32) -> 0 | H33: =SUM(H25:H32) -> 0 | I33: =SUM(I25:I32) -> 0 | J33: =SUM(J25:J32) -> 0 | ... L33: =SUM(L25:L32) -> 0 | N33: =SUM(N25:N32) -> 0 | O33: =SUM(O25:O32) -> 0 | P33: =SUM(P25:P32) -> 0 | Q33: =SUM(Q25:Q32) -> 0 | R33: =SUM(R25:R32) -> 0 | S33: =SUM(S25:S32) -> 0 | T33: =SUM(T25:T32) -> 0 | U33: =SUM(U25:U32) -> 0 | ... X33: =SUM(X25:X32) -> 0 | Z33: =SUM(Z25:Z32) -> 0 | AA33: =SUM(M33,Y33) -> 0
A34: Всего за год | C34: =SUM(C12,C33) -> 0 | D34: =SUM(D12,D33) -> 0 | E34: =SUM(E12,E33) -> 0 | F34: =SUM(F12,F33) -> 0 | G34: =SUM(G12,G33) -> 0 | H34: =SUM(H12,H33) -> 0 | I34: =SUM(I12,I33) -> 0 | J34: =SUM(J12,J33) -> 0 | ... L34: =SUM(L12,L33) -> 0 | N34: =SUM(N12,N33) -> 0 | O34: =SUM(O12,O33) -> 0 | P34: =SUM(P12,P33) -> 0 | Q34: =SUM(Q12,Q33) -> 0 | R34: =SUM(R12,R33) -> 0 | S34: =SUM(S12,S33) -> 0 | T34: =SUM(T12,T33) -> 0 | U34: =SUM(U12,U33) -> 0 | ... X34: =SUM(X12,X33) -> 0 | Y34: =SUM(Y33,Y12) -> 0 | Z34: =SUM(Z33,Z12) -> 0 | AA34: =SUM(M34,Y34) -> 0
O36: Выполнение проверил
E37: подпись преподавателя | S37: подпись начальника кафедры

Sheet Р. 1.2. Нагрузка 
A1: - 12 -
A3: 1.2. УЧЕБНАЯ РАБОТА C ОБУЧАЮЩИМИСЯ ПО ЗАОЧНОЙ ФОРМЕ ОБУЧЕНИЯ
A4: 1.2.3. Учет выполнения учебной работы (1-е полугодие)
A5: Вид учебной работы Месяц | C5: Учебная работа по расписанию | N5: Другие виды учебной работы | Z5: Итого
C6: Чтение лекций | D6: Проведение семинаров | E6: Проведение практ., лаборатор. занятий | F6: Проведение игр и учений | G6: Прием зачетов | H6: Прием экзаменов | I6: Прием государственных экзаменов | J6: Прием защиты выпускных квалификационных работ | K6: Прием вступительних экзаменов, входного, выходного контроля | L6: Всего учебной работы по расписанию | M6: План на полугодие | N6: Проведение консультаций | O6: Руководство практикой | P6: Руководство курсовыми работами, включая их защиту | Q6: Руководство выпускными квалификационными работами | R6: Научное руководство адъюнктими, соискателями | S6: Проверка практикумов | T6: Проверка практ., лабор., контр. работ и контр. экспертиз | U6: Рецензирование рефератов | V6: Рецензирование выпускных квалификационных работ | W6: Прием внеаудиторного чтения | X6: Всего по другим видам учебной нагрузки | Y6: План на полугодие | Z6: Выполнено учебной нагрузки | AA6: План учебной нагрузки
A7: Сентябрь | L7: =SUM(C7:K7) -> 0 | X7: =SUM(N7:W7) -> 0 | Z7: =SUM(L7,X7) -> 0
A8: Октябрь | L8: =SUM(C8:K8) -> 0 | X8: =SUM(N8:W8) -> 0 | Z8: =SUM(L8,X8) -> 0
A9: Ноябрь | L9: =SUM(C9:K9) -> 0 | X9: =SUM(N9:W9) -> 0 | Z9: =SUM(L9,X9) -> 0
A10: Декабрь | L10: =SUM(C10:K10) -> 0 | X10: =SUM(N10:W10) -> 0 | Z10: =SUM(L10,X10) -> 0
A11: Всего за полугодие | C11: =SUM(C7:C10) -> 0 | D11: =SUM(D7:D10) -> 0 | E11: =SUM(E7:E10) -> 0 | F11: =SUM(F7:F10) -> 0 | G11: =SUM(G7:G10) -> 0 | H11: =SUM(H7:H10) -> 0 | I11: =SUM(I7:I10) -> 0 | J11: =SUM(J7:J10) -> 0 | ... L11: =SUM(L7:L10) -> 0 | N11: =SUM(N7:N10) -> 0 | O11: =SUM(O7:O10) -> 0 | P11: =SUM(P7:P10) -> 0 | Q11: =SUM(Q7:Q10) -> 0 | R11: =SUM(R7:R10) -> 0 | S11: =SUM(S7:S10) -> 0 | T11: =SUM(T7:T10) -> 0 | U11: =SUM(U7:U10) -> 0 | ... X11: =SUM(X7:X10) -> 0 | Z11: =SUM(Z7:Z10) -> 0 | AA11: =SUM(M11,Y11) -> 0
O15: Выполнение проверил
E16: подпись преподавателя | S16: подпись начальника кафедры
A19: - 13 -
A21: 1.2.3. Учет выполнения учебной работы (2-е полугодие)
A22: Вид учебной работы Месяц | C22: Учебная работа по расписанию | N22: Другие виды учебной работы | Z22: Итого
C23: Чтение лекций | D23: Проведение семинаров | E23: Проведение практ., лаборатор. занятий | F23: Проведение игр и учений | G23: Прием зачетов | H23: Прием экзаменов | I23: Прием государственных экзаменов | J23: Прием защиты выпускных квалификационных работ | K23: Прием вступительних экзаменов, входного, выходного контроля | L23: Всего учебной работы по расписанию | M23: План на полугодие | N23: Проведение консультаций | O23: Руководство практикой | P23: Руководство курсовыми работами, включая их защиту | Q23: Руководство выпускными квалификационными работами | R23: Научное руководство адъюнктими, соискателями | S23: Проверка практикумов | T23: Проверка практ., лабор., контр. работ и контр. экспертиз | U23: Рецензирование рефератов | V23: Рецензирование выпускных квалификационных работ | W23: Прием внеаудиторного чтения | X23: Всего по другим видам учебной нагрузки | Y23: План на полугодие | Z23: Выполнено учебной нагрузки | AA23: План учебной нагрузки
A24: Январь | L24: =SUM(C24:K24) -> 0 | X24: =SUM(N24:W24) -> 0 | Z24: =SUM(L24,X24) -> 0
A25: Февраль | L25: =SUM(C25:K25) -> 0 | X25: =SUM(N25:W25) -> 0 | Z25: =SUM(L25,X25) -> 0
A26: Март | L26: =SUM(C26:K26) -> 0 | X26: =SUM(N26:W26) -> 0 | Z26: =SUM(L26,X26) -> 0
A27: Апрель | L27: =SUM(C27:K27) -> 0 | X27: =SUM(N27:W27) -> 0 | Z27: =SUM(L27,X27) -> 0
A28: Май | L28: =SUM(C28:K28) -> 0 | X28: =SUM(N28:W28) -> 0 | Z28: =SUM(L28,X28) -> 0
A29: Июнь | L29: =SUM(C29:K29) -> 0 | X29: =SUM(N29:W29) -> 0 | Z29: =SUM(L29,X29) -> 0
A30: Июль | L30: =SUM(C30:K30) -> 0 | X30: =SUM(N30:W30) -> 0 | Z30: =SUM(L30,X30) -> 0
A31: Август | L31: =SUM(C31:K31) -> 0 | X31: =SUM(N31:W31) -> 0 | Z31: =SUM(L31,X31) -> 0
A32: Всего за полугодие | C32: =SUM(C24:C31) -> 0 | D32: =SUM(D24:D31) -> 0 | E32: =SUM(E24:E31) -> 0 | F32: =SUM(F24:F31) -> 0 | G32: =SUM(G24:G31) -> 0 | H32: =SUM(H24:H31) -> 0 | I32: =SUM(I24:I31) -> 0 | J32: =SUM(J24:J31) -> 0 | ... L32: =SUM(L24:L31) -> 0 | N32: =SUM(N24:N31) -> 0 | O32: =SUM(O24:O31) -> 0 | P32: =SUM(P24:P31) -> 0 | Q32: =SUM(Q24:Q31) -> 0 | R32: =SUM(R24:R31) -> 0 | S32: =SUM(S24:S31) -> 0 | T32: =SUM(T24:T31) -> 0 | U32: =SUM(U24:U31) -> 0 | ... X32: =SUM(X24:X31) -> 0 | Z32: =SUM(Z24:Z31) -> 0 | AA32: =SUM(M32,Y32) -> 0
A33: Всего за год | C33: =SUM(C11,C32) -> 0 | D33: =SUM(D11,D32) -> 0 | E33: =SUM(E11,E32) -> 0 | F33: =SUM(F11,F32) -> 0 | G33: =SUM(G11,G32) -> 0 | H33: =SUM(H11,H32) -> 0 | I33: =SUM(I11,I32) -> 0 | J33: =SUM(J11,J32) -> 0 | ... X33: =SUM(X11,X32) -> 0 | Y33: =SUM(Y32) -> 0 | Z33: =SUM(Z11,Z32) -> 0 | AA33: =SUM(M33,Y33) -> 0
O35: Выполнение проверил
E36: подпись преподавателя | S36: подпись начальника кафедры

Sheet Р. 1.3. Нагрузка 
A1: - 14 -
A3: 1.3. УЧЕБНАЯ РАБОТА С СОТРУДНИКАМИ ПРОХОДЯЩИМИ ПОВЫШЕНИЕ КВАЛИФИКАЦИИ И ПЕРЕПОДГОТОВКУ
A4: 1.3.3. Учет выполнения учебной работы (1-е полугодие)
A5: Вид учебной работы Месяц | C5: Учебная работа по расписанию | N5: Другие виды учебной работы | Z5: Итого
C6: Чтение лекций | D6: Проведение семинаров | E6: Проведение практ., лаборатор. занятий | F6: Проведение игр и учений | G6: Прием зачетов | H6: Прием экзаменов | I6: Прием государственных экзаменов | J6: Прием защиты выпускных квалификационных работ | K6: Прием вступительних экзаменов, входного, выходного контроля | L6: Всего учебной работы по расписанию | M6: План на полугодие | N6: Проведение консультаций | O6: Руководство практикой | P6: Руководство курсовыми работами, включая их защиту | Q6: Руководство выпускными квалификационными работами | R6: Научное руководство адъюнктими, соискателями | S6: Проверка практикумов | T6: Проверка практ., лабор., контр. работ и контр. экспертиз | U6: Рецензирование рефератов | V6: Рецензирование выпускных квалификационных работ | W6: Прием внеаудиторного чтения | X6: Всего по другим видам учебной нагрузки | Y6: План на полугодие | Z6: Выполнено учебной нагрузки | AA6: План учебной нагрузки
A7: Сентябрь | L7: =SUM(C7:K7) -> 0 | X7: =SUM(N7:W7) -> 0 | Z7: =SUM(L7,X7) -> 0
A8: Октябрь | L8: =SUM(C8:K8) -> 0 | X8: =SUM(N8:W8) -> 0 | Z8: =SUM(L8,X8) -> 0
A9: Ноябрь | L9: =SUM(C9:K9) -> 0 | X9: =SUM(N9:W9) -> 0 | Z9: =SUM(L9,X9) -> 0
A10: Декабрь | L10: =SUM(C10:K10) -> 0 | X10: =SUM(N10:W10) -> 0 | Z10: =SUM(L10,X10) -> 0
A11: Всего за полугодие | C11: =SUM(C7:C10) -> 0 | D11: =SUM(D7:D10) -> 0 | E11: =SUM(E7:E10) -> 0 | F11: =SUM(F7:F10) -> 0 | G11: =SUM(G7:G10) -> 0 | H11: =SUM(H7:H10) -> 0 | I11: =SUM(I7:I10) -> 0 | J11: =SUM(J7:J10) -> 0 | ... L11: =SUM(L7:L10) -> 0 | N11: =SUM(N7:N10) -> 0 | O11: =SUM(O7:O10) -> 0 | P11: =SUM(P7:P10) -> 0 | Q11: =SUM(Q7:Q10) -> 0 | R11: =SUM(R7:R10) -> 0 | S11: =SUM(S7:S10) -> 0 | T11: =SUM(T7:T10) -> 0 | U11: =SUM(U7:U10) -> 0 | ... X11: =SUM(X7:X10) -> 0 | Z11: =SUM(Z7:Z10) -> 0 | AA11: =SUM(M11,Y11) -> 0
O15: Выполнение проверил
E16: подпись преподавателя | S16: подпись начальника кафедры
A19: - 15 -
A21: 1.3.3. Учет выполнения учебной работы (2-е полугодие)
A22: Вид учебной работы Месяц | C22: Учебная работа по расписанию | N22: Другие виды учебной работы | Z22: Итого
C23: Чтение лекций | D23: Проведение семинаров | E23: Проведение практ., лаборатор. занятий | F23: Проведение игр и учений | G23: Прием зачетов | H23: Прием экзаменов | I23: Прием государственных экзаменов | J23: Прием защиты выпускных квалификационных работ | K23: Прием вступительних экзаменов, входного, выходного контроля | L23: Всего учебной работы по расписанию | M23: План на полугодие | N23: Проведение консультаций | O23: Руководство практикой | P23: Руководство курсовыми работами, включая их защиту | Q23: Руководство выпускными квалификационными работами | R23: Научное руководство адъюнктими, соискателями | S23: Проверка практикумов | T23: Проверка практ., лабор., контр. работ и контр. экспертиз | U23: Рецензирование рефератов | V23: Рецензирование выпускных квалификационных работ | W23: Прием внеаудиторного чтения | X23: Всего по другим видам учебной нагрузки | Y23: План на полугодие | Z23: Выполнено учебной нагрузки | AA23: План учебной нагрузки
A24: Январь | L24: =SUM(C24:K24) -> 0 | X24: =SUM(N24:W24) -> 0 | Z24: =SUM(L24,X24) -> 0
A25: Февраль | L25: =SUM(C25:K25) -> 0 | X25: =SUM(N25:W25) -> 0 | Z25: =SUM(L25,X25) -> 0
A26: Март | L26: =SUM(C26:K26) -> 0 | X26: =SUM(N26:W26) -> 0 | Z26: =SUM(L26,X26) -> 0
A27: Апрель | L27: =SUM(C27:K27) -> 0 | X27: =SUM(N27:W27) -> 0 | Z27: =SUM(L27,X27) -> 0
A28: Май | L28: =SUM(C28:K28) -> 0 | X28: =SUM(N28:W28) -> 0 | Z28: =SUM(L28,X28) -> 0
A29: Июнь | L29: =SUM(C29:K29) -> 0 | X29: =SUM(N29:W29) -> 0 | Z29: =SUM(L29,X29) -> 0
A30: Июль | L30: =SUM(C30:K30) -> 0 | X30: =SUM(N30:W30) -> 0 | Z30: =SUM(L30,X30) -> 0
A31: Август | L31: =SUM(C31:K31) -> 0 | X31: =SUM(N31:W31) -> 0 | Z31: =SUM(L31,X31) -> 0
A32: Всего за полугодие | C32: =SUM(C24:C31) -> 0 | D32: =SUM(D24:D31) -> 0 | E32: =SUM(E24:E31) -> 0 | F32: =SUM(F24:F31) -> 0 | G32: =SUM(G24:G31) -> 0 | H32: =SUM(H24:H31) -> 0 | I32: =SUM(I24:I31) -> 0 | J32: =SUM(J24:J31) -> 0 | ... L32: =SUM(L24:L31) -> 0 | N32: =SUM(N24:N31) -> 0 | O32: =SUM(O24:O31) -> 0 | P32: =SUM(P24:P31) -> 0 | Q32: =SUM(Q24:Q31) -> 0 | R32: =SUM(R24:R31) -> 0 | S32: =SUM(S24:S31) -> 0 | T32: =SUM(T24:T31) -> 0 | U32: =SUM(U24:U31) -> 0 | ... X32: =SUM(X24:X31) -> 0 | Z32: =SUM(Z24:Z31) -> 0 | AA32: =SUM(M32,Y32) -> 0
A33: Всего за год | C33: =SUM(C11,C32) -> 0 | D33: =SUM(D11,D32) -> 0 | E33: =SUM(E11,E32) -> 0 | F33: =SUM(F11,F32) -> 0 | G33: =SUM(G11,G32) -> 0 | H33: =SUM(H11,H32) -> 0 | I33: =SUM(I11,I32) -> 0 | J33: =SUM(J11,J32) -> 0 | ... X33: =SUM(X11,X32) -> 0 | Y33: =SUM(Y32) -> 0 | Z33: =SUM(Z11,Z32) -> 0 | AA33: =SUM(M33,Y33) -> 0
O35: Выполнение проверил
E36: подпись преподавателя | S36: подпись начальника кафедры

Sheet Р. 1.4. Нагрузка 
A1: - 16 -
A3: 1.4. УЧЕБНАЯ РАБОТА С СОТРУДНИКАМИ ОБУЧАЮЩИМИСЯ ПО ПРОГРАММАМ ПРОФЕССИОНАЛЬНОЙ ПОДГОТОВКИ
A4: 1.4.3. Учет выполнения учебной работы (1-е полугодие)
A5: Вид учебной работы Месяц | C5: Учебная работа по расписанию | N5: Другие виды учебной работы | Z5: Итого
C6: Чтение лекций | D6: Проведение семинаров | E6: Проведение практ., лаборатор. занятий | F6: Проведение игр и учений | G6: Прием зачетов | H6: Прием экзаменов | I6: Прием государственных экзаменов | J6: Прием защиты выпускных квалификационных работ | K6: Прием вступительних экзаменов, входного, выходного контроля | L6: Всего учебной работы по расписанию | M6: План на полугодие | N6: Проведение консультаций | O6: Руководство практикой | P6: Руководство курсовыми работами, включая их защиту | Q6: Руководство выпускными квалификационными работами | R6: Научное руководство адъюнктими, соискателями | S6: Проверка практикумов | T6: Проверка практ., лабор., контр. работ и контр. экспертиз | U6: Рецензирование рефератов | V6: Рецензирование выпускных квалификационных работ | W6: Прием внеаудиторного чтения | X6: Всего по другим видам учебной нагрузки | Y6: План на полугодие | Z6: Выполнено учебной нагрузки | AA6: План учебной нагрузки
A7: Сентябрь | L7: =SUM(C7:K7) -> 0 | X7: =SUM(N7:W7) -> 0 | Z7: =SUM(L7,X7) -> 0
A8: Октябрь | L8: =SUM(C8:K8) -> 0 | X8: =SUM(N8:W8) -> 0 | Z8: =SUM(L8,X8) -> 0
A9: Ноябрь | L9: =SUM(C9:K9) -> 0 | X9: =SUM(N9:W9) -> 0 | Z9: =SUM(L9,X9) -> 0
A10: Декабрь | L10: =SUM(C10:K10) -> 0 | X10: =SUM(N10:W10) -> 0 | Z10: =SUM(L10,X10) -> 0
A11: Всего за полугодие | C11: =SUM(C7:C10) -> 0 | D11: =SUM(D7:D10) -> 0 | E11: =SUM(E7:E10) -> 0 | F11: =SUM(F7:F10) -> 0 | G11: =SUM(G7:G10) -> 0 | H11: =SUM(H7:H10) -> 0 | I11: =SUM(I7:I10) -> 0 | J11: =SUM(J7:J10) -> 0 | ... L11: =SUM(L7:L10) -> 0 | N11: =SUM(N7:N10) -> 0 | O11: =SUM(O7:O10) -> 0 | P11: =SUM(P7:P10) -> 0 | Q11: =SUM(Q7:Q10) -> 0 | R11: =SUM(R7:R10) -> 0 | S11: =SUM(S7:S10) -> 0 | T11: =SUM(T7:T10) -> 0 | U11: =SUM(U7:U10) -> 0 | ... X11: =SUM(X7:X10) -> 0 | Z11: =SUM(Z7:Z10) -> 0 | AA11: =SUM(M11,Y11) -> 0
O15: Выполнение проверил
E16: подпись преподавателя | S16: подпись начальника кафедры
A19: - 17 -
A21: 1.4.3. Учет выполнения учебной работы (2-е полугодие)
A22: Вид учебной работы Месяц | C22: Учебная работа по расписанию | N22: Другие виды учебной работы | Z22: Итого
C23: Чтение лекций | D23: Проведение семинаров | E23: Проведение практ., лаборатор. занятий | F23: Проведение игр и учений | G23: Прием зачетов | H23: Прием экзаменов | I23: Прием государственных экзаменов | J23: Прием защиты выпускных квалификационных работ | K23: Прием вступительних экзаменов, входного, выходного контроля | L23: Всего учебной работы по расписанию | M23: План на полугодие | N23: Проведение консультаций | O23: Руководство практикой | P23: Руководство курсовыми работами, включая их защиту | Q23: Руководство выпускными квалификационными работами | R23: Научное руководство адъюнктими, соискателями | S23: Проверка практикумов | T23: Проверка практ., лабор., контр. работ и контр. экспертиз | U23: Рецензирование рефератов | V23: Рецензирование выпускных квалификационных работ | W23: Прием внеаудиторного чтения | X23: Всего по другим видам учебной нагрузки | Y23: План на полугодие | Z23: Выполнено учебной нагрузки | AA23: План учебной нагрузки
A24: Январь | L24: =SUM(C24:K24) -> 0 | X24: =SUM(N24:W24) -> 0 | Z24: =SUM(L24,X24) -> 0
A25: Февраль | L25: =SUM(C25:K25) -> 0 | X25: =SUM(N25:W25) -> 0 | Z25: =SUM(L25,X25) -> 0
A26: Март | L26: =SUM(C26:K26) -> 0 | X26: =SUM(N26:W26) -> 0 | Z26: =SUM(L26,X26) -> 0
A27: Апрель | L27: =SUM(C27:K27) -> 0 | X27: =SUM(N27:W27) -> 0 | Z27: =SUM(L27,X27) -> 0
A28: Май | L28: =SUM(C28:K28) -> 0 | X28: =SUM(N28:W28) -> 0 | Z28: =SUM(L28,X28) -> 0
A29: Июнь | L29: =SUM(C29:K29) -> 0 | X29: =SUM(N29:W29) -> 0 | Z29: =SUM(L29,X29) -> 0
A30: Июль | L30: =SUM(C30:K30) -> 0 | X30: =SUM(N30:W30) -> 0 | Z30: =SUM(L30,X30) -> 0
A31: Август | L31: =SUM(C31:K31) -> 0 | X31: =SUM(N31:W31) -> 0 | Z31: =SUM(L31,X31) -> 0
A32: Всего за полугодие | C32: =SUM(C24:C31) -> 0 | D32: =SUM(D24:D31) -> 0 | E32: =SUM(E24:E31) -> 0 | F32: =SUM(F24:F31) -> 0 | G32: =SUM(G24:G31) -> 0 | H32: =SUM(H24:H31) -> 0 | I32: =SUM(I24:I31) -> 0 | J32: =SUM(J24:J31) -> 0 | ... L32: =SUM(L24:L31) -> 0 | N32: =SUM(N24:N31) -> 0 | O32: =SUM(O24:O31) -> 0 | P32: =SUM(P24:P31) -> 0 | Q32: =SUM(Q24:Q31) -> 0 | R32: =SUM(R24:R31) -> 0 | S32: =SUM(S24:S31) -> 0 | T32: =SUM(T24:T31) -> 0 | U32: =SUM(U24:U31) -> 0 | ... X32: =SUM(X24:X31) -> 0 | Z32: =SUM(Z24:Z31) -> 0 | AA32: =SUM(M32,Y32) -> 0
A33: Всего за год | C33: =SUM(C11,C32) -> 0 | D33: =SUM(D11,D32) -> 0 | E33: =SUM(E11,E32) -> 0 | F33: =SUM(F11,F32) -> 0 | G33: =SUM(G11,G32) -> 0 | H33: =SUM(H11,H32) -> 0 | I33: =SUM(I11,I32) -> 0 | J33: =SUM(J11,J32) -> 0 | ... X33: =SUM(X11,X32) -> 0 | Y33: =SUM(Y32) -> 0 | Z33: =SUM(Z11,Z32) -> 0 | AA33: =SUM(M33,Y33) -> 0
O35: Выполнение проверил
E36: подпись преподавателя | S36: подпись начальника кафедры

Sheet Раздел 2.1
A1: - 18 -
A3: II. МЕТОДИЧЕСКАЯ РАБОТА
A4: 2.1. МЕТОДИЧЕСКОЕ ОБЕСПЕЧЕНИЕ ДЕЯТЕЛЬНОСТИ КАФЕДРЫ
A5: 1-е полугодие
A6: № п/п | B6: Индекс | C6: Наименование вида работ | F6: Количество часов по | I6: Срок выполнения | J6: Отметка о выполнении
F7: плану | H7: факту
A8: =IF(B8="","",MAX($A$5:A5)+1) | B8: =IF(C8="","",IF(ISERROR(VLOOKUP(C8,$C$153:$I$304,2,0)),"",VLOOKUP(C8,$C$153:$I$304,2,0))) | E8: =IF(C8="","",IF(ISERROR(VLOOKUP(C8,$C$153:$I$304,3,0)),"",IF(VLOOKUP(C8,$C$153:$I$304,3,0)="","",VLOOKUP(C8,$C$153:$I$304,3,0)))) | F8: =IF(G8=0,IF(C8=$C$183,$H$183+(D6-$I$183)*$F$183,IF(C8=$C$196,$H$196+(D8-$I$196)*$F$196,IF(C8="","",IF(ISERROR(VLOOKUP(C8,$C$153:$I$304,2,0)),"",IF(D8=0,IF(VLOOKUP(C8,$C$153:$I$304,4,0)=0,VLOOKUP(C8,$C$153:$I$304,6,0),VLOOKUP(C8,$C$153:$I$304,4,0)),IF(VLOOKUP(C8,$C$153:$I$304,6,0)=0,D8*VLOOKUP(C8,$C$153:$I$304,4,0),IF(D8*VLOOKUP(C8,$C$153:$I$304,4,0)>VLOOKUP(C8,$C$153:$I$304,6,0),VLOOKUP(C8,$C$153:$I$304,6,0),D8*VLOOKUP(C8,$C$153:$I$304,4,0)))))))),"")
A9: =IF(B9="","",MAX($A$5:A6)+1) | B9: =IF(C9="","",IF(ISERROR(VLOOKUP(C9,$C$153:$I$304,2,0)),"",VLOOKUP(C9,$C$153:$I$304,2,0))) | E9: =IF(C9="","",IF(ISERROR(VLOOKUP(C9,$C$153:$I$304,3,0)),"",IF(VLOOKUP(C9,$C$153:$I$304,3,0)="","",VLOOKUP(C9,$C$153:$I$304,3,0)))) | F9: =IF(G9=0,IF(C9=$C$183,$H$183+(D7-$I$183)*$F$183,IF(C9=$C$196,$H$196+(D9-$I$196)*$F$196,IF(C9="","",IF(ISERROR(VLOOKUP(C9,$C$153:$I$304,2,0)),"",IF(D9=0,IF(VLOOKUP(C9,$C$153:$I$304,4,0)=0,VLOOKUP(C9,$C$153:$I$304,6,0),VLOOKUP(C9,$C$153:$I$304,4,0)),IF(VLOOKUP(C9,$C$153:$I$304,6,0)=0,D9*VLOOKUP(C9,$C$153:$I$304,4,0),IF(D9*VLOOKUP(C9,$C$153:$I$304,4,0)>VLOOKUP(C9,$C$153:$I$304,6,0),VLOOKUP(C9,$C$153:$I$304,6,0),D9*VLOOKUP(C9,$C$153:$I$304,4,0)))))))),"")
A10: =IF(B10="","",MAX($A$5:A7)+1) | B10: =IF(C10="","",IF(ISERROR(VLOOKUP(C10,$C$153:$I$304,2,0)),"",VLOOKUP(C10,$C$153:$I$304,2,0))) | E10: =IF(C10="","",IF(ISERROR(VLOOKUP(C10,$C$153:$I$304,3,0)),"",IF(VLOOKUP(C10,$C$153:$I$304,3,0)="","",VLOOKUP(C10,$C$153:$I$304,3,0)))) | F10: =IF(G10=0,IF(C10=$C$183,$H$183+(D8-$I$183)*$F$183,IF(C10=$C$196,$H$196+(D10-$I$196)*$F$196,IF(C10="","",IF(ISERROR(VLOOKUP(C10,$C$153:$I$304,2,0)),"",IF(D10=0,IF(VLOOKUP(C10,$C$153:$I$304,4,0)=0,VLOOKUP(C10,$C$153:$I$304,6,0),VLOOKUP(C10,$C$153:$I$304,4,0)),IF(VLOOKUP(C10,$C$153:$I$304,6,0)=0,D10*VLOOKUP(C10,$C$153:$I$304,4,0),IF(D10*VLOOKUP(C10,$C$153:$I$304,4,0)>VLOOKUP(C10,$C$153:$I$304,6,0),VLOOKUP(C10,$C$153:$I$304,6,0),D10*VLOOKUP(C10,$C$153:$I$304,4,0)))))))),"")
A11: =IF(B11="","",MAX($A$5:A8)+1) | B11: =IF(C11="","",IF(ISERROR(VLOOKUP(C11,$C$153:$I$304,2,0)),"",VLOOKUP(C11,$C$153:$I$304,2,0))) | E11: =IF(C11="","",IF(ISERROR(VLOOKUP(C11,$C$153:$I$304,3,0)),"",IF(VLOOKUP(C11,$C$153:$I$304,3,0)="","",VLOOKUP(C11,$C$153:$I$304,3,0)))) | F11: =IF(G11=0,IF(C11=$C$183,$H$183+(D9-$I$183)*$F$183,IF(C11=$C$196,$H$196+(D11-$I$196)*$F$196,IF(C11="","",IF(ISERROR(VLOOKUP(C11,$C$153:$I$304,2,0)),"",IF(D11=0,IF(VLOOKUP(C11,$C$153:$I$304,4,0)=0,VLOOKUP(C11,$C$153:$I$304,6,0),VLOOKUP(C11,$C$153:$I$304,4,0)),IF(VLOOKUP(C11,$C$153:$I$304,6,0)=0,D11*VLOOKUP(C11,$C$153:$I$304,4,0),IF(D11*VLOOKUP(C11,$C$153:$I$304,4,0)>VLOOKUP(C11,$C$153:$I$304,6,0),VLOOKUP(C11,$C$153:$I$304,6,0),D11*VLOOKUP(C11,$C$153:$I$304,4,0)))))))),"")
A12: =IF(B12="","",MAX($A$5:A9)+1) | B12: =IF(C12="","",IF(ISERROR(VLOOKUP(C12,$C$153:$I$304,2,0)),"",VLOOKUP(C12,$C$153:$I$304,2,0))) | E12: =IF(C12="","",IF(ISERROR(VLOOKUP(C12,$C$153:$I$304,3,0)),"",IF(VLOOKUP(C12,$C$153:$I$304,3,0)="","",VLOOKUP(C12,$C$153:$I$304,3,0)))) | F12: =IF(G12=0,IF(C12=$C$183,$H$183+(D10-$I$183)*$F$183,IF(C12=$C$196,$H$196+(D12-$I$196)*$F$196,IF(C12="","",IF(ISERROR(VLOOKUP(C12,$C$153:$I$304,2,0)),"",IF(D12=0,IF(VLOOKUP(C12,$C$153:$I$304,4,0)=0,VLOOKUP(C12,$C$153:$I$304,6,0),VLOOKUP(C12,$C$153:$I$304,4,0)),IF(VLOOKUP(C12,$C$153:$I$304,6,0)=0,D12*VLOOKUP(C12,$C$153:$I$304,4,0),IF(D12*VLOOKUP(C12,$C$153:$I$304,4,0)>VLOOKUP(C12,$C$153:$I$304,6,0),VLOOKUP(C12,$C$153:$I$304,6,0),D12*VLOOKUP(C12,$C$153:$I$304,4,0)))))))),"")
A13: =IF(B13="","",MAX($A$5:A10)+1) | B13: =IF(C13="","",IF(ISERROR(VLOOKUP(C13,$C$153:$I$304,2,0)),"",VLOOKUP(C13,$C$153:$I$304,2,0))) | E13: =IF(C13="","",IF(ISERROR(VLOOKUP(C13,$C$153:$I$304,3,0)),"",IF(VLOOKUP(C13,$C$153:$I$304,3,0)="","",VLOOKUP(C13,$C$153:$I$304,3,0)))) | F13: =IF(G13=0,IF(C13=$C$183,$H$183+(D11-$I$183)*$F$183,IF(C13=$C$196,$H$196+(D13-$I$196)*$F$196,IF(C13="","",IF(ISERROR(VLOOKUP(C13,$C$153:$I$304,2,0)),"",IF(D13=0,IF(VLOOKUP(C13,$C$153:$I$304,4,0)=0,VLOOKUP(C13,$C$153:$I$304,6,0),VLOOKUP(C13,$C$153:$I$304,4,0)),IF(VLOOKUP(C13,$C$153:$I$304,6,0)=0,D13*VLOOKUP(C13,$C$153:$I$304,4,0),IF(D13*VLOOKUP(C13,$C$153:$I$304,4,0)>VLOOKUP(C13,$C$153:$I$304,6,0),VLOOKUP(C13,$C$153:$I$304,6,0),D13*VLOOKUP(C13,$C$153:$I$304,4,0)))))))),"")
A14: =IF(B14="","",MAX($A$5:A11)+1) | B14: =IF(C14="","",IF(ISERROR(VLOOKUP(C14,$C$153:$I$304,2,0)),"",VLOOKUP(C14,$C$153:$I$304,2,0))) | E14: =IF(C14="","",IF(ISERROR(VLOOKUP(C14,$C$153:$I$304,3,0)),"",IF(VLOOKUP(C14,$C$153:$I$304,3,0)="","",VLOOKUP(C14,$C$153:$I$304,3,0)))) | F14: =IF(G14=0,IF(C14=$C$183,$H$183+(D12-$I$183)*$F$183,IF(C14=$C$196,$H$196+(D14-$I$196)*$F$196,IF(C14="","",IF(ISERROR(VLOOKUP(C14,$C$153:$I$304,2,0)),"",IF(D14=0,IF(VLOOKUP(C14,$C$153:$I$304,4,0)=0,VLOOKUP(C14,$C$153:$I$304,6,0),VLOOKUP(C14,$C$153:$I$304,4,0)),IF(VLOOKUP(C14,$C$153:$I$304,6,0)=0,D14*VLOOKUP(C14,$C$153:$I$304,4,0),IF(D14*VLOOKUP(C14,$C$153:$I$304,4,0)>VLOOKUP(C14,$C$153:$I$304,6,0),VLOOKUP(C14,$C$153:$I$304,6,0),D14*VLOOKUP(C14,$C$153:$I$304,4,0)))))))),"")
A15: =IF(B15="","",MAX($A$5:A12)+1) | B15: =IF(C15="","",IF(ISERROR(VLOOKUP(C15,$C$153:$I$304,2,0)),"",VLOOKUP(C15,$C$153:$I$304,2,0))) | E15: =IF(C15="","",IF(ISERROR(VLOOKUP(C15,$C$153:$I$304,3,0)),"",IF(VLOOKUP(C15,$C$153:$I$304,3,0)="","",VLOOKUP(C15,$C$153:$I$304,3,0)))) | F15: =IF(G15=0,IF(C15=$C$183,$H$183+(D13-$I$183)*$F$183,IF(C15=$C$196,$H$196+(D15-$I$196)*$F$196,IF(C15="","",IF(ISERROR(VLOOKUP(C15,$C$153:$I$304,2,0)),"",IF(D15=0,IF(VLOOKUP(C15,$C$153:$I$304,4,0)=0,VLOOKUP(C15,$C$153:$I$304,6,0),VLOOKUP(C15,$C$153:$I$304,4,0)),IF(VLOOKUP(C15,$C$153:$I$304,6,0)=0,D15*VLOOKUP(C15,$C$153:$I$304,4,0),IF(D15*VLOOKUP(C15,$C$153:$I$304,4,0)>VLOOKUP(C15,$C$153:$I$304,6,0),VLOOKUP(C15,$C$153:$I$304,6,0),D15*VLOOKUP(C15,$C$153:$I$304,4,0)))))))),"")
A16: =IF(B16="","",MAX($A$5:A13)+1) | B16: =IF(C16="","",IF(ISERROR(VLOOKUP(C16,$C$153:$I$304,2,0)),"",VLOOKUP(C16,$C$153:$I$304,2,0))) | E16: =IF(C16="","",IF(ISERROR(VLOOKUP(C16,$C$153:$I$304,3,0)),"",IF(VLOOKUP(C16,$C$153:$I$304,3,0)="","",VLOOKUP(C16,$C$153:$I$304,3,0)))) | F16: =IF(G16=0,IF(C16=$C$183,$H$183+(D14-$I$183)*$F$183,IF(C16=$C$196,$H$196+(D16-$I$196)*$F$196,IF(C16="","",IF(ISERROR(VLOOKUP(C16,$C$153:$I$304,2,0)),"",IF(D16=0,IF(VLOOKUP(C16,$C$153:$I$304,4,0)=0,VLOOKUP(C16,$C$153:$I$304,6,0),VLOOKUP(C16,$C$153:$I$304,4,0)),IF(VLOOKUP(C16,$C$153:$I$304,6,0)=0,D16*VLOOKUP(C16,$C$153:$I$304,4,0),IF(D16*VLOOKUP(C16,$C$153:$I$304,4,0)>VLOOKUP(C16,$C$153:$I$304,6,0),VLOOKUP(C16,$C$153:$I$304,6,0),D16*VLOOKUP(C16,$C$153:$I$304,4,0)))))))),"")
A17: =IF(B17="","",MAX($A$5:A14)+1) | B17: =IF(C17="","",IF(ISERROR(VLOOKUP(C17,$C$153:$I$304,2,0)),"",VLOOKUP(C17,$C$153:$I$304,2,0))) | E17: =IF(C17="","",IF(ISERROR(VLOOKUP(C17,$C$153:$I$304,3,0)),"",IF(VLOOKUP(C17,$C$153:$I$304,3,0)="","",VLOOKUP(C17,$C$153:$I$304,3,0)))) | F17: =IF(G17=0,IF(C17=$C$183,$H$183+(D15-$I$183)*$F$183,IF(C17=$C$196,$H$196+(D17-$I$196)*$F$196,IF(C17="","",IF(ISERROR(VLOOKUP(C17,$C$153:$I$304,2,0)),"",IF(D17=0,IF(VLOOKUP(C17,$C$153:$I$304,4,0)=0,VLOOKUP(C17,$C$153:$I$304,6,0),VLOOKUP(C17,$C$153:$I$304,4,0)),IF(VLOOKUP(C17,$C$153:$I$304,6,0)=0,D17*VLOOKUP(C17,$C$153:$I$304,4,0),IF(D17*VLOOKUP(C17,$C$153:$I$304,4,0)>VLOOKUP(C17,$C$153:$I$304,6,0),VLOOKUP(C17,$C$153:$I$304,6,0),D17*VLOOKUP(C17,$C$153:$I$304,4,0)))))))),"")
A18: =IF(B18="","",MAX($A$5:A15)+1) | B18: =IF(C18="","",IF(ISERROR(VLOOKUP(C18,$C$153:$I$304,2,0)),"",VLOOKUP(C18,$C$153:$I$304,2,0))) | E18: =IF(C18="","",IF(ISERROR(VLOOKUP(C18,$C$153:$I$304,3,0)),"",IF(VLOOKUP(C18,$C$153:$I$304,3,0)="","",VLOOKUP(C18,$C$153:$I$304,3,0)))) | F18: =IF(G18=0,IF(C18=$C$183,$H$183+(D16-$I$183)*$F$183,IF(C18=$C$196,$H$196+(D18-$I$196)*$F$196,IF(C18="","",IF(ISERROR(VLOOKUP(C18,$C$153:$I$304,2,0)),"",IF(D18=0,IF(VLOOKUP(C18,$C$153:$I$304,4,0)=0,VLOOKUP(C18,$C$153:$I$304,6,0),VLOOKUP(C18,$C$153:$I$304,4,0)),IF(VLOOKUP(C18,$C$153:$I$304,6,0)=0,D18*VLOOKUP(C18,$C$153:$I$304,4,0),IF(D18*VLOOKUP(C18,$C$153:$I$304,4,0)>VLOOKUP(C18,$C$153:$I$304,6,0),VLOOKUP(C18,$C$153:$I$304,6,0),D18*VLOOKUP(C18,$C$153:$I$304,4,0)))))))),"")
A19: =IF(B19="","",MAX($A$5:A16)+1) | B19: =IF(C19="","",IF(ISERROR(VLOOKUP(C19,$C$153:$I$304,2,0)),"",VLOOKUP(C19,$C$153:$I$304,2,0))) | E19: =IF(C19="","",IF(ISERROR(VLOOKUP(C19,$C$153:$I$304,3,0)),"",IF(VLOOKUP(C19,$C$153:$I$304,3,0)="","",VLOOKUP(C19,$C$153:$I$304,3,0)))) | F19: =IF(G19=0,IF(C19=$C$183,$H$183+(D17-$I$183)*$F$183,IF(C19=$C$196,$H$196+(D19-$I$196)*$F$196,IF(C19="","",IF(ISERROR(VLOOKUP(C19,$C$153:$I$304,2,0)),"",IF(D19=0,IF(VLOOKUP(C19,$C$153:$I$304,4,0)=0,VLOOKUP(C19,$C$153:$I$304,6,0),VLOOKUP(C19,$C$153:$I$304,4,0)),IF(VLOOKUP(C19,$C$153:$I$304,6,0)=0,D19*VLOOKUP(C19,$C$153:$I$304,4,0),IF(D19*VLOOKUP(C19,$C$153:$I$304,4,0)>VLOOKUP(C19,$C$153:$I$304,6,0),VLOOKUP(C19,$C$153:$I$304,6,0),D19*VLOOKUP(C19,$C$153:$I$304,4,0)))))))),"")
... A33: =IF(B33="","",MAX($A$5:A30)+1) | B33: =IF(C33="","",IF(ISERROR(VLOOKUP(C33,$C$153:$I$304,2,0)),"",VLOOKUP(C33,$C$153:$I$304,2,0))) | E33: =IF(C33="","",IF(ISERROR(VLOOKUP(C33,$C$153:$I$304,3,0)),"",IF(VLOOKUP(C33,$C$153:$I$304,3,0)="","",VLOOKUP(C33,$C$153:$I$304,3,0)))) | F33: =IF(G33=0,IF(C33=$C$183,$H$183+(D31-$I$183)*$F$183,IF(C33=$C$196,$H$196+(D33-$I$196)*$F$196,IF(C33="","",IF(ISERROR(VLOOKUP(C33,$C$153:$I$304,2,0)),"",IF(D33=0,IF(VLOOKUP(C33,$C$153:$I$304,4,0)=0,VLOOKUP(C33,$C$153:$I$304,6,0),VLOOKUP(C33,$C$153:$I$304,4,0)),IF(VLOOKUP(C33,$C$153:$I$304,6,0)=0,D33*VLOOKUP(C33,$C$153:$I$304,4,0),IF(D33*VLOOKUP(C33,$C$153:$I$304,4,0)>VLOOKUP(C33,$C$153:$I$304,6,0),VLOOKUP(C33,$C$153:$I$304,6,0),D33*VLOOKUP(C33,$C$153:$I$304,4,0)))))))),"")
A35: - 19 -
A37: № п/п | B37: Индекс | C37: Наименование вида работ | F37: Количество часов по | I37: Срок выполнения | J37: Отметка о выполнении
F38: плану | H38: факту
A39: =IF(B39="","",MAX($A$5:A38)+1) | B39: =IF(C39="","",IF(ISERROR(VLOOKUP(C39,$C$153:$I$304,2,0)),"",VLOOKUP(C39,$C$153:$I$304,2,0))) | E39: =IF(C39="","",IF(ISERROR(VLOOKUP(C39,$C$153:$I$304,3,0)),"",IF(VLOOKUP(C39,$C$153:$I$304,3,0)="","",VLOOKUP(C39,$C$153:$I$304,3,0)))) | F39: =IF(G39=0,IF(C39=$C$183,$H$183+(D39-$I$183)*$F$183,IF(C39=$C$196,$H$196+(D39-$I$196)*$F$196,IF(C39="","",IF(ISERROR(VLOOKUP(C39,$C$153:$I$304,2,0)),"",IF(D39=0,IF(VLOOKUP(C39,$C$153:$I$304,4,0)=0,VLOOKUP(C39,$C$153:$I$304,6,0),VLOOKUP(C39,$C$153:$I$304,4,0)),IF(VLOOKUP(C39,$C$153:$I$304,6,0)=0,D39*VLOOKUP(C39,$C$153:$I$304,4,0),IF(D39*VLOOKUP(C39,$C$153:$I$304,4,0)>VLOOKUP(C39,$C$153:$I$304,6,0),VLOOKUP(C39,$C$153:$I$304,6,0),D39*VLOOKUP(C39,$C$153:$I$304,4,0)))))))),"")
A40: =IF(B40="","",MAX($A$5:A39)+1) | B40: =IF(C40="","",IF(ISERROR(VLOOKUP(C40,$C$153:$I$304,2,0)),"",VLOOKUP(C40,$C$153:$I$304,2,0))) | E40: =IF(C40="","",IF(ISERROR(VLOOKUP(C40,$C$153:$I$304,3,0)),"",IF(VLOOKUP(C40,$C$153:$I$304,3,0)="","",VLOOKUP(C40,$C$153:$I$304,3,0)))) | F40: =IF(G40=0,IF(C40=$C$183,$H$183+(D40-$I$183)*$F$183,IF(C40=$C$196,$H$196+(D40-$I$196)*$F$196,IF(C40="","",IF(ISERROR(VLOOKUP(C40,$C$153:$I$304,2,0)),"",IF(D40=0,IF(VLOOKUP(C40,$C$153:$I$304,4,0)=0,VLOOKUP(C40,$C$153:$I$304,6,0),VLOOKUP(C40,$C$153:$I$304,4,0)),IF(VLOOKUP(C40,$C$153:$I$304,6,0)=0,D40*VLOOKUP(C40,$C$153:$I$304,4,0),IF(D40*VLOOKUP(C40,$C$153:$I$304,4,0)>VLOOKUP(C40,$C$153:$I$304,6,0),VLOOKUP(C40,$C$153:$I$304,6,0),D40*VLOOKUP(C40,$C$153:$I$304,4,0)))))))),"")
A41: =IF(B41="","",MAX($A$5:A40)+1) | B41: =IF(C41="","",IF(ISERROR(VLOOKUP(C41,$C$153:$I$304,2,0)),"",VLOOKUP(C41,$C$153:$I$304,2,0))) | E41: =IF(C41="","",IF(ISERROR(VLOOKUP(C41,$C$153:$I$304,3,0)),"",IF(VLOOKUP(C41,$C$153:$I$304,3,0)="","",VLOOKUP(C41,$C$153:$I$304,3,0)))) | F41: =IF(G41=0,IF(C41=$C$183,$H$183+(D41-$I$183)*$F$183,IF(C41=$C$196,$H$196+(D41-$I$196)*$F$196,IF(C41="","",IF(ISERROR(VLOOKUP(C41,$C$153:$I$304,2,0)),"",IF(D41=0,IF(VLOOKUP(C41,$C$153:$I$304,4,0)=0,VLOOKUP(C41,$C$153:$I$304,6,0),VLOOKUP(C41,$C$153:$I$304,4,0)),IF(VLOOKUP(C41,$C$153:$I$304,6,0)=0,D41*VLOOKUP(C41,$C$153:$I$304,4,0),IF(D41*VLOOKUP(C41,$C$153:$I$304,4,0)>VLOOKUP(C41,$C$153:$I$304,6,0),VLOOKUP(C41,$C$153:$I$304,6,0),D41*VLOOKUP(C41,$C$153:$I$304,4,0)))))))),"")
A42: =IF(B42="","",MAX($A$5:A41)+1) | B42: =IF(C42="","",IF(ISERROR(VLOOKUP(C42,$C$153:$I$304,2,0)),"",VLOOKUP(C42,$C$153:$I$304,2,0))) | E42: =IF(C42="","",IF(ISERROR(VLOOKUP(C42,$C$153:$I$304,3,0)),"",IF(VLOOKUP(C42,$C$153:$I$304,3,0)="","",VLOOKUP(C42,$C$153:$I$304,3,0)))) | F42: =IF(G42=0,IF(C42=$C$183,$H$183+(D42-$I$183)*$F$183,IF(C42=$C$196,$H$196+(D42-$I$196)*$F$196,IF(C42="","",IF(ISERROR(VLOOKUP(C42,$C$153:$I$304,2,0)),"",IF(D42=0,IF(VLOOKUP(C42,$C$153:$I$304,4,0)=0,VLOOKUP(C42,$C$153:$I$304,6,0),VLOOKUP(C42,$C$153:$I$304,4,0)),IF(VLOOKUP(C42,$C$153:$I$304,6,0)=0,D42*VLOOKUP(C42,$C$153:$I$304,4,0),IF(D42*VLOOKUP(C42,$C$153:$I$304,4,0)>VLOOKUP(C42,$C$153:$I$304,6,0),VLOOKUP(C42,$C$153:$I$304,6,0),D42*VLOOKUP(C42,$C$153:$I$304,4,0)))))))),"")
A43: =IF(B43="","",MAX($A$5:A42)+1) | B43: =IF(C43="","",IF(ISERROR(VLOOKUP(C43,$C$153:$I$304,2,0)),"",VLOOKUP(C43,$C$153:$I$304,2,0))) | E43: =IF(C43="","",IF(ISERROR(VLOOKUP(C43,$C$153:$I$304,3,0)),"",IF(VLOOKUP(C43,$C$153:$I$304,3,0)="","",VLOOKUP(C43,$C$153:$I$304,3,0)))) | F43: =IF(G43=0,IF(C43=$C$183,$H$183+(D43-$I$183)*$F$183,IF(C43=$C$196,$H$196+(D43-$I$196)*$F$196,IF(C43="","",IF(ISERROR(VLOOKUP(C43,$C$153:$I$304,2,0)),"",IF(D43=0,IF(VLOOKUP(C43,$C$153:$I$304,4,0)=0,VLOOKUP(C43,$C$153:$I$304,6,0),VLOOKUP(C43,$C$153:$I$304,4,0)),IF(VLOOKUP(C43,$C$153:$I$304,6,0)=0,D43*VLOOKUP(C43,$C$153:$I$304,4,0),IF(D43*VLOOKUP(C43,$C$153:$I$304,4,0)>VLOOKUP(C43,$C$153:$I$304,6,0),VLOOKUP(C43,$C$153:$I$304,6,0),D43*VLOOKUP(C43,$C$153:$I$304,4,0)))))))),"")
A44: =IF(B44="","",MAX($A$5:A43)+1) | B44: =IF(C44="","",IF(ISERROR(VLOOKUP(C44,$C$153:$I$304,2,0)),"",VLOOKUP(C44,$C$153:$I$304,2,0))) | E44: =IF(C44="","",IF(ISERROR(VLOOKUP(C44,$C$153:$I$304,3,0)),"",IF(VLOOKUP(C44,$C$153:$I$304,3,0)="","",VLOOKUP(C44,$C$153:$I$304,3,0)))) | F44: =IF(G44=0,IF(C44=$C$183,$H$183+(D44-$I$183)*$F$183,IF(C44=$C$196,$H$196+(D44-$I$196)*$F$196,IF(C44="","",IF(ISERROR(VLOOKUP(C44,$C$153:$I$304,2,0)),"",IF(D44=0,IF(VLOOKUP(C44,$C$153:$I$304,4,0)=0,VLOOKUP(C44,$C$153:$I$304,6,0),VLOOKUP(C44,$C$153:$I$304,4,0)),IF(VLOOKUP(C44,$C$153:$I$304,6,0)=0,D44*VLOOKUP(C44,$C$153:$I$304,4,0),IF(D44*VLOOKUP(C44,$C$153:$I$304,4,0)>VLOOKUP(C44,$C$153:$I$304,6,0),VLOOKUP(C44,$C$153:$I$304,6,0),D44*VLOOKUP(C44,$C$153:$I$304,4,0)))))))),"")
A45: =IF(B45="","",MAX($A$5:A44)+1) | B45: =IF(C45="","",IF(ISERROR(VLOOKUP(C45,$C$153:$I$304,2,0)),"",VLOOKUP(C45,$C$153:$I$304,2,0))) | E45: =IF(C45="","",IF(ISERROR(VLOOKUP(C45,$C$153:$I$304,3,0)),"",IF(VLOOKUP(C45,$C$153:$I$304,3,0)="","",VLOOKUP(C45,$C$153:$I$304,3,0)))) | F45: =IF(G45=0,IF(C45=$C$183,$H$183+(D45-$I$183)*$F$183,IF(C45=$C$196,$H$196+(D45-$I$196)*$F$196,IF(C45="","",IF(ISERROR(VLOOKUP(C45,$C$153:$I$304,2,0)),"",IF(D45=0,IF(VLOOKUP(C45,$C$153:$I$304,4,0)=0,VLOOKUP(C45,$C$153:$I$304,6,0),VLOOKUP(C45,$C$153:$I$304,4,0)),IF(VLOOKUP(C45,$C$153:$I$304,6,0)=0,D45*VLOOKUP(C45,$C$153:$I$304,4,0),IF(D45*VLOOKUP(C45,$C$153:$I$304,4,0)>VLOOKUP(C45,$C$153:$I$304,6,0),VLOOKUP(C45,$C$153:$I$304,6,0),D45*VLOOKUP(C45,$C$153:$I$304,4,0)))))))),"")
A46: =IF(B46="","",MAX($A$5:A45)+1) | B46: =IF(C46="","",IF(ISERROR(VLOOKUP(C46,$C$153:$I$304,2,0)),"",VLOOKUP(C46,$C$153:$I$304,2,0))) | E46: =IF(C46="","",IF(ISERROR(VLOOKUP(C46,$C$153:$I$304,3,0)),"",IF(VLOOKUP(C46,$C$153:$I$304,3,0)="","",VLOOKUP(C46,$C$153:$I$304,3,0)))) | F46: =IF(G46=0,IF(C46=$C$183,$H$183+(D46-$I$183)*$F$183,IF(C46=$C$196,$H$196+(D46-$I$196)*$F$196,IF(C46="","",IF(ISERROR(VLOOKUP(C46,$C$153:$I$304,2,0)),"",IF(D46=0,IF(VLOOKUP(C46,$C$153:$I$304,4,0)=0,VLOOKUP(C46,$C$153:$I$304,6,0),VLOOKUP(C46,$C$153:$I$304,4,0)),IF(VLOOKUP(C46,$C$153:$I$304,6,0)=0,D46*VLOOKUP(C46,$C$153:$I$304,4,0),IF(D46*VLOOKUP(C46,$C$153:$I$304,4,0)>VLOOKUP(C46,$C$153:$I$304,6,0),VLOOKUP(C46,$C$153:$I$304,6,0),D46*VLOOKUP(C46,$C$153:$I$304,4,0)))))))),"")
A47: =IF(B47="","",MAX($A$5:A46)+1) | B47: =IF(C47="","",IF(ISERROR(VLOOKUP(C47,$C$153:$I$304,2,0)),"",VLOOKUP(C47,$C$153:$I$304,2,0))) | E47: =IF(C47="","",IF(ISERROR(VLOOKUP(C47,$C$153:$I$304,3,0)),"",IF(VLOOKUP(C47,$C$153:$I$304,3,0)="","",VLOOKUP(C47,$C$153:$I$304,3,0)))) | F47: =IF(G47=0,IF(C47=$C$183,$H$183+(D47-$I$183)*$F$183,IF(C47=$C$196,$H$196+(D47-$I$196)*$F$196,IF(C47="","",IF(ISERROR(VLOOKUP(C47,$C$153:$I$304,2,0)),"",IF(D47=0,IF(VLOOKUP(C47,$C$153:$I$304,4,0)=0,VLOOKUP(C47,$C$153:$I$304,6,0),VLOOKUP(C47,$C$153:$I$304,4,0)),IF(VLOOKUP(C47,$C$153:$I$304,6,0)=0,D47*VLOOKUP(C47,$C$153:$I$304,4,0),IF(D47*VLOOKUP(C47,$C$153:$I$304,4,0)>VLOOKUP(C47,$C$153:$I$304,6,0),VLOOKUP(C47,$C$153:$I$304,6,0),D47*VLOOKUP(C47,$C$153:$I$304,4,0)))))))),"")
A48: =IF(B48="","",MAX($A$5:A47)+1) | B48: =IF(C48="","",IF(ISERROR(VLOOKUP(C48,$C$153:$I$304,2,0)),"",VLOOKUP(C48,$C$153:$I$304,2,0))) | E48: =IF(C48="","",IF(ISERROR(VLOOKUP(C48,$C$153:$I$304,3,0)),"",IF(VLOOKUP(C48,$C$153:$I$304,3,0)="","",VLOOKUP(C48,$C$153:$I$304,3,0)))) | F48: =IF(G48=0,IF(C48=$C$183,$H$183+(D48-$I$183)*$F$183,IF(C48=$C$196,$H$196+(D48-$I$196)*$F$196,IF(C48="","",IF(ISERROR(VLOOKUP(C48,$C$153:$I$304,2,0)),"",IF(D48=0,IF(VLOOKUP(C48,$C$153:$I$304,4,0)=0,VLOOKUP(C48,$C$153:$I$304,6,0),VLOOKUP(C48,$C$153:$I$304,4,0)),IF(VLOOKUP(C48,$C$153:$I$304,6,0)=0,D48*VLOOKUP(C48,$C$153:$I$304,4,0),IF(D48*VLOOKUP(C48,$C$153:$I$304,4,0)>VLOOKUP(C48,$C$153:$I$304,6,0),VLOOKUP(C48,$C$153:$I$304,6,0),D48*VLOOKUP(C48,$C$153:$I$304,4,0)))))))),"")
A49: =IF(B49="","",MAX($A$5:A48)+1) | B49: =IF(C49="","",IF(ISERROR(VLOOKUP(C49,$C$153:$I$304,2,0)),"",VLOOKUP(C49,$C$153:$I$304,2,0))) | E49: =IF(C49="","",IF(ISERROR(VLOOKUP(C49,$C$153:$I$304,3,0)),"",IF(VLOOKUP(C49,$C$153:$I$304,3,0)="","",VLOOKUP(C49,$C$153:$I$304,3,0)))) | F49: =IF(G49=0,IF(C49=$C$183,$H$183+(D49-$I$183)*$F$183,IF(C49=$C$196,$H$196+(D49-$I$196)*$F$196,IF(C49="","",IF(ISERROR(VLOOKUP(C49,$C$153:$I$304,2,0)),"",IF(D49=0,IF(VLOOKUP(C49,$C$153:$I$304,4,0)=0,VLOOKUP(C49,$C$153:$I$304,6,0),VLOOKUP(C49,$C$153:$I$304,4,0)),IF(VLOOKUP(C49,$C$153:$I$304,6,0)=0,D49*VLOOKUP(C49,$C$153:$I$304,4,0),IF(D49*VLOOKUP(C49,$C$153:$I$304,4,0)>VLOOKUP(C49,$C$153:$I$304,6,0),VLOOKUP(C49,$C$153:$I$304,6,0),D49*VLOOKUP(C49,$C$153:$I$304,4,0)))))))),"")
A50: =IF(B50="","",MAX($A$5:A49)+1) | B50: =IF(C50="","",IF(ISERROR(VLOOKUP(C50,$C$153:$I$304,2,0)),"",VLOOKUP(C50,$C$153:$I$304,2,0))) | E50: =IF(C50="","",IF(ISERROR(VLOOKUP(C50,$C$153:$I$304,3,0)),"",IF(VLOOKUP(C50,$C$153:$I$304,3,0)="","",VLOOKUP(C50,$C$153:$I$304,3,0)))) | F50: =IF(G50=0,IF(C50=$C$183,$H$183+(D50-$I$183)*$F$183,IF(C50=$C$196,$H$196+(D50-$I$196)*$F$196,IF(C50="","",IF(ISERROR(VLOOKUP(C50,$C$153:$I$304,2,0)),"",IF(D50=0,IF(VLOOKUP(C50,$C$153:$I$304,4,0)=0,VLOOKUP(C50,$C$153:$I$304,6,0),VLOOKUP(C50,$C$153:$I$304,4,0)),IF(VLOOKUP(C50,$C$153:$I$304,6,0)=0,D50*VLOOKUP(C50,$C$153:$I$304,4,0),IF(D50*VLOOKUP(C50,$C$153:$I$304,4,0)>VLOOKUP(C50,$C$153:$I$304,6,0),VLOOKUP(C50,$C$153:$I$304,6,0),D50*VLOOKUP(C50,$C$153:$I$304,4,0)))))))),"")
... A63: =IF(B63="","",MAX($A$5:A62)+1) | B63: =IF(C63="","",IF(ISERROR(VLOOKUP(C63,$C$153:$I$304,2,0)),"",VLOOKUP(C63,$C$153:$I$304,2,0))) | E63: =IF(C63="","",IF(ISERROR(VLOOKUP(C63,$C$153:$I$304,3,0)),"",IF(VLOOKUP(C63,$C$153:$I$304,3,0)="","",VLOOKUP(C63,$C$153:$I$304,3,0)))) | F63: =IF(G63=0,IF(C63=$C$183,$H$183+(D63-$I$183)*$F$183,IF(C63=$C$196,$H$196+(D63-$I$196)*$F$196,IF(C63="","",IF(ISERROR(VLOOKUP(C63,$C$153:$I$304,2,0)),"",IF(D63=0,IF(VLOOKUP(C63,$C$153:$I$304,4,0)=0,VLOOKUP(C63,$C$153:$I$304,6,0),VLOOKUP(C63,$C$153:$I$304,4,0)),IF(VLOOKUP(C63,$C$153:$I$304,6,0)=0,D63*VLOOKUP(C63,$C$153:$I$304,4,0),IF(D63*VLOOKUP(C63,$C$153:$I$304,4,0)>VLOOKUP(C63,$C$153:$I$304,6,0),VLOOKUP(C63,$C$153:$I$304,6,0),D63*VLOOKUP(C63,$C$153:$I$304,4,0)))))))),"")
A64: Всего за полугодие | F64: =SUM(F8:G33,F39:G63) -> 0 | H64: =SUM(H8:H33,H39:H63) -> 0
C67: __________________ | E67: Выполнение проверил | I67: ___________________________
C68: подпись преподавателя | I68: подпись начальника кафедры
A70: - 20 -
A72: 2-е полугодие
A74: № п/п | B74: Индекс | C74: Наименование вида работ | F74: Количество часов по | I74: Срок выполнения | J74: Отметка о выполнении
F75: плану | H75: факту
A76: =IF(B76="","",MAX($A$75:A75)+1) | B76: =IF(C76="","",IF(ISERROR(VLOOKUP(C76,$C$153:$I$304,2,0)),"",VLOOKUP(C76,$C$153:$I$304,2,0))) | E76: =IF(C76="","",IF(ISERROR(VLOOKUP(C76,$C$153:$I$304,3,0)),"",IF(VLOOKUP(C76,$C$153:$I$304,3,0)="","",VLOOKUP(C76,$C$153:$I$304,3,0)))) | F76: =IF(G76=0,IF(C76=$C$183,$H$183+(D76-$I$183)*$F$183,IF(C76=$C$196,$H$196+(D76-$I$196)*$F$196,IF(C76="","",IF(ISERROR(VLOOKUP(C76,$C$153:$I$304,2,0)),"",IF(D76=0,IF(VLOOKUP(C76,$C$153:$I$304,4,0)=0,VLOOKUP(C76,$C$153:$I$304,6,0),VLOOKUP(C76,$C$153:$I$304,4,0)),IF(VLOOKUP(C76,$C$153:$I$304,6,0)=0,D76*VLOOKUP(C76,$C$153:$I$304,4,0),IF(D76*VLOOKUP(C76,$C$153:$I$304,4,0)>VLOOKUP(C76,$C$153:$I$304,6,0),VLOOKUP(C76,$C$153:$I$304,6,0),D76*VLOOKUP(C76,$C$153:$I$304,4,0)))))))),"")
A77: =IF(B77="","",MAX($A$75:A76)+1) | B77: =IF(C77="","",IF(ISERROR(VLOOKUP(C77,$C$153:$I$304,2,0)),"",VLOOKUP(C77,$C$153:$I$304,2,0))) | E77: =IF(C77="","",IF(ISERROR(VLOOKUP(C77,$C$153:$I$304,3,0)),"",IF(VLOOKUP(C77,$C$153:$I$304,3,0)="","",VLOOKUP(C77,$C$153:$I$304,3,0)))) | F77: =IF(G77=0,IF(C77=$C$183,$H$183+(D77-$I$183)*$F$183,IF(C77=$C$196,$H$196+(D77-$I$196)*$F$196,IF(C77="","",IF(ISERROR(VLOOKUP(C77,$C$153:$I$304,2,0)),"",IF(D77=0,IF(VLOOKUP(C77,$C$153:$I$304,4,0)=0,VLOOKUP(C77,$C$153:$I$304,6,0),VLOOKUP(C77,$C$153:$I$304,4,0)),IF(VLOOKUP(C77,$C$153:$I$304,6,0)=0,D77*VLOOKUP(C77,$C$153:$I$304,4,0),IF(D77*VLOOKUP(C77,$C$153:$I$304,4,0)>VLOOKUP(C77,$C$153:$I$304,6,0),VLOOKUP(C77,$C$153:$I$304,6,0),D77*VLOOKUP(C77,$C$153:$I$304,4,0)))))))),"")
A78: =IF(B78="","",MAX($A$75:A77)+1) | B78: =IF(C78="","",IF(ISERROR(VLOOKUP(C78,$C$153:$I$304,2,0)),"",VLOOKUP(C78,$C$153:$I$304,2,0))) | E78: =IF(C78="","",IF(ISERROR(VLOOKUP(C78,$C$153:$I$304,3,0)),"",IF(VLOOKUP(C78,$C$153:$I$304,3,0)="","",VLOOKUP(C78,$C$153:$I$304,3,0)))) | F78: =IF(G78=0,IF(C78=$C$183,$H$183+(D78-$I$183)*$F$183,IF(C78=$C$196,$H$196+(D78-$I$196)*$F$196,IF(C78="","",IF(ISERROR(VLOOKUP(C78,$C$153:$I$304,2,0)),"",IF(D78=0,IF(VLOOKUP(C78,$C$153:$I$304,4,0)=0,VLOOKUP(C78,$C$153:$I$304,6,0),VLOOKUP(C78,$C$153:$I$304,4,0)),IF(VLOOKUP(C78,$C$153:$I$304,6,0)=0,D78*VLOOKUP(C78,$C$153:$I$304,4,0),IF(D78*VLOOKUP(C78,$C$153:$I$304,4,0)>VLOOKUP(C78,$C$153:$I$304,6,0),VLOOKUP(C78,$C$153:$I$304,6,0),D78*VLOOKUP(C78,$C$153:$I$304,4,0)))))))),"")
A79: =IF(B79="","",MAX($A$75:A78)+1) | B79: =IF(C79="","",IF(ISERROR(VLOOKUP(C79,$C$153:$I$304,2,0)),"",VLOOKUP(C79,$C$153:$I$304,2,0))) | E79: =IF(C79="","",IF(ISERROR(VLOOKUP(C79,$C$153:$I$304,3,0)),"",IF(VLOOKUP(C79,$C$153:$I$304,3,0)="","",VLOOKUP(C79,$C$153:$I$304,3,0)))) | F79: =IF(G79=0,IF(C79=$C$183,$H$183+(D79-$I$183)*$F$183,IF(C79=$C$196,$H$196+(D79-$I$196)*$F$196,IF(C79="","",IF(ISERROR(VLOOKUP(C79,$C$153:$I$304,2,0)),"",IF(D79=0,IF(VLOOKUP(C79,$C$153:$I$304,4,0)=0,VLOOKUP(C79,$C$153:$I$304,6,0),VLOOKUP(C79,$C$153:$I$304,4,0)),IF(VLOOKUP(C79,$C$153:$I$304,6,0)=0,D79*VLOOKUP(C79,$C$153:$I$304,4,0),IF(D79*VLOOKUP(C79,$C$153:$I$304,4,0)>VLOOKUP(C79,$C$153:$I$304,6,0),VLOOKUP(C79,$C$153:$I$304,6,0),D79*VLOOKUP(C79,$C$153:$I$304,4,0)))))))),"")
A80: =IF(B80="","",MAX($A$75:A79)+1) | B80: =IF(C80="","",IF(ISERROR(VLOOKUP(C80,$C$153:$I$304,2,0)),"",VLOOKUP(C80,$C$153:$I$304,2,0))) | E80: =IF(C80="","",IF(ISERROR(VLOOKUP(C80,$C$153:$I$304,3,0)),"",IF(VLOOKUP(C80,$C$153:$I$304,3,0)="","",VLOOKUP(C80,$C$153:$I$304,3,0)))) | F80: =IF(G80=0,IF(C80=$C$183,$H$183+(D80-$I$183)*$F$183,IF(C80=$C$196,$H$196+(D80-$I$196)*$F$196,IF(C80="","",IF(ISERROR(VLOOKUP(C80,$C$153:$I$304,2,0)),"",IF(D80=0,IF(VLOOKUP(C80,$C$153:$I$304,4,0)=0,VLOOKUP(C80,$C$153:$I$304,6,0),VLOOKUP(C80,$C$153:$I$304,4,0)),IF(VLOOKUP(C80,$C$153:$I$304,6,0)=0,D80*VLOOKUP(C80,$C$153:$I$304,4,0),IF(D80*VLOOKUP(C80,$C$153:$I$304,4,0)>VLOOKUP(C80,$C$153:$I$304,6,0),VLOOKUP(C80,$C$153:$I$304,6,0),D80*VLOOKUP(C80,$C$153:$I$304,4,0)))))))),"")
A81: =IF(B81="","",MAX($A$75:A80)+1) | B81: =IF(C81="","",IF(ISERROR(VLOOKUP(C81,$C$153:$I$304,2,0)),"",VLOOKUP(C81,$C$153:$I$304,2,0))) | E81: =IF(C81="","",IF(ISERROR(VLOOKUP(C81,$C$153:$I$304,3,0)),"",IF(VLOOKUP(C81,$C$153:$I$304,3,0)="","",VLOOKUP(C81,$C$153:$I$304,3,0)))) | F81: =IF(G81=0,IF(C81=$C$183,$H$183+(D81-$I$183)*$F$183,IF(C81=$C$196,$H$196+(D81-$I$196)*$F$196,IF(C81="","",IF(ISERROR(VLOOKUP(C81,$C$153:$I$304,2,0)),"",IF(D81=0,IF(VLOOKUP(C81,$C$153:$I$304,4,0)=0,VLOOKUP(C81,$C$153:$I$304,6,0),VLOOKUP(C81,$C$153:$I$304,4,0)),IF(VLOOKUP(C81,$C$153:$I$304,6,0)=0,D81*VLOOKUP(C81,$C$153:$I$304,4,0),IF(D81*VLOOKUP(C81,$C$153:$I$304,4,0)>VLOOKUP(C81,$C$153:$I$304,6,0),VLOOKUP(C81,$C$153:$I$304,6,0),D81*VLOOKUP(C81,$C$153:$I$304,4,0)))))))),"")
A82: =IF(B82="","",MAX($A$75:A81)+1) | B82: =IF(C82="","",IF(ISERROR(VLOOKUP(C82,$C$153:$I$304,2,0)),"",VLOOKUP(C82,$C$153:$I$304,2,0))) | E82: =IF(C82="","",IF(ISERROR(VLOOKUP(C82,$C$153:$I$304,3,0)),"",IF(VLOOKUP(C82,$C$153:$I$304,3,0)="","",VLOOKUP(C82,$C$153:$I$304,3,0)))) | F82: =IF(G82=0,IF(C82=$C$183,$H$183+(D82-$I$183)*$F$183,IF(C82=$C$196,$H$196+(D82-$I$196)*$F$196,IF(C82="","",IF(ISERROR(VLOOKUP(C82,$C$153:$I$304,2,0)),"",IF(D82=0,IF(VLOOKUP(C82,$C$153:$I$304,4,0)=0,VLOOKUP(C82,$C$153:$I$304,6,0),VLOOKUP(C82,$C$153:$I$304,4,0)),IF(VLOOKUP(C82,$C$153:$I$304,6,0)=0,D82*VLOOKUP(C82,$C$153:$I$304,4,0),IF(D82*VLOOKUP(C82,$C$153:$I$304,4,0)>VLOOKUP(C82,$C$153:$I$304,6,0),VLOOKUP(C82,$C$153:$I$304,6,0),D82*VLOOKUP(C82,$C$153:$I$304,4,0)))))))),"")
A83: =IF(B83="","",MAX($A$75:A82)+1) | B83: =IF(C83="","",IF(ISERROR(VLOOKUP(C83,$C$153:$I$304,2,0)),"",VLOOKUP(C83,$C$153:$I$304,2,0))) | E83: =IF(C83="","",IF(ISERROR(VLOOKUP(C83,$C$153:$I$304,3,0)),"",IF(VLOOKUP(C83,$C$153:$I$304,3,0)="","",VLOOKUP(C83,$C$153:$I$304,3,0)))) | F83: =IF(G83=0,IF(C83=$C$183,$H$183+(D83-$I$183)*$F$183,IF(C83=$C$196,$H$196+(D83-$I$196)*$F$196,IF(C83="","",IF(ISERROR(VLOOKUP(C83,$C$153:$I$304,2,0)),"",IF(D83=0,IF(VLOOKUP(C83,$C$153:$I$304,4,0)=0,VLOOKUP(C83,$C$153:$I$304,6,0),VLOOKUP(C83,$C$153:$I$304,4,0)),IF(VLOOKUP(C83,$C$153:$I$304,6,0)=0,D83*VLOOKUP(C83,$C$153:$I$304,4,0),IF(D83*VLOOKUP(C83,$C$153:$I$304,4,0)>VLOOKUP(C83,$C$153:$I$304,6,0),VLOOKUP(C83,$C$153:$I$304,6,0),D83*VLOOKUP(C83,$C$153:$I$304,4,0)))))))),"")
A84: =IF(B84="","",MAX($A$75:A83)+1) | B84: =IF(C84="","",IF(ISERROR(VLOOKUP(C84,$C$153:$I$304,2,0)),"",VLOOKUP(C84,$C$153:$I$304,2,0))) | E84: =IF(C84="","",IF(ISERROR(VLOOKUP(C84,$C$153:$I$304,3,0)),"",IF(VLOOKUP(C84,$C$153:$I$304,3,0)="","",VLOOKUP(C84,$C$153:$I$304,3,0)))) | F84: =IF(G84=0,IF(C84=$C$183,$H$183+(D84-$I$183)*$F$183,IF(C84=$C$196,$H$196+(D84-$I$196)*$F$196,IF(C84="","",IF(ISERROR(VLOOKUP(C84,$C$153:$I$304,2,0)),"",IF(D84=0,IF(VLOOKUP(C84,$C$153:$I$304,4,0)=0,VLOOKUP(C84,$C$153:$I$304,6,0),VLOOKUP(C84,$C$153:$I$304,4,0)),IF(VLOOKUP(C84,$C$153:$I$304,6,0)=0,D84*VLOOKUP(C84,$C$153:$I$304,4,0),IF(D84*VLOOKUP(C84,$C$153:$I$304,4,0)>VLOOKUP(C84,$C$153:$I$304,6,0),VLOOKUP(C84,$C$153:$I$304,6,0),D84*VLOOKUP(C84,$C$153:$I$304,4,0)))))))),"")
A85: =IF(B85="","",MAX($A$75:A84)+1) | B85: =IF(C85="","",IF(ISERROR(VLOOKUP(C85,$C$153:$I$304,2,0)),"",VLOOKUP(C85,$C$153:$I$304,2,0))) | E85: =IF(C85="","",IF(ISERROR(VLOOKUP(C85,$C$153:$I$304,3,0)),"",IF(VLOOKUP(C85,$C$153:$I$304,3,0)="","",VLOOKUP(C85,$C$153:$I$304,3,0)))) | F85: =IF(G85=0,IF(C85=$C$183,$H$183+(D85-$I$183)*$F$183,IF(C85=$C$196,$H$196+(D85-$I$196)*$F$196,IF(C85="","",IF(ISERROR(VLOOKUP(C85,$C$153:$I$304,2,0)),"",IF(D85=0,IF(VLOOKUP(C85,$C$153:$I$304,4,0)=0,VLOOKUP(C85,$C$153:$I$304,6,0),VLOOKUP(C85,$C$153:$I$304,4,0)),IF(VLOOKUP(C85,$C$153:$I$304,6,0)=0,D85*VLOOKUP(C85,$C$153:$I$304,4,0),IF(D85*VLOOKUP(C85,$C$153:$I$304,4,0)>VLOOKUP(C85,$C$153:$I$304,6,0),VLOOKUP(C85,$C$153:$I$304,6,0),D85*VLOOKUP(C85,$C$153:$I$304,4,0)))))))),"")
A86: =IF(B86="","",MAX($A$75:A85)+1) | B86: =IF(C86="","",IF(ISERROR(VLOOKUP(C86,$C$153:$I$304,2,0)),"",VLOOKUP(C86,$C$153:$I$304,2,0))) | E86: =IF(C86="","",IF(ISERROR(VLOOKUP(C86,$C$153:$I$304,3,0)),"",IF(VLOOKUP(C86,$C$153:$I$304,3,0)="","",VLOOKUP(C86,$C$153:$I$304,3,0)))) | F86: =IF(G86=0,IF(C86=$C$183,$H$183+(D86-$I$183)*$F$183,IF(C86=$C$196,$H$196+(D86-$I$196)*$F$196,IF(C86="","",IF(ISERROR(VLOOKUP(C86,$C$153:$I$304,2,0)),"",IF(D86=0,IF(VLOOKUP(C86,$C$153:$I$304,4,0)=0,VLOOKUP(C86,$C$153:$I$304,6,0),VLOOKUP(C86,$C$153:$I$304,4,0)),IF(VLOOKUP(C86,$C$153:$I$304,6,0)=0,D86*VLOOKUP(C86,$C$153:$I$304,4,0),IF(D86*VLOOKUP(C86,$C$153:$I$304,4,0)>VLOOKUP(C86,$C$153:$I$304,6,0),VLOOKUP(C86,$C$153:$I$304,6,0),D86*VLOOKUP(C86,$C$153:$I$304,4,0)))))))),"")
A87: =IF(B87="","",MAX($A$75:A86)+1) | B87: =IF(C87="","",IF(ISERROR(VLOOKUP(C87,$C$153:$I$304,2,0)),"",VLOOKUP(C87,$C$153:$I$304,2,0))) | E87: =IF(C87="","",IF(ISERROR(VLOOKUP(C87,$C$153:$I$304,3,0)),"",IF(VLOOKUP(C87,$C$153:$I$304,3,0)="","",VLOOKUP(C87,$C$153:$I$304,3,0)))) | F87: =IF(G87=0,IF(C87=$C$183,$H$183+(D87-$I$183)*$F$183,IF(C87=$C$196,$H$196+(D87-$I$196)*$F$196,IF(C87="","",IF(ISERROR(VLOOKUP(C87,$C$153:$I$304,2,0)),"",IF(D87=0,IF(VLOOKUP(C87,$C$153:$I$304,4,0)=0,VLOOKUP(C87,$C$153:$I$304,6,0),VLOOKUP(C87,$C$153:$I$304,4,0)),IF(VLOOKUP(C87,$C$153:$I$304,6,0)=0,D87*VLOOKUP(C87,$C$153:$I$304,4,0),IF(D87*VLOOKUP(C87,$C$153:$I$304,4,0)>VLOOKUP(C87,$C$153:$I$304,6,0),VLOOKUP(C87,$C$153:$I$304,6,0),D87*VLOOKUP(C87,$C$153:$I$304,4,0)))))))),"")
... A104: =IF(B104="","",MAX($A$75:A103)+1) | B104: =IF(C104="","",IF(ISERROR(VLOOKUP(C104,$C$153:$I$304,2,0)),"",VLOOKUP(C104,$C$153:$I$304,2,0))) | E104: =IF(C104="","",IF(ISERROR(VLOOKUP(C104,$C$153:$I$304,3,0)),"",IF(VLOOKUP(C104,$C$153:$I$304,3,0)="","",VLOOKUP(C104,$C$153:$I$304,3,0)))) | F104: =IF(G104=0,IF(C104=$C$183,$H$183+(D104-$I$183)*$F$183,IF(C104=$C$196,$H$196+(D104-$I$196)*$F$196,IF(C104="","",IF(ISERROR(VLOOKUP(C104,$C$153:$I$304,2,0)),"",IF(D104=0,IF(VLOOKUP(C104,$C$153:$I$304,4,0)=0,VLOOKUP(C104,$C$153:$I$304,6,0),VLOOKUP(C104,$C$153:$I$304,4,0)),IF(VLOOKUP(C104,$C$153:$I$304,6,0)=0,D104*VLOOKUP(C104,$C$153:$I$304,4,0),IF(D104*VLOOKUP(C104,$C$153:$I$304,4,0)>VLOOKUP(C104,$C$153:$I$304,6,0),VLOOKUP(C104,$C$153:$I$304,6,0),D104*VLOOKUP(C104,$C$153:$I$304,4,0)))))))),"")
A106: - 21 -
A108: № п/п | B108: Индекс | C108: Наименование вида работ | F108: Количество часов по | I108: Срок выполнения | J108: Отметка о выполнении
F109: плану | H109: факту
A110: =IF(B110="","",MAX($A$109:A109)+1) | B110: =IF(C110="","",IF(ISERROR(VLOOKUP(C110,$C$153:$I$304,2,0)),"",VLOOKUP(C110,$C$153:$I$304,2,0))) | E110: =IF(C110="","",IF(ISERROR(VLOOKUP(C110,$C$153:$I$304,3,0)),"",IF(VLOOKUP(C110,$C$153:$I$304,3,0)="","",VLOOKUP(C110,$C$153:$I$304,3,0)))) | F110: =IF(G110=0,IF(C110=$C$183,$H$183+(D110-$I$183)*$F$183,IF(C110=$C$196,$H$196+(D110-$I$196)*$F$196,IF(C110="","",IF(ISERROR(VLOOKUP(C110,$C$153:$I$304,2,0)),"",IF(D110=0,IF(VLOOKUP(C110,$C$153:$I$304,4,0)=0,VLOOKUP(C110,$C$153:$I$304,6,0),VLOOKUP(C110,$C$153:$I$304,4,0)),IF(VLOOKUP(C110,$C$153:$I$304,6,0)=0,D110*VLOOKUP(C110,$C$153:$I$304,4,0),IF(D110*VLOOKUP(C110,$C$153:$I$304,4,0)>VLOOKUP(C110,$C$153:$I$304,6,0),VLOOKUP(C110,$C$153:$I$304,6,0),D110*VLOOKUP(C110,$C$153:$I$304,4,0)))))))),"")
A111: =IF(B111="","",MAX($A$109:A110)+1) | B111: =IF(C111="","",IF(ISERROR(VLOOKUP(C111,$C$153:$I$304,2,0)),"",VLOOKUP(C111,$C$153:$I$304,2,0))) | E111: =IF(C111="","",IF(ISERROR(VLOOKUP(C111,$C$153:$I$304,3,0)),"",IF(VLOOKUP(C111,$C$153:$I$304,3,0)="","",VLOOKUP(C111,$C$153:$I$304,3,0)))) | F111: =IF(G111=0,IF(C111=$C$183,$H$183+(D111-$I$183)*$F$183,IF(C111=$C$196,$H$196+(D111-$I$196)*$F$196,IF(C111="","",IF(ISERROR(VLOOKUP(C111,$C$153:$I$304,2,0)),"",IF(D111=0,IF(VLOOKUP(C111,$C$153:$I$304,4,0)=0,VLOOKUP(C111,$C$153:$I$304,6,0),VLOOKUP(C111,$C$153:$I$304,4,0)),IF(VLOOKUP(C111,$C$153:$I$304,6,0)=0,D111*VLOOKUP(C111,$C$153:$I$304,4,0),IF(D111*VLOOKUP(C111,$C$153:$I$304,4,0)>VLOOKUP(C111,$C$153:$I$304,6,0),VLOOKUP(C111,$C$153:$I$304,6,0),D111*VLOOKUP(C111,$C$153:$I$304,4,0)))))))),"")
A112: =IF(B112="","",MAX($A$109:A111)+1) | B112: =IF(C112="","",IF(ISERROR(VLOOKUP(C112,$C$153:$I$304,2,0)),"",VLOOKUP(C112,$C$153:$I$304,2,0))) | E112: =IF(C112="","",IF(ISERROR(VLOOKUP(C112,$C$153:$I$304,3,0)),"",IF(VLOOKUP(C112,$C$153:$I$304,3,0)="","",VLOOKUP(C112,$C$153:$I$304,3,0)))) | F112: =IF(G112=0,IF(C112=$C$183,$H$183+(D112-$I$183)*$F$183,IF(C112=$C$196,$H$196+(D112-$I$196)*$F$196,IF(C112="","",IF(ISERROR(VLOOKUP(C112,$C$153:$I$304,2,0)),"",IF(D112=0,IF(VLOOKUP(C112,$C$153:$I$304,4,0)=0,VLOOKUP(C112,$C$153:$I$304,6,0),VLOOKUP(C112,$C$153:$I$304,4,0)),IF(VLOOKUP(C112,$C$153:$I$304,6,0)=0,D112*VLOOKUP(C112,$C$153:$I$304,4,0),IF(D112*VLOOKUP(C112,$C$153:$I$304,4,0)>VLOOKUP(C112,$C$153:$I$304,6,0),VLOOKUP(C112,$C$153:$I$304,6,0),D112*VLOOKUP(C112,$C$153:$I$304,4,0)))))))),"")
A113: =IF(B113="","",MAX($A$109:A112)+1) | B113: =IF(C113="","",IF(ISERROR(VLOOKUP(C113,$C$153:$I$304,2,0)),"",VLOOKUP(C113,$C$153:$I$304,2,0))) | E113: =IF(C113="","",IF(ISERROR(VLOOKUP(C113,$C$153:$I$304,3,0)),"",IF(VLOOKUP(C113,$C$153:$I$304,3,0)="","",VLOOKUP(C113,$C$153:$I$304,3,0)))) | F113: =IF(G113=0,IF(C113=$C$183,$H$183+(D113-$I$183)*$F$183,IF(C113=$C$196,$H$196+(D113-$I$196)*$F$196,IF(C113="","",IF(ISERROR(VLOOKUP(C113,$C$153:$I$304,2,0)),"",IF(D113=0,IF(VLOOKUP(C113,$C$153:$I$304,4,0)=0,VLOOKUP(C113,$C$153:$I$304,6,0),VLOOKUP(C113,$C$153:$I$304,4,0)),IF(VLOOKUP(C113,$C$153:$I$304,6,0)=0,D113*VLOOKUP(C113,$C$153:$I$304,4,0),IF(D113*VLOOKUP(C113,$C$153:$I$304,4,0)>VLOOKUP(C113,$C$153:$I$304,6,0),VLOOKUP(C113,$C$153:$I$304,6,0),D113*VLOOKUP(C113,$C$153:$I$304,4,0)))))))),"")
A114: =IF(B114="","",MAX($A$109:A113)+1) | B114: =IF(C114="","",IF(ISERROR(VLOOKUP(C114,$C$153:$I$304,2,0)),"",VLOOKUP(C114,$C$153:$I$304,2,0))) | E114: =IF(C114="","",IF(ISERROR(VLOOKUP(C114,$C$153:$I$304,3,0)),"",IF(VLOOKUP(C114,$C$153:$I$304,3,0)="","",VLOOKUP(C114,$C$153:$I$304,3,0)))) | F114: =IF(G114=0,IF(C114=$C$183,$H$183+(D114-$I$183)*$F$183,IF(C114=$C$196,$H$196+(D114-$I$196)*$F$196,IF(C114="","",IF(ISERROR(VLOOKUP(C114,$C$153:$I$304,2,0)),"",IF(D114=0,IF(VLOOKUP(C114,$C$153:$I$304,4,0)=0,VLOOKUP(C114,$C$153:$I$304,6,0),VLOOKUP(C114,$C$153:$I$304,4,0)),IF(VLOOKUP(C114,$C$153:$I$304,6,0)=0,D114*VLOOKUP(C114,$C$153:$I$304,4,0),IF(D114*VLOOKUP(C114,$C$153:$I$304,4,0)>VLOOKUP(C114,$C$153:$I$304,6,0),VLOOKUP(C114,$C$153:$I$304,6,0),D114*VLOOKUP(C114,$C$153:$I$304,4,0)))))))),"")
A115: =IF(B115="","",MAX($A$109:A114)+1) | B115: =IF(C115="","",IF(ISERROR(VLOOKUP(C115,$C$153:$I$304,2,0)),"",VLOOKUP(C115,$C$153:$I$304,2,0))) | E115: =IF(C115="","",IF(ISERROR(VLOOKUP(C115,$C$153:$I$304,3,0)),"",IF(VLOOKUP(C115,$C$153:$I$304,3,0)="","",VLOOKUP(C115,$C$153:$I$304,3,0)))) | F115: =IF(G115=0,IF(C115=$C$183,$H$183+(D115-$I$183)*$F$183,IF(C115=$C$196,$H$196+(D115-$I$196)*$F$196,IF(C115="","",IF(ISERROR(VLOOKUP(C115,$C$153:$I$304,2,0)),"",IF(D115=0,IF(VLOOKUP(C115,$C$153:$I$304,4,0)=0,VLOOKUP(C115,$C$153:$I$304,6,0),VLOOKUP(C115,$C$153:$I$304,4,0)),IF(VLOOKUP(C115,$C$153:$I$304,6,0)=0,D115*VLOOKUP(C115,$C$153:$I$304,4,0),IF(D115*VLOOKUP(C115,$C$153:$I$304,4,0)>VLOOKUP(C115,$C$153:$I$304,6,0),VLOOKUP(C115,$C$153:$I$304,6,0),D115*VLOOKUP(C115,$C$153:$I$304,4,0)))))))),"")
A116: =IF(B116="","",MAX($A$109:A115)+1) | B116: =IF(C116="","",IF(ISERROR(VLOOKUP(C116,$C$153:$I$304,2,0)),"",VLOOKUP(C116,$C$153:$I$304,2,0))) | E116: =IF(C116="","",IF(ISERROR(VLOOKUP(C116,$C$153:$I$304,3,0)),"",IF(VLOOKUP(C116,$C$153:$I$304,3,0)="","",VLOOKUP(C116,$C$153:$I$304,3,0)))) | F116: =IF(G116=0,IF(C116=$C$183,$H$183+(D116-$I$183)*$F$183,IF(C116=$C$196,$H$196+(D116-$I$196)*$F$196,IF(C116="","",IF(ISERROR(VLOOKUP(C116,$C$153:$I$304,2,0)),"",IF(D116=0,IF(VLOOKUP(C116,$C$153:$I$304,4,0)=0,VLOOKUP(C116,$C$153:$I$304,6,0),VLOOKUP(C116,$C$153:$I$304,4,0)),IF(VLOOKUP(C116,$C$153:$I$304,6,0)=0,D116*VLOOKUP(C116,$C$153:$I$304,4,0),IF(D116*VLOOKUP(C116,$C$153:$I$304,4,0)>VLOOKUP(C116,$C$153:$I$304,6,0),VLOOKUP(C116,$C$153:$I$304,6,0),D116*VLOOKUP(C116,$C$153:$I$304,4,0)))))))),"")
A117: =IF(B117="","",MAX($A$109:A116)+1) | B117: =IF(C117="","",IF(ISERROR(VLOOKUP(C117,$C$153:$I$304,2,0)),"",VLOOKUP(C117,$C$153:$I$304,2,0))) | E117: =IF(C117="","",IF(ISERROR(VLOOKUP(C117,$C$153:$I$304,3,0)),"",IF(VLOOKUP(C117,$C$153:$I$304,3,0)="","",VLOOKUP(C117,$C$153:$I$304,3,0)))) | F117: =IF(G117=0,IF(C117=$C$183,$H$183+(D117-$I$183)*$F$183,IF(C117=$C$196,$H$196+(D117-$I$196)*$F$196,IF(C117="","",IF(ISERROR(VLOOKUP(C117,$C$153:$I$304,2,0)),"",IF(D117=0,IF(VLOOKUP(C117,$C$153:$I$304,4,0)=0,VLOOKUP(C117,$C$153:$I$304,6,0),VLOOKUP(C117,$C$153:$I$304,4,0)),IF(VLOOKUP(C117,$C$153:$I$304,6,0)=0,D117*VLOOKUP(C117,$C$153:$I$304,4,0),IF(D117*VLOOKUP(C117,$C$153:$I$304,4,0)>VLOOKUP(C117,$C$153:$I$304,6,0),VLOOKUP(C117,$C$153:$I$304,6,0),D117*VLOOKUP(C117,$C$153:$I$304,4,0)))))))),"")
A118: =IF(B118="","",MAX($A$109:A117)+1) | B118: =IF(C118="","",IF(ISERROR(VLOOKUP(C118,$C$153:$I$304,2,0)),"",VLOOKUP(C118,$C$153:$I$304,2,0))) | E118: =IF(C118="","",IF(ISERROR(VLOOKUP(C118,$C$153:$I$304,3,0)),"",IF(VLOOKUP(C118,$C$153:$I$304,3,0)="","",VLOOKUP(C118,$C$153:$I$304,3,0)))) | F118: =IF(G118=0,IF(C118=$C$183,$H$183+(D118-$I$183)*$F$183,IF(C118=$C$196,$H$196+(D118-$I$196)*$F$196,IF(C118="","",IF(ISERROR(VLOOKUP(C118,$C$153:$I$304,2,0)),"",IF(D118=0,IF(VLOOKUP(C118,$C$153:$I$304,4,0)=0,VLOOKUP(C118,$C$153:$I$304,6,0),VLOOKUP(C118,$C$153:$I$304,4,0)),IF(VLOOKUP(C118,$C$153:$I$304,6,0)=0,D118*VLOOKUP(C118,$C$153:$I$304,4,0),IF(D118*VLOOKUP(C118,$C$153:$I$304,4,0)>VLOOKUP(C118,$C$153:$I$304,6,0),VLOOKUP(C118,$C$153:$I$304,6,0),D118*VLOOKUP(C118,$C$153:$I$304,4,0)))))))),"")
A119: =IF(B119="","",MAX($A$109:A118)+1) | B119: =IF(C119="","",IF(ISERROR(VLOOKUP(C119,$C$153:$I$304,2,0)),"",VLOOKUP(C119,$C$153:$I$304,2,0))) | E119: =IF(C119="","",IF(ISERROR(VLOOKUP(C119,$C$153:$I$304,3,0)),"",IF(VLOOKUP(C119,$C$153:$I$304,3,0)="","",VLOOKUP(C119,$C$153:$I$304,3,0)))) | F119: =IF(G119=0,IF(C119=$C$183,$H$183+(D119-$I$183)*$F$183,IF(C119=$C$196,$H$196+(D119-$I$196)*$F$196,IF(C119="","",IF(ISERROR(VLOOKUP(C119,$C$153:$I$304,2,0)),"",IF(D119=0,IF(VLOOKUP(C119,$C$153:$I$304,4,0)=0,VLOOKUP(C119,$C$153:$I$304,6,0),VLOOKUP(C119,$C$153:$I$304,4,0)),IF(VLOOKUP(C119,$C$153:$I$304,6,0)=0,D119*VLOOKUP(C119,$C$153:$I$304,4,0),IF(D119*VLOOKUP(C119,$C$153:$I$304,4,0)>VLOOKUP(C119,$C$153:$I$304,6,0),VLOOKUP(C119,$C$153:$I$304,6,0),D119*VLOOKUP(C119,$C$153:$I$304,4,0)))))))),"")
A120: =IF(B120="","",MAX($A$109:A119)+1) | B120: =IF(C120="","",IF(ISERROR(VLOOKUP(C120,$C$153:$I$304,2,0)),"",VLOOKUP(C120,$C$153:$I$304,2,0))) | E120: =IF(C120="","",IF(ISERROR(VLOOKUP(C120,$C$153:$I$304,3,0)),"",IF(VLOOKUP(C120,$C$153:$I$304,3,0)="","",VLOOKUP(C120,$C$153:$I$304,3,0)))) | F120: =IF(G120=0,IF(C120=$C$183,$H$183+(D120-$I$183)*$F$183,IF(C120=$C$196,$H$196+(D120-$I$196)*$F$196,IF(C120="","",IF(ISERROR(VLOOKUP(C120,$C$153:$I$304,2,0)),"",IF(D120=0,IF(VLOOKUP(C120,$C$153:$I$304,4,0)=0,VLOOKUP(C120,$C$153:$I$304,6,0),VLOOKUP(C120,$C$153:$I$304,4,0)),IF(VLOOKUP(C120,$C$153:$I$304,6,0)=0,D120*VLOOKUP(C120,$C$153:$I$304,4,0),IF(D120*VLOOKUP(C120,$C$153:$I$304,4,0)>VLOOKUP(C120,$C$153:$I$304,6,0),VLOOKUP(C120,$C$153:$I$304,6,0),D120*VLOOKUP(C120,$C$153:$I$304,4,0)))))))),"")
A121: =IF(B121="","",MAX($A$109:A120)+1) | B121: =IF(C121="","",IF(ISERROR(VLOOKUP(C121,$C$153:$I$304,2,0)),"",VLOOKUP(C121,$C$153:$I$304,2,0))) | E121: =IF(C121="","",IF(ISERROR(VLOOKUP(C121,$C$153:$I$304,3,0)),"",IF(VLOOKUP(C121,$C$153:$I$304,3,0)="","",VLOOKUP(C121,$C$153:$I$304,3,0)))) | F121: =IF(G121=0,IF(C121=$C$183,$H$183+(D121-$I$183)*$F$183,IF(C121=$C$196,$H$196+(D121-$I$196)*$F$196,IF(C121="","",IF(ISERROR(VLOOKUP(C121,$C$153:$I$304,2,0)),"",IF(D121=0,IF(VLOOKUP(C121,$C$153:$I$304,4,0)=0,VLOOKUP(C121,$C$153:$I$304,6,0),VLOOKUP(C121,$C$153:$I$304,4,0)),IF(VLOOKUP(C121,$C$153:$I$304,6,0)=0,D121*VLOOKUP(C121,$C$153:$I$304,4,0),IF(D121*VLOOKUP(C121,$C$153:$I$304,4,0)>VLOOKUP(C121,$C$153:$I$304,6,0),VLOOKUP(C121,$C$153:$I$304,6,0),D121*VLOOKUP(C121,$C$153:$I$304,4,0)))))))),"")
... A132: =IF(B132="","",MAX($A$109:A131)+1) | B132: =IF(C132="","",IF(ISERROR(VLOOKUP(C132,$C$153:$I$304,2,0)),"",VLOOKUP(C132,$C$153:$I$304,2,0))) | E132: =IF(C132="","",IF(ISERROR(VLOOKUP(C132,$C$153:$I$304,3,0)),"",IF(VLOOKUP(C132,$C$153:$I$304,3,0)="","",VLOOKUP(C132,$C$153:$I$304,3,0)))) | F132: =IF(G132=0,IF(C132=$C$183,$H$183+(D132-$I$183)*$F$183,IF(C132=$C$196,$H$196+(D132-$I$196)*$F$196,IF(C132="","",IF(ISERROR(VLOOKUP(C132,$C$153:$I$304,2,0)),"",IF(D132=0,IF(VLOOKUP(C132,$C$153:$I$304,4,0)=0,VLOOKUP(C132,$C$153:$I$304,6,0),VLOOKUP(C132,$C$153:$I$304,4,0)),IF(VLOOKUP(C132,$C$153:$I$304,6,0)=0,D132*VLOOKUP(C132,$C$153:$I$304,4,0),IF(D132*VLOOKUP(C132,$C$153:$I$304,4,0)>VLOOKUP(C132,$C$153:$I$304,6,0),VLOOKUP(C132,$C$153:$I$304,6,0),D132*VLOOKUP(C132,$C$153:$I$304,4,0)))))))),"")
A133: Всего за полугодие | F133: =SUM(F76:G104,F110:G132) -> 0 | H133: =SUM(H76:H104,H110:H132) -> 0
A134: Всего за год | F134: =SUM(F64,F133) -> 0 | H134: =SUM(H64,H133) -> 0
C136: __________________ | E136: Выполнение проверил | I136: ___________________________
C137: подпись преподавателя | I137: подпись начальника кафедры
B152: Индекс | C152: Вид работ | D152: =B152 -> Индекс | F152: Норматив | H152: Не более
B153: 1.1.1. | C153: Составление тематического плана изучения учебной дисциплины: разработка нового | D153: =B153 -> 1.1.1. | E153: час | F153: 18 | H153: 50
B154: 1.1.2. | C154: Составление тематического плана изучения учебной дисциплины: переработка дейтсвующего | D154: =B154 -> 1.1.2. | E154: час | F154: 6 | H154: 150
B155: 1.2.1. | C155: График последовательности прохождения учебной дисциплины: разработка нового | D155: =B155 -> 1.2.1. | E155: час | F155: 12 | H155: 100
B156: 1.2.2. | C156: График последовательности прохождения учебной дисциплины: переработка действующего | D156: =B156 -> 1.2.2. | E156: час | F156: 4
B157: 1.3.1. | C157: Разработка программы учебной дисциплины: примерной учебной программы | D157: =B157 -> 1.3.1. | E157: час | F157: 60
B158: 1.3.2. | C158: Разработка программы учебной дисциплины: рабочей программы учебной дисциплины | D158: =B158 -> 1.3.2. | E158: час | F158: 50
B159: 1.3.3. | C159: Разработка программы учебной дисциплины: переработка рабочей программы учебной дисциплины | D159: =B159 -> 1.3.3. | E159: час | F159: 30
B160: 1.3.4. | C160: Разработка программы учебной дисциплины: внесение изменений в рабочую программу учебной дисциплины | D160: =B160 -> 1.3.4. | E160: час | F160: 6 | H160: 90
B161: 1.4. | C161: Разработка программы государственной итоговой аттестации (квалификационного экзамена) | D161: =B161 -> 1.4. | E161: час | F161: 30 | H161: 150
B162: 1.5.1. | C162: Разработка тезисов или конспекта лекции: по вновь вводимой теме | D162: =B162 -> 1.5.1. | E162: час | F162: 9 | H162: 100
B163: 1.5.2. | C163: Разработка тезисов или конспекта лекции: по ранее читавшейся теме | D163: =B163 -> 1.5.2. | E163: час | F163: 3
B164: 1.6. | C164: Разработка фондовой лекции | D164: =B164 -> 1.6. | E164: час | F164: 12 | H164: 60
B165: 1.7. | C165: Переработка фондовой лекции | D165: =B165 -> 1.7. | E165: час | F165: 6 | H165: 30
B166: 1.8. | C166: Внесение изменений в фондовую лекцию | D166: =B166 -> 1.8. | E166: час | F166: 3 | H166: 24
B167: 1.9.1. | C167: Разработка УММ для проведения игр и учений (планов и методических разработок): кафедральных по дисциплине | D167: =B167 -> 1.9.1. | E167: час | F167: 6 | H167: 24
B168: 1.9.2. | C168: Разработка УММ для проведения игр и учений (планов и методических разработок): комплексных межкафедральных | D168: =B168 -> 1.9.2. | E168: час | F168: 10 | H168: 48
B169: 1.10.1. | C169: Переработка УММ для проведения игр и учений (планов и методических материалов): кафедральных по дисциплине | D169: =B169 -> 1.10.1. | E169: час | F169: 2 | H169: 24
B170: 1.10.2. | C170: Переработка УММ для проведения игр и учений (планов и методических материалов): комплексных межкафедральных | D170: =B170 -> 1.10.2. | E170: час | F170: 3
B171: 1.11. | C171: Работа над групповыми занятиями | D171: =B171 -> 1.11.
B172: 1.11.1.1. | C172: Разработка планов занятий: семинарских и практических занятий по вновь вводимой дисциплине | D172: =B172 -> 1.11.1.1. | E172: час | F172: 18
B173: 1.11.1.2. | C173: Разработка планов занятий: семинарских и практических занятий по ранее изучавшейся дисциплине | D173: =B173 -> 1.11.1.2. | E173: час | F173: 4 | H173: 500
B174: 1.11.1.3. | C174: Разработка планов занятий: новых планов бинарных (межкафедральных) занятий | D174: =B174 -> 1.11.1.3. | E174: час | F174: 12 | H174: 500
B175: 1.11.1.4. | C175: Разработка планов занятий: переработка действующих планов бинарных (межкафедральных) занятий | D175: =B175 -> 1.11.1.4. | H175: 100
B176: 1.11.2.1. | C176: Разработка методических рекомендаций по поведению семинарских, практических и бинарных занятий: для преподавателей по учебной дисциплине (модулю) | D176: =B176 -> 1.11.2.1. | E176: час | F176: 10
...

Sheet Раздел 2.2
A1: - 22 -
A3: 2.2. РАЗРАБОТКА УЧЕБНО-МЕТОДИЧЕСКИХ МАТЕРИАЛОВ ДЛЯ ОБУЧАЮЩИХСЯ ПО ЗАОЧНОЙ ФОРМЕ ОБУЧЕНИЯ
A4: 1-е полугодие
A5: № п/п | B5: Индекс | C5: Наименование вида работ | F5: Количество часов по | I5: Срок выполнения | J5: Отметка о выполнении
F6: плану | H6: факту
A7: =IF(B7="","",MAX($A$6:A6)+1) | B7: =IF(C7="","",IF(ISERROR(VLOOKUP(C7,$C$150:$I$301,2,0)),"",VLOOKUP(C7,$C$150:$I$301,2,0))) | E7: =IF(C7="","",IF(ISERROR(VLOOKUP(C7,$C$150:$I$301,3,0)),"",IF(VLOOKUP(C7,$C$150:$I$301,3,0)="","",VLOOKUP(C7,$C$150:$I$301,3,0)))) | F7: =IF(G7=0,IF(C7=$C$180,$H$180+(D7-$I$180)*$F$180,IF(C7=$C$193,$H$193+(D7-$I$193)*$F$193,IF(C7="","",IF(ISERROR(VLOOKUP(C7,$C$150:$I$301,2,0)),"",IF(D7=0,IF(VLOOKUP(C7,$C$150:$I$301,4,0)=0,VLOOKUP(C7,$C$150:$I$301,6,0),VLOOKUP(C7,$C$150:$I$301,4,0)),IF(VLOOKUP(C7,$C$150:$I$301,6,0)=0,D7*VLOOKUP(C7,$C$150:$I$301,4,0),IF(D7*VLOOKUP(C7,$C$150:$I$301,4,0)>VLOOKUP(C7,$C$150:$I$301,6,0),VLOOKUP(C7,$C$150:$I$301,6,0),D7*VLOOKUP(C7,$C$150:$I$301,4,0)))))))),"")
A8: =IF(B8="","",MAX($A$6:A7)+1) | B8: =IF(C8="","",IF(ISERROR(VLOOKUP(C8,$C$150:$I$301,2,0)),"",VLOOKUP(C8,$C$150:$I$301,2,0))) | E8: =IF(C8="","",IF(ISERROR(VLOOKUP(C8,$C$150:$I$301,3,0)),"",IF(VLOOKUP(C8,$C$150:$I$301,3,0)="","",VLOOKUP(C8,$C$150:$I$301,3,0)))) | F8: =IF(G8=0,IF(C8=$C$180,$H$180+(D8-$I$180)*$F$180,IF(C8=$C$193,$H$193+(D8-$I$193)*$F$193,IF(C8="","",IF(ISERROR(VLOOKUP(C8,$C$150:$I$301,2,0)),"",IF(D8=0,IF(VLOOKUP(C8,$C$150:$I$301,4,0)=0,VLOOKUP(C8,$C$150:$I$301,6,0),VLOOKUP(C8,$C$150:$I$301,4,0)),IF(VLOOKUP(C8,$C$150:$I$301,6,0)=0,D8*VLOOKUP(C8,$C$150:$I$301,4,0),IF(D8*VLOOKUP(C8,$C$150:$I$301,4,0)>VLOOKUP(C8,$C$150:$I$301,6,0),VLOOKUP(C8,$C$150:$I$301,6,0),D8*VLOOKUP(C8,$C$150:$I$301,4,0)))))))),"")
A9: =IF(B9="","",MAX($A$6:A8)+1) | B9: =IF(C9="","",IF(ISERROR(VLOOKUP(C9,$C$150:$I$301,2,0)),"",VLOOKUP(C9,$C$150:$I$301,2,0))) | E9: =IF(C9="","",IF(ISERROR(VLOOKUP(C9,$C$150:$I$301,3,0)),"",IF(VLOOKUP(C9,$C$150:$I$301,3,0)="","",VLOOKUP(C9,$C$150:$I$301,3,0)))) | F9: =IF(G9=0,IF(C9=$C$180,$H$180+(D9-$I$180)*$F$180,IF(C9=$C$193,$H$193+(D9-$I$193)*$F$193,IF(C9="","",IF(ISERROR(VLOOKUP(C9,$C$150:$I$301,2,0)),"",IF(D9=0,IF(VLOOKUP(C9,$C$150:$I$301,4,0)=0,VLOOKUP(C9,$C$150:$I$301,6,0),VLOOKUP(C9,$C$150:$I$301,4,0)),IF(VLOOKUP(C9,$C$150:$I$301,6,0)=0,D9*VLOOKUP(C9,$C$150:$I$301,4,0),IF(D9*VLOOKUP(C9,$C$150:$I$301,4,0)>VLOOKUP(C9,$C$150:$I$301,6,0),VLOOKUP(C9,$C$150:$I$301,6,0),D9*VLOOKUP(C9,$C$150:$I$301,4,0)))))))),"")
A10: =IF(B10="","",MAX($A$6:A9)+1) | B10: =IF(C10="","",IF(ISERROR(VLOOKUP(C10,$C$150:$I$301,2,0)),"",VLOOKUP(C10,$C$150:$I$301,2,0))) | E10: =IF(C10="","",IF(ISERROR(VLOOKUP(C10,$C$150:$I$301,3,0)),"",IF(VLOOKUP(C10,$C$150:$I$301,3,0)="","",VLOOKUP(C10,$C$150:$I$301,3,0)))) | F10: =IF(G10=0,IF(C10=$C$180,$H$180+(D10-$I$180)*$F$180,IF(C10=$C$193,$H$193+(D10-$I$193)*$F$193,IF(C10="","",IF(ISERROR(VLOOKUP(C10,$C$150:$I$301,2,0)),"",IF(D10=0,IF(VLOOKUP(C10,$C$150:$I$301,4,0)=0,VLOOKUP(C10,$C$150:$I$301,6,0),VLOOKUP(C10,$C$150:$I$301,4,0)),IF(VLOOKUP(C10,$C$150:$I$301,6,0)=0,D10*VLOOKUP(C10,$C$150:$I$301,4,0),IF(D10*VLOOKUP(C10,$C$150:$I$301,4,0)>VLOOKUP(C10,$C$150:$I$301,6,0),VLOOKUP(C10,$C$150:$I$301,6,0),D10*VLOOKUP(C10,$C$150:$I$301,4,0)))))))),"")
A11: =IF(B11="","",MAX($A$6:A10)+1) | B11: =IF(C11="","",IF(ISERROR(VLOOKUP(C11,$C$150:$I$301,2,0)),"",VLOOKUP(C11,$C$150:$I$301,2,0))) | E11: =IF(C11="","",IF(ISERROR(VLOOKUP(C11,$C$150:$I$301,3,0)),"",IF(VLOOKUP(C11,$C$150:$I$301,3,0)="","",VLOOKUP(C11,$C$150:$I$301,3,0)))) | F11: =IF(G11=0,IF(C11=$C$180,$H$180+(D11-$I$180)*$F$180,IF(C11=$C$193,$H$193+(D11-$I$193)*$F$193,IF(C11="","",IF(ISERROR(VLOOKUP(C11,$C$150:$I$301,2,0)),"",IF(D11=0,IF(VLOOKUP(C11,$C$150:$I$301,4,0)=0,VLOOKUP(C11,$C$150:$I$301,6,0),VLOOKUP(C11,$C$150:$I$301,4,0)),IF(VLOOKUP(C11,$C$150:$I$301,6,0)=0,D11*VLOOKUP(C11,$C$150:$I$301,4,0),IF(D11*VLOOKUP(C11,$C$150:$I$301,4,0)>VLOOKUP(C11,$C$150:$I$301,6,0),VLOOKUP(C11,$C$150:$I$301,6,0),D11*VLOOKUP(C11,$C$150:$I$301,4,0)))))))),"")
A12: =IF(B12="","",MAX($A$6:A11)+1) | B12: =IF(C12="","",IF(ISERROR(VLOOKUP(C12,$C$150:$I$301,2,0)),"",VLOOKUP(C12,$C$150:$I$301,2,0))) | E12: =IF(C12="","",IF(ISERROR(VLOOKUP(C12,$C$150:$I$301,3,0)),"",IF(VLOOKUP(C12,$C$150:$I$301,3,0)="","",VLOOKUP(C12,$C$150:$I$301,3,0)))) | F12: =IF(G12=0,IF(C12=$C$180,$H$180+(D12-$I$180)*$F$180,IF(C12=$C$193,$H$193+(D12-$I$193)*$F$193,IF(C12="","",IF(ISERROR(VLOOKUP(C12,$C$150:$I$301,2,0)),"",IF(D12=0,IF(VLOOKUP(C12,$C$150:$I$301,4,0)=0,VLOOKUP(C12,$C$150:$I$301,6,0),VLOOKUP(C12,$C$150:$I$301,4,0)),IF(VLOOKUP(C12,$C$150:$I$301,6,0)=0,D12*VLOOKUP(C12,$C$150:$I$301,4,0),IF(D12*VLOOKUP(C12,$C$150:$I$301,4,0)>VLOOKUP(C12,$C$150:$I$301,6,0),VLOOKUP(C12,$C$150:$I$301,6,0),D12*VLOOKUP(C12,$C$150:$I$301,4,0)))))))),"")
A13: =IF(B13="","",MAX($A$6:A12)+1) | B13: =IF(C13="","",IF(ISERROR(VLOOKUP(C13,$C$150:$I$301,2,0)),"",VLOOKUP(C13,$C$150:$I$301,2,0))) | E13: =IF(C13="","",IF(ISERROR(VLOOKUP(C13,$C$150:$I$301,3,0)),"",IF(VLOOKUP(C13,$C$150:$I$301,3,0)="","",VLOOKUP(C13,$C$150:$I$301,3,0)))) | F13: =IF(G13=0,IF(C13=$C$180,$H$180+(D13-$I$180)*$F$180,IF(C13=$C$193,$H$193+(D13-$I$193)*$F$193,IF(C13="","",IF(ISERROR(VLOOKUP(C13,$C$150:$I$301,2,0)),"",IF(D13=0,IF(VLOOKUP(C13,$C$150:$I$301,4,0)=0,VLOOKUP(C13,$C$150:$I$301,6,0),VLOOKUP(C13,$C$150:$I$301,4,0)),IF(VLOOKUP(C13,$C$150:$I$301,6,0)=0,D13*VLOOKUP(C13,$C$150:$I$301,4,0),IF(D13*VLOOKUP(C13,$C$150:$I$301,4,0)>VLOOKUP(C13,$C$150:$I$301,6,0),VLOOKUP(C13,$C$150:$I$301,6,0),D13*VLOOKUP(C13,$C$150:$I$301,4,0)))))))),"")
A14: =IF(B14="","",MAX($A$6:A13)+1) | B14: =IF(C14="","",IF(ISERROR(VLOOKUP(C14,$C$150:$I$301,2,0)),"",VLOOKUP(C14,$C$150:$I$301,2,0))) | E14: =IF(C14="","",IF(ISERROR(VLOOKUP(C14,$C$150:$I$301,3,0)),"",IF(VLOOKUP(C14,$C$150:$I$301,3,0)="","",VLOOKUP(C14,$C$150:$I$301,3,0)))) | F14: =IF(G14=0,IF(C14=$C$180,$H$180+(D14-$I$180)*$F$180,IF(C14=$C$193,$H$193+(D14-$I$193)*$F$193,IF(C14="","",IF(ISERROR(VLOOKUP(C14,$C$150:$I$301,2,0)),"",IF(D14=0,IF(VLOOKUP(C14,$C$150:$I$301,4,0)=0,VLOOKUP(C14,$C$150:$I$301,6,0),VLOOKUP(C14,$C$150:$I$301,4,0)),IF(VLOOKUP(C14,$C$150:$I$301,6,0)=0,D14*VLOOKUP(C14,$C$150:$I$301,4,0),IF(D14*VLOOKUP(C14,$C$150:$I$301,4,0)>VLOOKUP(C14,$C$150:$I$301,6,0),VLOOKUP(C14,$C$150:$I$301,6,0),D14*VLOOKUP(C14,$C$150:$I$301,4,0)))))))),"")
A15: =IF(B15="","",MAX($A$6:A14)+1) | B15: =IF(C15="","",IF(ISERROR(VLOOKUP(C15,$C$150:$I$301,2,0)),"",VLOOKUP(C15,$C$150:$I$301,2,0))) | E15: =IF(C15="","",IF(ISERROR(VLOOKUP(C15,$C$150:$I$301,3,0)),"",IF(VLOOKUP(C15,$C$150:$I$301,3,0)="","",VLOOKUP(C15,$C$150:$I$301,3,0)))) | F15: =IF(G15=0,IF(C15=$C$180,$H$180+(D15-$I$180)*$F$180,IF(C15=$C$193,$H$193+(D15-$I$193)*$F$193,IF(C15="","",IF(ISERROR(VLOOKUP(C15,$C$150:$I$301,2,0)),"",IF(D15=0,IF(VLOOKUP(C15,$C$150:$I$301,4,0)=0,VLOOKUP(C15,$C$150:$I$301,6,0),VLOOKUP(C15,$C$150:$I$301,4,0)),IF(VLOOKUP(C15,$C$150:$I$301,6,0)=0,D15*VLOOKUP(C15,$C$150:$I$301,4,0),IF(D15*VLOOKUP(C15,$C$150:$I$301,4,0)>VLOOKUP(C15,$C$150:$I$301,6,0),VLOOKUP(C15,$C$150:$I$301,6,0),D15*VLOOKUP(C15,$C$150:$I$301,4,0)))))))),"")
A16: =IF(B16="","",MAX($A$6:A15)+1) | B16: =IF(C16="","",IF(ISERROR(VLOOKUP(C16,$C$150:$I$301,2,0)),"",VLOOKUP(C16,$C$150:$I$301,2,0))) | E16: =IF(C16="","",IF(ISERROR(VLOOKUP(C16,$C$150:$I$301,3,0)),"",IF(VLOOKUP(C16,$C$150:$I$301,3,0)="","",VLOOKUP(C16,$C$150:$I$301,3,0)))) | F16: =IF(G16=0,IF(C16=$C$180,$H$180+(D16-$I$180)*$F$180,IF(C16=$C$193,$H$193+(D16-$I$193)*$F$193,IF(C16="","",IF(ISERROR(VLOOKUP(C16,$C$150:$I$301,2,0)),"",IF(D16=0,IF(VLOOKUP(C16,$C$150:$I$301,4,0)=0,VLOOKUP(C16,$C$150:$I$301,6,0),VLOOKUP(C16,$C$150:$I$301,4,0)),IF(VLOOKUP(C16,$C$150:$I$301,6,0)=0,D16*VLOOKUP(C16,$C$150:$I$301,4,0),IF(D16*VLOOKUP(C16,$C$150:$I$301,4,0)>VLOOKUP(C16,$C$150:$I$301,6,0),VLOOKUP(C16,$C$150:$I$301,6,0),D16*VLOOKUP(C16,$C$150:$I$301,4,0)))))))),"")
A17: =IF(B17="","",MAX($A$6:A16)+1) | B17: =IF(C17="","",IF(ISERROR(VLOOKUP(C17,$C$150:$I$301,2,0)),"",VLOOKUP(C17,$C$150:$I$301,2,0))) | E17: =IF(C17="","",IF(ISERROR(VLOOKUP(C17,$C$150:$I$301,3,0)),"",IF(VLOOKUP(C17,$C$150:$I$301,3,0)="","",VLOOKUP(C17,$C$150:$I$301,3,0)))) | F17: =IF(G17=0,IF(C17=$C$180,$H$180+(D17-$I$180)*$F$180,IF(C17=$C$193,$H$193+(D17-$I$193)*$F$193,IF(C17="","",IF(ISERROR(VLOOKUP(C17,$C$150:$I$301,2,0)),"",IF(D17=0,IF(VLOOKUP(C17,$C$150:$I$301,4,0)=0,VLOOKUP(C17,$C$150:$I$301,6,0),VLOOKUP(C17,$C$150:$I$301,4,0)),IF(VLOOKUP(C17,$C$150:$I$301,6,0)=0,D17*VLOOKUP(C17,$C$150:$I$301,4,0),IF(D17*VLOOKUP(C17,$C$150:$I$301,4,0)>VLOOKUP(C17,$C$150:$I$301,6,0),VLOOKUP(C17,$C$150:$I$301,6,0),D17*VLOOKUP(C17,$C$150:$I$301,4,0)))))))),"")
A18: =IF(B18="","",MAX($A$6:A17)+1) | B18: =IF(C18="","",IF(ISERROR(VLOOKUP(C18,$C$150:$I$301,2,0)),"",VLOOKUP(C18,$C$150:$I$301,2,0))) | E18: =IF(C18="","",IF(ISERROR(VLOOKUP(C18,$C$150:$I$301,3,0)),"",IF(VLOOKUP(C18,$C$150:$I$301,3,0)="","",VLOOKUP(C18,$C$150:$I$301,3,0)))) | F18: =IF(G18=0,IF(C18=$C$180,$H$180+(D18-$I$180)*$F$180,IF(C18=$C$193,$H$193+(D18-$I$193)*$F$193,IF(C18="","",IF(ISERROR(VLOOKUP(C18,$C$150:$I$301,2,0)),"",IF(D18=0,IF(VLOOKUP(C18,$C$150:$I$301,4,0)=0,VLOOKUP(C18,$C$150:$I$301,6,0),VLOOKUP(C18,$C$150:$I$301,4,0)),IF(VLOOKUP(C18,$C$150:$I$301,6,0)=0,D18*VLOOKUP(C18,$C$150:$I$301,4,0),IF(D18*VLOOKUP(C18,$C$150:$I$301,4,0)>VLOOKUP(C18,$C$150:$I$301,6,0),VLOOKUP(C18,$C$150:$I$301,6,0),D18*VLOOKUP(C18,$C$150:$I$301,4,0)))))))),"")
... A29: =IF(B29="","",MAX($A$6:A28)+1) | B29: =IF(C29="","",IF(ISERROR(VLOOKUP(C29,$C$150:$I$301,2,0)),"",VLOOKUP(C29,$C$150:$I$301,2,0))) | E29: =IF(C29="","",IF(ISERROR(VLOOKUP(C29,$C$150:$I$301,3,0)),"",IF(VLOOKUP(C29,$C$150:$I$301,3,0)="","",VLOOKUP(C29,$C$150:$I$301,3,0)))) | F29: =IF(G29=0,IF(C29=$C$180,$H$180+(D29-$I$180)*$F$180,IF(C29=$C$193,$H$193+(D29-$I$193)*$F$193,IF(C29="","",IF(ISERROR(VLOOKUP(C29,$C$150:$I$301,2,0)),"",IF(D29=0,IF(VLOOKUP(C29,$C$150:$I$301,4,0)=0,VLOOKUP(C29,$C$150:$I$301,6,0),VLOOKUP(C29,$C$150:$I$301,4,0)),IF(VLOOKUP(C29,$C$150:$I$301,6,0)=0,D29*VLOOKUP(C29,$C$150:$I$301,4,0),IF(D29*VLOOKUP(C29,$C$150:$I$301,4,0)>VLOOKUP(C29,$C$150:$I$301,6,0),VLOOKUP(C29,$C$150:$I$301,6,0),D29*VLOOKUP(C29,$C$150:$I$301,4,0)))))))),"")
A30: Всего за полугодие | F30: =SUM(F7:G29) -> 0 | H30: =SUM(H7:H29) -> 0
C32: __________________ | E32: Выполнение проверил | I32: ___________________________
C33: подпись преподавателя | I33: подпись начальника кафедры
A36: - 23 -
A38: 2-е полугодие
A40: № п/п | B40: Индекс | C40: Наименование вида работ | F40: Количество часов по | I40: Срок выполнения | J40: Отметка о выполнении
F41: плану | H41: факту
A42: =IF(B42="","",MAX($A$41:A41)+1) | B42: =IF(C42="","",IF(ISERROR(VLOOKUP(C42,$C$150:$I$301,2,0)),"",VLOOKUP(C42,$C$150:$I$301,2,0))) | E42: =IF(C42="","",IF(ISERROR(VLOOKUP(C42,$C$150:$I$301,3,0)),"",IF(VLOOKUP(C42,$C$150:$I$301,3,0)="","",VLOOKUP(C42,$C$150:$I$301,3,0)))) | F42: =IF(G42=0,IF(C42=$C$180,$H$180+(D42-$I$180)*$F$180,IF(C42=$C$193,$H$193+(D42-$I$193)*$F$193,IF(C42="","",IF(ISERROR(VLOOKUP(C42,$C$150:$I$301,2,0)),"",IF(D42=0,IF(VLOOKUP(C42,$C$150:$I$301,4,0)=0,VLOOKUP(C42,$C$150:$I$301,6,0),VLOOKUP(C42,$C$150:$I$301,4,0)),IF(VLOOKUP(C42,$C$150:$I$301,6,0)=0,D42*VLOOKUP(C42,$C$150:$I$301,4,0),IF(D42*VLOOKUP(C42,$C$150:$I$301,4,0)>VLOOKUP(C42,$C$150:$I$301,6,0),VLOOKUP(C42,$C$150:$I$301,6,0),D42*VLOOKUP(C42,$C$150:$I$301,4,0)))))))),"")
A43: =IF(B43="","",MAX($A$41:A42)+1) | B43: =IF(C43="","",IF(ISERROR(VLOOKUP(C43,$C$150:$I$301,2,0)),"",VLOOKUP(C43,$C$150:$I$301,2,0))) | E43: =IF(C43="","",IF(ISERROR(VLOOKUP(C43,$C$150:$I$301,3,0)),"",IF(VLOOKUP(C43,$C$150:$I$301,3,0)="","",VLOOKUP(C43,$C$150:$I$301,3,0)))) | F43: =IF(G43=0,IF(C43=$C$180,$H$180+(D43-$I$180)*$F$180,IF(C43=$C$193,$H$193+(D43-$I$193)*$F$193,IF(C43="","",IF(ISERROR(VLOOKUP(C43,$C$150:$I$301,2,0)),"",IF(D43=0,IF(VLOOKUP(C43,$C$150:$I$301,4,0)=0,VLOOKUP(C43,$C$150:$I$301,6,0),VLOOKUP(C43,$C$150:$I$301,4,0)),IF(VLOOKUP(C43,$C$150:$I$301,6,0)=0,D43*VLOOKUP(C43,$C$150:$I$301,4,0),IF(D43*VLOOKUP(C43,$C$150:$I$301,4,0)>VLOOKUP(C43,$C$150:$I$301,6,0),VLOOKUP(C43,$C$150:$I$301,6,0),D43*VLOOKUP(C43,$C$150:$I$301,4,0)))))))),"")
A44: =IF(B44="","",MAX($A$41:A43)+1) | B44: =IF(C44="","",IF(ISERROR(VLOOKUP(C44,$C$150:$I$301,2,0)),"",VLOOKUP(C44,$C$150:$I$301,2,0))) | E44: =IF(C44="","",IF(ISERROR(VLOOKUP(C44,$C$150:$I$301,3,0)),"",IF(VLOOKUP(C44,$C$150:$I$301,3,0)="","",VLOOKUP(C44,$C$150:$I$301,3,0)))) | F44: =IF(G44=0,IF(C44=$C$180,$H$180+(D44-$I$180)*$F$180,IF(C44=$C$193,$H$193+(D44-$I$193)*$F$193,IF(C44="","",IF(ISERROR(VLOOKUP(C44,$C$150:$I$301,2,0)),"",IF(D44=0,IF(VLOOKUP(C44,$C$150:$I$301,4,0)=0,VLOOKUP(C44,$C$150:$I$301,6,0),VLOOKUP(C44,$C$150:$I$301,4,0)),IF(VLOOKUP(C44,$C$150:$I$301,6,0)=0,D44*VLOOKUP(C44,$C$150:$I$301,4,0),IF(D44*VLOOKUP(C44,$C$150:$I$301,4,0)>VLOOKUP(C44,$C$150:$I$301,6,0),VLOOKUP(C44,$C$150:$I$301,6,0),D44*VLOOKUP(C44,$C$150:$I$301,4,0)))))))),"")
A45: =IF(B45="","",MAX($A$41:A44)+1) | B45: =IF(C45="","",IF(ISERROR(VLOOKUP(C45,$C$150:$I$301,2,0)),"",VLOOKUP(C45,$C$150:$I$301,2,0))) | E45: =IF(C45="","",IF(ISERROR(VLOOKUP(C45,$C$150:$I$301,3,0)),"",IF(VLOOKUP(C45,$C$150:$I$301,3,0)="","",VLOOKUP(C45,$C$150:$I$301,3,0)))) | F45: =IF(G45=0,IF(C45=$C$180,$H$180+(D45-$I$180)*$F$180,IF(C45=$C$193,$H$193+(D45-$I$193)*$F$193,IF(C45="","",IF(ISERROR(VLOOKUP(C45,$C$150:$I$301,2,0)),"",IF(D45=0,IF(VLOOKUP(C45,$C$150:$I$301,4,0)=0,VLOOKUP(C45,$C$150:$I$301,6,0),VLOOKUP(C45,$C$150:$I$301,4,0)),IF(VLOOKUP(C45,$C$150:$I$301,6,0)=0,D45*VLOOKUP(C45,$C$150:$I$301,4,0),IF(D45*VLOOKUP(C45,$C$150:$I$301,4,0)>VLOOKUP(C45,$C$150:$I$301,6,0),VLOOKUP(C45,$C$150:$I$301,6,0),D45*VLOOKUP(C45,$C$150:$I$301,4,0)))))))),"")
A46: =IF(B46="","",MAX($A$41:A45)+1) | B46: =IF(C46="","",IF(ISERROR(VLOOKUP(C46,$C$150:$I$301,2,0)),"",VLOOKUP(C46,$C$150:$I$301,2,0))) | E46: =IF(C46="","",IF(ISERROR(VLOOKUP(C46,$C$150:$I$301,3,0)),"",IF(VLOOKUP(C46,$C$150:$I$301,3,0)="","",VLOOKUP(C46,$C$150:$I$301,3,0)))) | F46: =IF(G46=0,IF(C46=$C$180,$H$180+(D46-$I$180)*$F$180,IF(C46=$C$193,$H$193+(D46-$I$193)*$F$193,IF(C46="","",IF(ISERROR(VLOOKUP(C46,$C$150:$I$301,2,0)),"",IF(D46=0,IF(VLOOKUP(C46,$C$150:$I$301,4,0)=0,VLOOKUP(C46,$C$150:$I$301,6,0),VLOOKUP(C46,$C$150:$I$301,4,0)),IF(VLOOKUP(C46,$C$150:$I$301,6,0)=0,D46*VLOOKUP(C46,$C$150:$I$301,4,0),IF(D46*VLOOKUP(C46,$C$150:$I$301,4,0)>VLOOKUP(C46,$C$150:$I$301,6,0),VLOOKUP(C46,$C$150:$I$301,6,0),D46*VLOOKUP(C46,$C$150:$I$301,4,0)))))))),"")
A47: =IF(B47="","",MAX($A$41:A46)+1) | B47: =IF(C47="","",IF(ISERROR(VLOOKUP(C47,$C$150:$I$301,2,0)),"",VLOOKUP(C47,$C$150:$I$301,2,0))) | E47: =IF(C47="","",IF(ISERROR(VLOOKUP(C47,$C$150:$I$301,3,0)),"",IF(VLOOKUP(C47,$C$150:$I$301,3,0)="","",VLOOKUP(C47,$C$150:$I$301,3,0)))) | F47: =IF(G47=0,IF(C47=$C$180,$H$180+(D47-$I$180)*$F$180,IF(C47=$C$193,$H$193+(D47-$I$193)*$F$193,IF(C47="","",IF(ISERROR(VLOOKUP(C47,$C$150:$I$301,2,0)),"",IF(D47=0,IF(VLOOKUP(C47,$C$150:$I$301,4,0)=0,VLOOKUP(C47,$C$150:$I$301,6,0),VLOOKUP(C47,$C$150:$I$301,4,0)),IF(VLOOKUP(C47,$C$150:$I$301,6,0)=0,D47*VLOOKUP(C47,$C$150:$I$301,4,0),IF(D47*VLOOKUP(C47,$C$150:$I$301,4,0)>VLOOKUP(C47,$C$150:$I$301,6,0),VLOOKUP(C47,$C$150:$I$301,6,0),D47*VLOOKUP(C47,$C$150:$I$301,4,0)))))))),"")
A48: =IF(B48="","",MAX($A$41:A47)+1) | B48: =IF(C48="","",IF(ISERROR(VLOOKUP(C48,$C$150:$I$301,2,0)),"",VLOOKUP(C48,$C$150:$I$301,2,0))) | E48: =IF(C48="","",IF(ISERROR(VLOOKUP(C48,$C$150:$I$301,3,0)),"",IF(VLOOKUP(C48,$C$150:$I$301,3,0)="","",VLOOKUP(C48,$C$150:$I$301,3,0)))) | F48: =IF(G48=0,IF(C48=$C$180,$H$180+(D48-$I$180)*$F$180,IF(C48=$C$193,$H$193+(D48-$I$193)*$F$193,IF(C48="","",IF(ISERROR(VLOOKUP(C48,$C$150:$I$301,2,0)),"",IF(D48=0,IF(VLOOKUP(C48,$C$150:$I$301,4,0)=0,VLOOKUP(C48,$C$150:$I$301,6,0),VLOOKUP(C48,$C$150:$I$301,4,0)),IF(VLOOKUP(C48,$C$150:$I$301,6,0)=0,D48*VLOOKUP(C48,$C$150:$I$301,4,0),IF(D48*VLOOKUP(C48,$C$150:$I$301,4,0)>VLOOKUP(C48,$C$150:$I$301,6,0),VLOOKUP(C48,$C$150:$I$301,6,0),D48*VLOOKUP(C48,$C$150:$I$301,4,0)))))))),"")
A49: =IF(B49="","",MAX($A$41:A48)+1) | B49: =IF(C49="","",IF(ISERROR(VLOOKUP(C49,$C$150:$I$301,2,0)),"",VLOOKUP(C49,$C$150:$I$301,2,0))) | E49: =IF(C49="","",IF(ISERROR(VLOOKUP(C49,$C$150:$I$301,3,0)),"",IF(VLOOKUP(C49,$C$150:$I$301,3,0)="","",VLOOKUP(C49,$C$150:$I$301,3,0)))) | F49: =IF(G49=0,IF(C49=$C$180,$H$180+(D49-$I$180)*$F$180,IF(C49=$C$193,$H$193+(D49-$I$193)*$F$193,IF(C49="","",IF(ISERROR(VLOOKUP(C49,$C$150:$I$301,2,0)),"",IF(D49=0,IF(VLOOKUP(C49,$C$150:$I$301,4,0)=0,VLOOKUP(C49,$C$150:$I$301,6,0),VLOOKUP(C49,$C$150:$I$301,4,0)),IF(VLOOKUP(C49,$C$150:$I$301,6,0)=0,D49*VLOOKUP(C49,$C$150:$I$301,4,0),IF(D49*VLOOKUP(C49,$C$150:$I$301,4,0)>VLOOKUP(C49,$C$150:$I$301,6,0),VLOOKUP(C49,$C$150:$I$301,6,0),D49*VLOOKUP(C49,$C$150:$I$301,4,0)))))))),"")
A50: =IF(B50="","",MAX($A$41:A49)+1) | B50: =IF(C50="","",IF(ISERROR(VLOOKUP(C50,$C$150:$I$301,2,0)),"",VLOOKUP(C50,$C$150:$I$301,2,0))) | E50: =IF(C50="","",IF(ISERROR(VLOOKUP(C50,$C$150:$I$301,3,0)),"",IF(VLOOKUP(C50,$C$150:$I$301,3,0)="","",VLOOKUP(C50,$C$150:$I$301,3,0)))) | F50: =IF(G50=0,IF(C50=$C$180,$H$180+(D50-$I$180)*$F$180,IF(C50=$C$193,$H$193+(D50-$I$193)*$F$193,IF(C50="","",IF(ISERROR(VLOOKUP(C50,$C$150:$I$301,2,0)),"",IF(D50=0,IF(VLOOKUP(C50,$C$150:$I$301,4,0)=0,VLOOKUP(C50,$C$150:$I$301,6,0),VLOOKUP(C50,$C$150:$I$301,4,0)),IF(VLOOKUP(C50,$C$150:$I$301,6,0)=0,D50*VLOOKUP(C50,$C$150:$I$301,4,0),IF(D50*VLOOKUP(C50,$C$150:$I$301,4,0)>VLOOKUP(C50,$C$150:$I$301,6,0),VLOOKUP(C50,$C$150:$I$301,6,0),D50*VLOOKUP(C50,$C$150:$I$301,4,0)))))))),"")
A51: =IF(B51="","",MAX($A$41:A50)+1) | B51: =IF(C51="","",IF(ISERROR(VLOOKUP(C51,$C$150:$I$301,2,0)),"",VLOOKUP(C51,$C$150:$I$301,2,0))) | E51: =IF(C51="","",IF(ISERROR(VLOOKUP(C51,$C$150:$I$301,3,0)),"",IF(VLOOKUP(C51,$C$150:$I$301,3,0)="","",VLOOKUP(C51,$C$150:$I$301,3,0)))) | F51: =IF(G51=0,IF(C51=$C$180,$H$180+(D51-$I$180)*$F$180,IF(C51=$C$193,$H$193+(D51-$I$193)*$F$193,IF(C51="","",IF(ISERROR(VLOOKUP(C51,$C$150:$I$301,2,0)),"",IF(D51=0,IF(VLOOKUP(C51,$C$150:$I$301,4,0)=0,VLOOKUP(C51,$C$150:$I$301,6,0),VLOOKUP(C51,$C$150:$I$301,4,0)),IF(VLOOKUP(C51,$C$150:$I$301,6,0)=0,D51*VLOOKUP(C51,$C$150:$I$301,4,0),IF(D51*VLOOKUP(C51,$C$150:$I$301,4,0)>VLOOKUP(C51,$C$150:$I$301,6,0),VLOOKUP(C51,$C$150:$I$301,6,0),D51*VLOOKUP(C51,$C$150:$I$301,4,0)))))))),"")
A52: =IF(B52="","",MAX($A$41:A51)+1) | B52: =IF(C52="","",IF(ISERROR(VLOOKUP(C52,$C$150:$I$301,2,0)),"",VLOOKUP(C52,$C$150:$I$301,2,0))) | E52: =IF(C52="","",IF(ISERROR(VLOOKUP(C52,$C$150:$I$301,3,0)),"",IF(VLOOKUP(C52,$C$150:$I$301,3,0)="","",VLOOKUP(C52,$C$150:$I$301,3,0)))) | F52: =IF(G52=0,IF(C52=$C$180,$H$180+(D52-$I$180)*$F$180,IF(C52=$C$193,$H$193+(D52-$I$193)*$F$193,IF(C52="","",IF(ISERROR(VLOOKUP(C52,$C$150:$I$301,2,0)),"",IF(D52=0,IF(VLOOKUP(C52,$C$150:$I$301,4,0)=0,VLOOKUP(C52,$C$150:$I$301,6,0),VLOOKUP(C52,$C$150:$I$301,4,0)),IF(VLOOKUP(C52,$C$150:$I$301,6,0)=0,D52*VLOOKUP(C52,$C$150:$I$301,4,0),IF(D52*VLOOKUP(C52,$C$150:$I$301,4,0)>VLOOKUP(C52,$C$150:$I$301,6,0),VLOOKUP(C52,$C$150:$I$301,6,0),D52*VLOOKUP(C52,$C$150:$I$301,4,0)))))))),"")
A53: =IF(B53="","",MAX($A$41:A52)+1) | B53: =IF(C53="","",IF(ISERROR(VLOOKUP(C53,$C$150:$I$301,2,0)),"",VLOOKUP(C53,$C$150:$I$301,2,0))) | E53: =IF(C53="","",IF(ISERROR(VLOOKUP(C53,$C$150:$I$301,3,0)),"",IF(VLOOKUP(C53,$C$150:$I$301,3,0)="","",VLOOKUP(C53,$C$150:$I$301,3,0)))) | F53: =IF(G53=0,IF(C53=$C$180,$H$180+(D53-$I$180)*$F$180,IF(C53=$C$193,$H$193+(D53-$I$193)*$F$193,IF(C53="","",IF(ISERROR(VLOOKUP(C53,$C$150:$I$301,2,0)),"",IF(D53=0,IF(VLOOKUP(C53,$C$150:$I$301,4,0)=0,VLOOKUP(C53,$C$150:$I$301,6,0),VLOOKUP(C53,$C$150:$I$301,4,0)),IF(VLOOKUP(C53,$C$150:$I$301,6,0)=0,D53*VLOOKUP(C53,$C$150:$I$301,4,0),IF(D53*VLOOKUP(C53,$C$150:$I$301,4,0)>VLOOKUP(C53,$C$150:$I$301,6,0),VLOOKUP(C53,$C$150:$I$301,6,0),D53*VLOOKUP(C53,$C$150:$I$301,4,0)))))))),"")
... A64: =IF(B64="","",MAX($A$41:A63)+1) | B64: =IF(C64="","",IF(ISERROR(VLOOKUP(C64,$C$150:$I$301,2,0)),"",VLOOKUP(C64,$C$150:$I$301,2,0))) | E64: =IF(C64="","",IF(ISERROR(VLOOKUP(C64,$C$150:$I$301,3,0)),"",IF(VLOOKUP(C64,$C$150:$I$301,3,0)="","",VLOOKUP(C64,$C$150:$I$301,3,0)))) | F64: =IF(G64=0,IF(C64=$C$180,$H$180+(D64-$I$180)*$F$180,IF(C64=$C$193,$H$193+(D64-$I$193)*$F$193,IF(C64="","",IF(ISERROR(VLOOKUP(C64,$C$150:$I$301,2,0)),"",IF(D64=0,IF(VLOOKUP(C64,$C$150:$I$301,4,0)=0,VLOOKUP(C64,$C$150:$I$301,6,0),VLOOKUP(C64,$C$150:$I$301,4,0)),IF(VLOOKUP(C64,$C$150:$I$301,6,0)=0,D64*VLOOKUP(C64,$C$150:$I$301,4,0),IF(D64*VLOOKUP(C64,$C$150:$I$301,4,0)>VLOOKUP(C64,$C$150:$I$301,6,0),VLOOKUP(C64,$C$150:$I$301,6,0),D64*VLOOKUP(C64,$C$150:$I$301,4,0)))))))),"")
A65: Всего за полугодие | F65: =SUM(F42:G64) -> 0 | H65: =SUM(H42:H64) -> 0
A66: Всего за год | F66: =SUM(F30,F65) -> 0 | H66: =SUM(H30,H65) -> 0
C68: __________________ | E68: Выполнение проверил | I68: ___________________________
C69: подпись преподавателя | I69: подпись начальника кафедры
B149: Индекс | C149: Вид работ | D149: =B149 -> Индекс | F149: Норматив | H149: Не более
B150: 1.1.1. | C150: Составление тематического плана изучения учебной дисциплины: разработка нового | D150: =B150 -> 1.1.1. | E150: час | F150: 18 | H150: 50
B151: 1.1.2. | C151: Составление тематического плана изучения учебной дисциплины: переработка дейтсвующего | D151: =B151 -> 1.1.2. | E151: час | F151: 6 | H151: 150
B152: 1.2.1. | C152: График последовательности прохождения учебной дисциплины: разработка нового | D152: =B152 -> 1.2.1. | E152: час | F152: 12 | H152: 100
B153: 1.2.2. | C153: График последовательности прохождения учебной дисциплины: переработка действующего | D153: =B153 -> 1.2.2. | E153: час | F153: 4
B154: 1.3.1. | C154: Разработка программы учебной дисциплины: примерной учебной программы | D154: =B154 -> 1.3.1. | E154: час | F154: 60
B155: 1.3.2. | C155: Разработка программы учебной дисциплины: рабочей программы учебной дисциплины | D155: =B155 -> 1.3.2. | E155: час | F155: 50
B156: 1.3.3. | C156: Разработка программы учебной дисциплины: переработка рабочей программы учебной дисциплины | D156: =B156 -> 1.3.3. | E156: час | F156: 30
B157: 1.3.4. | C157: Разработка программы учебной дисциплины: внесение изменений в рабочую программу учебной дисциплины | D157: =B157 -> 1.3.4. | E157: час | F157: 6 | H157: 90
B158: 1.4. | C158: Разработка программы государственной итоговой аттестации (квалификационного экзамена) | D158: =B158 -> 1.4. | E158: час | F158: 30 | H158: 150
B159: 1.5.1. | C159: Разработка тезисов или конспекта лекции: по вновь вводимой теме | D159: =B159 -> 1.5.1. | E159: час | F159: 9 | H159: 100
B160: 1.5.2. | C160: Разработка тезисов или конспекта лекции: по ранее читавшейся теме | D160: =B160 -> 1.5.2. | E160: час | F160: 3
B161: 1.6. | C161: Разработка фондовой лекции | D161: =B161 -> 1.6. | E161: час | F161: 12 | H161: 60
B162: 1.7. | C162: Переработка фондовой лекции | D162: =B162 -> 1.7. | E162: час | F162: 6 | H162: 30
B163: 1.8. | C163: Внесение изменений в фондовую лекцию | D163: =B163 -> 1.8. | E163: час | F163: 3 | H163: 24
B164: 1.9.1. | C164: Разработка УММ для проведения игр и учений (планов и методических разработок): кафедральных по дисциплине | D164: =B164 -> 1.9.1. | E164: час | F164: 6 | H164: 24
B165: 1.9.2. | C165: Разработка УММ для проведения игр и учений (планов и методических разработок): комплексных межкафедральных | D165: =B165 -> 1.9.2. | E165: час | F165: 10 | H165: 48
B166: 1.10.1. | C166: Переработка УММ для проведения игр и учений (планов и методических материалов): кафедральных по дисциплине | D166: =B166 -> 1.10.1. | E166: час | F166: 2 | H166: 24
B167: 1.10.2. | C167: Переработка УММ для проведения игр и учений (планов и методических материалов): комплексных межкафедральных | D167: =B167 -> 1.10.2. | E167: час | F167: 3
B168: 1.11. | C168: Работа над групповыми занятиями | D168: =B168 -> 1.11.
B169: 1.11.1.1. | C169: Разработка планов занятий: семинарских и практических занятий по вновь вводимой дисциплине | D169: =B169 -> 1.11.1.1. | E169: час | F169: 18
B170: 1.11.1.2. | C170: Разработка планов занятий: семинарских и практических занятий по ранее изучавшейся дисциплине | D170: =B170 -> 1.11.1.2. | E170: час | F170: 4 | H170: 500
B171: 1.11.1.3. | C171: Разработка планов занятий: новых планов бинарных (межкафедральных) занятий | D171: =B171 -> 1.11.1.3. | E171: час | F171: 12 | H171: 500
B172: 1.11.1.4. | C172: Разработка планов занятий: переработка действующих планов бинарных (межкафедральных) занятий | D172: =B172 -> 1.11.1.4. | H172: 100
B173: 1.11.2.1. | C173: Разработка методических рекомендаций по поведению семинарских, практических и бинарных занятий: для преподавателей по учебной дисциплине (модулю) | D173: =B173 -> 1.11.2.1. | E173: час | F173: 10
B174: 1.11.2.2. | C174: Разработка методических рекомендаций по поведению семинарских, практических и бинарных занятий: для преподавателей к конкретному занятию | D174: =B174 -> 1.11.2.2.
B175: 1.11.2.3. | C175: Разработка методических рекомендаций по поведению семинарских, практических и бинарных занятий: для самостоятельной работы обучающихся | D175: =B175 -> 1.11.2.3. | E175: час | F175: 10
B176: 1.11.3.1. | C176: Разработка практикумов: новых | D176: =B176 -> 1.11.3.1. | E176: час | F176: 60
B177: 1.11.3.2. | C177: Разработка практикумов: корректировка имеющихся | D177: =B177 -> 1.11.3.2. | E177: час | F177: 10
B178: 1.11.4.1. | C178: Разработка заданий на контрольные работы для обучающихся | D178: =B178 -> 1.11.4.1. | E178: час | F178: 2
B179: 1.11.4.2. | C179: Разработка тематики контрольных работ для обучающихся | D179: =B179 -> 1.11.4.2. | E179: час | F179: 12 | H179: 20
B180: 1.11.4.3. | C180: Разработка заданий для выполнения контрольных экспертиз | D180: =B180 -> 1.11.4.3. | E180: час | F180: 2 | H180: 20
B181: 1.11.5.1. | C181: Разработка тестов по дисциплинам: новых | D181: =B181 -> 1.11.5.1. | E181: час | F181: 30 | H181: 20
B182: 1.11.5.2. | C182: Разработка тестов по дисциплинам: корректировка имеющихся | D182: =B182 -> 1.11.5.2. | E182: час | F182: 6
B183: 1.12.1. | C183: Рефераты и курсовые работы по дисциплинам: разработка перечня тем | D183: =B183 -> 1.12.1. | E183: час | F183: 6 | H183: 30
B184: 1.12.2.1. | C184: Разработка методических рекомендаций по написанию: рефератов | D184: =B184 -> 1.12.2.1. | E184: час | F184: 12
B185: 1.12.2.2. | C185: Разработка методических рекомендаций по написанию: курсовых работ | D185: =B185 -> 1.12.2.2. | E185: час | F185: 30
B186: 1.12.2.3. | C186: Разработка методических рекомендаций по написанию: контрольных работ | D186: =B186 -> 1.12.2.3. | E186: час | F186: 20
B187: 1.13.1. | C187: Выпусккные квалификационные работы: разработка перечня тем | D187: =B187 -> 1.13.1. | E187: час | F187: 12
B188: 1.13.2. | C188: Разработка методических рекомендаций для обучающихся по подготовке и защите выпускных квалификационных работ | D188: =B188 -> 1.13.2. | E188: час | F188: 30
B189: 1.13.3. | C189: Разработка методических рекомендаций для руководителей выпускными квалификационными работами | D189: =B189 -> 1.13.3. | E189: час | F189: 30
B190: 1.14.1. | C190: Разработка программы практики | D190: =B190 -> 1.14.1. | E190: час | F190: 30
B191: 1.14.2. | C191: Внесение изменений в программу практики | D191: =B191 -> 1.14.2. | E191: час | F191: 6
B192: 1.14.3. | C192: Разработка методических рекомендаций по организации и проведению практики для руководителей | D192: =B192 -> 1.14.3. | E192: час | F192: 20
B193: 1.14.4. | C193: Разработка методических рекомендаций для обучающихся по прохождению практики | D193: =B193 -> 1.14.4. | E193: час | F193: 20 | H193: 30
B194: 1.15.1.1. | C194: Разработка материалов для проведения зачетов: разработка новых | D194: =B194 -> 1.15.1.1. | E194: час | F194: 8
B195: 1.15.1.2. | C195: Разработка материалов для проведения зачетов: корректировки имеющихся | D195: =B195 -> 1.15.1.2. | E195: час | F195: 4
B196: 1.15.2.1. | C196: Составление экзаменационных билетов для семестровых и курсовых экзаменов: новых | D196: =B196 -> 1.15.2.1. | E196: час | F196: 12
B197: 1.15.2.2. | C197: Составление экзаменационных билетов для семестровых и курсовых экзаменов: корректировка имеющихся | D197: =B197 -> 1.15.2.2. | E197: час | F197: 4
B198: 1.15.3. | C198: Подбор задачи к экзаменационному билету | D198: =B198 -> 1.15.3. | E198: час | F198: 0.33
B199: 1.15.4.1. | C199: Составление экзаменационных билетов для государственных экзаменов: новых | D199: =B199 -> 1.15.4.1. | E199: час | F199: 18
B200: 1.15.4.2. | C200: Составление экзаменационных билетов для государственных экзаменов: корректировка имеющихся | D200: =B200 -> 1.15.4.2. | E200: час | F200: 6
B201: 1.16.1. | C201: Разработка материалов для вступительных испытаний: экзаменационных билетов | D201: =B201 -> 1.16.1. | E201: час | F201: 18
B202: 1.16.2. | C202: Разработка материалов для вступительных испытаний: текстов изложений, диктантов | D202: =B202 -> 1.16.2. | E202: час | F202: 6
B203: 1.17. | C203: Организация проведения контрольного среза знаний | D203: =B203 -> 1.17. | E203: час | F203: 4
B204: 1.18.1. | C204: Разработка глоссария терминов и определений | D204: =B204 -> 1.18.1. | E204: час | F204: 6
B205: 1.18.2. | C205: Разработка макетов учебных дел | D205: =B205 -> 1.18.2. | E205: час | F205: 60
... B212: 1.22. | C212: Взаимное посещение учебного занятия и его обсуждения | D212: =B212 -> 1.22. | E212: час | F212: 1
...

Sheet Р. II. Изменения
A1: - 24 -
A3: ИЗМЕНЕНИЯ И ДОПОЛНЕНИЯ внесенные в РАЗДЕЛ II. МЕТОДИЧЕСКАЯ РАБОТА в течение 20 /20 учебного года
A4: № п/п | B4: Номер пункта, полугодия раздела 2 индивидуального плана | C4: Содержание изменений или дополнений | E4: Основание изменений или дополнений (реквизиты протокола заседания кафедры) | F4: Подпись начальника, заместителя начальника кафедры
A6: =IF(B6="","",MAX($A$5:A5)+1) | B6: =IF(C6="","",IF(ISERROR(VLOOKUP(C6,$C$153:$H$304,2,0)),"",VLOOKUP(C6,$C$153:$H$304,2,0)))
A7: =IF(B7="","",MAX($A$5:A6)+1) | B7: =IF(C7="","",IF(ISERROR(VLOOKUP(C7,$C$153:$H$304,2,0)),"",VLOOKUP(C7,$C$153:$H$304,2,0)))
A8: =IF(B8="","",MAX($A$5:A7)+1) | B8: =IF(C8="","",IF(ISERROR(VLOOKUP(C8,$C$153:$H$304,2,0)),"",VLOOKUP(C8,$C$153:$H$304,2,0)))
A9: =IF(B9="","",MAX($A$5:A8)+1) | B9: =IF(C9="","",IF(ISERROR(VLOOKUP(C9,$C$153:$H$304,2,0)),"",VLOOKUP(C9,$C$153:$H$304,2,0)))
A10: =IF(B10="","",MAX($A$5:A9)+1) | B10: =IF(C10="","",IF(ISERROR(VLOOKUP(C10,$C$153:$H$304,2,0)),"",VLOOKUP(C10,$C$153:$H$304,2,0)))
A11: =IF(B11="","",MAX($A$5:A10)+1) | B11: =IF(C11="","",IF(ISERROR(VLOOKUP(C11,$C$153:$H$304,2,0)),"",VLOOKUP(C11,$C$153:$H$304,2,0)))
A12: =IF(B12="","",MAX($A$5:A11)+1) | B12: =IF(C12="","",IF(ISERROR(VLOOKUP(C12,$C$153:$H$304,2,0)),"",VLOOKUP(C12,$C$153:$H$304,2,0)))
A13: =IF(B13="","",MAX($A$5:A12)+1) | B13: =IF(C13="","",IF(ISERROR(VLOOKUP(C13,$C$153:$H$304,2,0)),"",VLOOKUP(C13,$C$153:$H$304,2,0)))
A14: =IF(B14="","",MAX($A$5:A13)+1) | B14: =IF(C14="","",IF(ISERROR(VLOOKUP(C14,$C$153:$H$304,2,0)),"",VLOOKUP(C14,$C$153:$H$304,2,0)))
A15: =IF(B15="","",MAX($A$5:A14)+1) | B15: =IF(C15="","",IF(ISERROR(VLOOKUP(C15,$C$153:$H$304,2,0)),"",VLOOKUP(C15,$C$153:$H$304,2,0)))
A16: =IF(B16="","",MAX($A$5:A15)+1) | B16: =IF(C16="","",IF(ISERROR(VLOOKUP(C16,$C$153:$H$304,2,0)),"",VLOOKUP(C16,$C$153:$H$304,2,0)))
A17: =IF(B17="","",MAX($A$5:A16)+1) | B17: =IF(C17="","",IF(ISERROR(VLOOKUP(C17,$C$153:$H$304,2,0)),"",VLOOKUP(C17,$C$153:$H$304,2,0)))
... A31: =IF(B31="","",MAX($A$5:A30)+1) | B31: =IF(C31="","",IF(ISERROR(VLOOKUP(C31,$C$153:$H$304,2,0)),"",VLOOKUP(C31,$C$153:$H$304,2,0)))
A33: - 25 -
A35: СВЕДЕНИЯ о причинах невыполнения запланированных работ по РАЗДЕЛУ II. МЕТОДИЧЕСКАЯ РАБОТА в течение 20 / 20 учебного года
A36: № п/п | B36: Номер пункта, полугодия раздела 2 индивидуального плана | C36: Индекс | D36: Наименование и содержание работ | E36: Причина невыполнения
B64: __________________ | D64: Выполнение выполнил | E64: ___________________________
B65: подпись преподавателя | E65: подпись начальника кафедры
B152: Индекс | C152: Вид работ | D152: =B152 -> Индекс | F152: Норматив | H152: Не более
B153: 1.1.1. | C153: Составление тематического плана изучения учебной дисциплины: разработка нового | D153: =B153 -> 1.1.1. | E153: час | F153: 18 | H153: 50
B154: 1.1.2. | C154: Составление тематического плана изучения учебной дисциплины: переработка дейтсвующего | D154: =B154 -> 1.1.2. | E154: час | F154: 6 | H154: 150
B155: 1.2.1. | C155: График последовательности прохождения учебной дисциплины: разработка нового | D155: =B155 -> 1.2.1. | E155: час | F155: 12 | H155: 100
B156: 1.2.2. | C156: График последовательности прохождения учебной дисциплины: переработка действующего | D156: =B156 -> 1.2.2. | E156: час | F156: 4
B157: 1.3.1. | C157: Разработка программы учебной дисциплины: примерной учебной программы | D157: =B157 -> 1.3.1. | E157: час | F157: 60
B158: 1.3.2. | C158: Разработка программы учебной дисциплины: рабочей программы учебной дисциплины | D158: =B158 -> 1.3.2. | E158: час | F158: 50
B159: 1.3.3. | C159: Разработка программы учебной дисциплины: переработка рабочей программы учебной дисциплины | D159: =B159 -> 1.3.3. | E159: час | F159: 30
B160: 1.3.4. | C160: Разработка программы учебной дисциплины: внесение изменений в рабочую программу учебной дисциплины | D160: =B160 -> 1.3.4. | E160: час | F160: 6 | H160: 90
B161: 1.4. | C161: Разработка программы государственной итоговой аттестации (квалификационного экзамена) | D161: =B161 -> 1.4. | E161: час | F161: 30 | H161: 150
B162: 1.5.1. | C162: Разработка тезисов или конспекта лекции: по вновь вводимой теме | D162: =B162 -> 1.5.1. | E162: час | F162: 9 | H162: 100
B163: 1.5.2. | C163: Разработка тезисов или конспекта лекции: по ранее читавшейся теме | D163: =B163 -> 1.5.2. | E163: час | F163: 3
B164: 1.6. | C164: Разработка фондовой лекции | D164: =B164 -> 1.6. | E164: час | F164: 12 | H164: 60
B165: 1.7. | C165: Переработка фондовой лекции | D165: =B165 -> 1.7. | E165: час | F165: 6 | H165: 30
B166: 1.8. | C166: Внесение изменений в фондовую лекцию | D166: =B166 -> 1.8. | E166: час | F166: 3 | H166: 24
B167: 1.9.1. | C167: Разработка УММ для проведения игр и учений (планов и методических разработок): кафедральных по дисциплине | D167: =B167 -> 1.9.1. | E167: час | F167: 6 | H167: 24
B168: 1.9.2. | C168: Разработка УММ для проведения игр и учений (планов и методических разработок): комплексных межкафедральных | D168: =B168 -> 1.9.2. | E168: час | F168: 10 | H168: 48
B169: 1.10.1. | C169: Переработка УММ для проведения игр и учений (планов и методических материалов): кафедральных по дисциплине | D169: =B169 -> 1.10.1. | E169: час | F169: 2 | H169: 24
B170: 1.10.2. | C170: Переработка УММ для проведения игр и учений (планов и методических материалов): комплексных межкафедральных | D170: =B170 -> 1.10.2. | E170: час | F170: 3
B171: 1.11. | C171: Работа над групповыми занятиями | D171: =B171 -> 1.11.
B172: 1.11.1.1. | C172: Разработка планов занятий: семинарских и практических занятий по вновь вводимой дисциплине | D172: =B172 -> 1.11.1.1. | E172: час | F172: 18
B173: 1.11.1.2. | C173: Разработка планов занятий: семинарских и практических занятий по ранее изучавшейся дисциплине | D173: =B173 -> 1.11.1.2. | E173: час | F173: 4 | H173: 500
B174: 1.11.1.3. | C174: Разработка планов занятий: новых планов бинарных (межкафедральных) занятий | D174: =B174 -> 1.11.1.3. | E174: час | F174: 12 | H174: 500
B175: 1.11.1.4. | C175: Разработка планов занятий: переработка действующих планов бинарных (межкафедральных) занятий | D175: =B175 -> 1.11.1.4. | H175: 100
B176: 1.11.2.1. | C176: Разработка методических рекомендаций по поведению семинарских, практических и бинарных занятий: для преподавателей по учебной дисциплине (модулю) | D176: =B176 -> 1.11.2.1. | E176: час | F176: 10
B177: 1.11.2.2. | C177: Разработка методических рекомендаций по поведению семинарских, практических и бинарных занятий: для преподавателей к конкретному занятию | D177: =B177 -> 1.11.2.2.
B178: 1.11.2.3. | C178: Разработка методических рекомендаций по поведению семинарских, практических и бинарных занятий: для самостоятельной работы обучающихся | D178: =B178 -> 1.11.2.3. | E178: час | F178: 10
B179: 1.11.3.1. | C179: Разработка практикумов: новых | D179: =B179 -> 1.11.3.1. | E179: час | F179: 60
B180: 1.11.3.2. | C180: Разработка практикумов: корректировка имеющихся | D180: =B180 -> 1.11.3.2. | E180: час | F180: 10
B181: 1.11.4.1. | C181: Разработка заданий на контрольные работы для обучающихся | D181: =B181 -> 1.11.4.1. | E181: час | F181: 2
B182: 1.11.4.2. | C182: Разработка тематики контрольных работ для обучающихся | D182: =B182 -> 1.11.4.2. | E182: час | F182: 12 | H182: 20
B183: 1.11.4.3. | C183: Разработка заданий для выполнения контрольных экспертиз | D183: =B183 -> 1.11.4.3. | E183: час | F183: 2 | H183: 20
B184: 1.11.5.1. | C184: Разработка тестов по дисциплинам: новых | D184: =B184 -> 1.11.5.1. | E184: час | F184: 30 | H184: 20
B185: 1.11.5.2. | C185: Разработка тестов по дисциплинам: корректировка имеющихся | D185: =B185 -> 1.11.5.2. | E185: час | F185: 6
B186: 1.12.1. | C186: Рефераты и курсовые работы по дисциплинам: разработка перечня тем | D186: =B186 -> 1.12.1. | E186: час | F186: 6 | H186: 30
B187: 1.12.2.1. | C187: Разработка методических рекомендаций по написанию: рефератов | D187: =B187 -> 1.12.2.1. | E187: час | F187: 12
B188: 1.12.2.2. | C188: Разработка методических рекомендаций по написанию: курсовых работ | D188: =B188 -> 1.12.2.2. | E188: час | F188: 30
B189: 1.12.2.3. | C189: Разработка методических рекомендаций по написанию: контрольных работ | D189: =B189 -> 1.12.2.3. | E189: час | F189: 20
B190: 1.13.1. | C190: Выпусккные квалификационные работы: разработка перечня тем | D190: =B190 -> 1.13.1. | E190: час | F190: 12
B191: 1.13.2. | C191: Разработка методических рекомендаций для обучающихся по подготовке и защите выпускных квалификационных работ | D191: =B191 -> 1.13.2. | E191: час | F191: 30
B192: 1.13.3. | C192: Разработка методических рекомендаций для руководителей выпускными квалификационными работами | D192: =B192 -> 1.13.3. | E192: час | F192: 30
B193: 1.14.1. | C193: Разработка программы практики | D193: =B193 -> 1.14.1. | E193: час | F193: 30
B194: 1.14.2. | C194: Внесение изменений в программу практики | D194: =B194 -> 1.14.2. | E194: час | F194: 6
B195: 1.14.3. | C195: Разработка методических рекомендаций по организации и проведению практики для руководителей | D195: =B195 -> 1.14.3. | E195: час | F195: 20
B196: 1.14.4. | C196: Разработка методических рекомендаций для обучающихся по прохождению практики | D196: =B196 -> 1.14.4. | E196: час | F196: 20 | H196: 30
B197: 1.15.1.1. | C197: Разработка материалов для проведения зачетов: разработка новых | D197: =B197 -> 1.15.1.1. | E197: час | F197: 8
B198: 1.15.1.2. | C198: Разработка материалов для проведения зачетов: корректировки имеющихся | D198: =B198 -> 1.15.1.2. | E198: час | F198: 4
B199: 1.15.2.1. | C199: Составление экзаменационных билетов для семестровых и курсовых экзаменов: новых | D199: =B199 -> 1.15.2.1. | E199: час | F199: 12
B200: 1.15.2.2. | C200: Составление экзаменационных билетов для семестровых и курсовых экзаменов: корректировка имеющихся | D200: =B200 -> 1.15.2.2. | E200: час | F200: 4
B201: 1.15.3. | C201: Подбор задачи к экзаменационному билету | D201: =B201 -> 1.15.3. | E201: час | F201: 0.33
B202: 1.15.4.1. | C202: Составление экзаменационных билетов для государственных экзаменов: новых | D202: =B202 -> 1.15.4.1. | E202: час | F202: 18
B203: 1.15.4.2. | C203: Составление экзаменационных билетов для государственных экзаменов: корректировка имеющихся | D203: =B203 -> 1.15.4.2. | E203: час | F203: 6
B204: 1.16.1. | C204: Разработка материалов для вступительных испытаний: экзаменационных билетов | D204: =B204 -> 1.16.1. | E204: час | F204: 18
B205: 1.16.2. | C205: Разработка материалов для вступительных испытаний: текстов изложений, диктантов | D205: =B205 -> 1.16.2. | E205: час | F205: 6
B206: 1.17. | C206: Организация проведения контрольного среза знаний | D206: =B206 -> 1.17. | E206: час | F206: 4
B207: 1.18.1. | C207: Разработка глоссария терминов и определений | D207: =B207 -> 1.18.1. | E207: час | F207: 6
B208: 1.18.2. | C208: Разработка макетов учебных дел | D208: =B208 -> 1.18.2. | E208: час | F208: 60
... B215: 1.22. | C215: Взаимное посещение учебного занятия и его обсуждения | D215: =B215 -> 1.22. | E215: час | F215: 1
B216: 1.23. | C216: Участие в показательных, открытых и пробных занятиях | D216: =B216 -> 1.23. | E216: час | F216: 1 | H216: 12
B217: 1.24. | C217: Руководство предметно-методической секцией кафедры | D217: =B217 -> 1.24. | E217: час | F217: 90
B218: 1.25. | C218: Организационно-методичсекая работа на кафедре, факультете (начальник кафедры) | D218: =B218 -> 1.25. | E218: час | F218: 150
B219: 1.25. | C219: Организационно-методичсекая работа на кафедре, факультете (заместитель начальника кафедры) | D219: =B219 -> 1.25. | E219: час | F219: 100 | H219: 30
B220: 1.25. | C220: Организационно-методичсекая работа на кафедре, факультете (ответственный за сбор, направление обуччения) | D220: =B220 -> 1.25. | E220: час | F220: 50 | H220: 6
B221: 1.26. | C221: Руководство школой педагогического мастерства преподавателей | D221: =B221 -> 1.26. | E221: час | F221: 100
B222: 1.27. | C222: Руководтсво научным содержанием программы магистратуры | D222: =B222 -> 1.27. | E222: час | F222: 50
B223: 1.28. | C223: Участие в занятиях школы педагогического мастерства преподавателей | D223: =B223 -> 1.28. | E223: час | F223: 1 | H223: 18
B224: 1.29. | C224: Руководсвто внештатной юридической клиникой академии | D224: =B224 -> 1.29. | E224: час | F224: 60 | H224: 6
B225: 1.30. | C225: Работа в качестве педагога-куратора юридической клиники | D225: =B225 -> 1.30. | E225: час | F225: 30
B226: 1.31. | C226: Участие в работе методического совета | D226: =B226 -> 1.31. | E226: час | F226: 100
B227: 1.32. | C227: Участие в заседаниях кафедр, работе учебно-методических сборов, конференций, предметно-методических секций | D227: =B227 -> 1.32. | E227: час | F227: 1
B228: 1.33. | C228: Выполнение обязанностей ответственного секретаря приемной комиссии | D228: =B228 -> 1.33. | E228: час | F228: 500
B229: 1.34. | C229: Выполнение обязанностей заместителя ответственного секретаря приемной комиссии | D229: =B229 -> 1.34. | E229: час | F229: 500
B230: 1.35. | C230: Выполнение обязанностей председателя предметной приемной комиссии | D230: =B230 -> 1.35. | E230: час | F230: 100 | H230: 18
B231: 1.36. | C231: Выполнение обязанностей члена совета научно-экспериментальной лаборатории новых информационных технологий | D231: =B231 -> 1.36. | E231: час | F231: 100 | H231: 6
B232: 1.37. | C232: Рецензирование заключений экспертов по заданию экспертно-криминалистических подразделений | D232: =B232 -> 1.37. | E232: час | F232: 10 | H232: 4
B233: 1.38. | C233: Создание электронных учебных материалов для дистанционного образования | D233: =B233 -> 1.38. | H233: 6
B234: 1.38.1.1. | C234: Создание структуры электронного учебного курса: разработка новой | D234: =B234 -> 1.38.1.1. | E234: час | F234: 10 | H234: 60
B235: 1.38.1.2. | C235: Создание структуры электронного учебного курса: переработка действующей | D235: =B235 -> 1.38.1.2. | E235: час | F235: 5
B236: 1.38.2.1. | C236: Создание и интеграции текстового содержания в электронный учебный курс с настраиванием необходимых гиперссылок: разработка нового | D236: =B236 -> 1.38.2.1. | E236: час | F236: 2
...

Sheet Раздел 3.1
A1: - 26 -
A3: III. НАУЧНО-ИССЛЕДОВАТЕЛЬСКАЯ РАБОТА
A4: 3.1 НАУЧНО-ИССЛЕДОВАТЕЛЬСКАЯ РАБОТА ПРЕПОДАВАТЕЛЯ, НАУЧНОЕ РУКОВОДСТВО И КОНСУЛЬТИРОВАНИЕ
A5: 1-е полугодие
A6: № п/п | B6: Индекс | C6: Наименование вида работ | F6: Количество часов по | I6: Срок выполнения | J6: Отметка о выполнении
F7: плану | H7: факту
A8: =IF(B8="","",MAX($A$7:A7)+1) | B8: =IF(C8="","",IF(ISERROR(VLOOKUP(C8,$C$153:$I$183,2,0)),"",VLOOKUP(C8,$C$153:$I$183,2,0))) | E8: =IF(C8="","",IF(ISERROR(VLOOKUP(C8,$C$153:$I$181,3,0)),"",IF(VLOOKUP(C8,$C$153:$I$181,3,0)="","",VLOOKUP(C8,$C$153:$I$183,3,0)))) | F8: =IF(G8=0,IF(C8="","",IF(ISERROR(VLOOKUP(C8,$C$153:$I$183,2,0)),"",IF(D8=0,IF(VLOOKUP(C8,$C$153:$I$183,4,0)=0,VLOOKUP(C8,$C$153:$I$183,6,0),VLOOKUP(C8,$C$153:$I$183,4,0)),IF(VLOOKUP(C8,$C$153:$I$183,6,0)=0,D8*VLOOKUP(C8,$C$153:$I$183,4,0),IF(D8*VLOOKUP(C8,$C$153:$I$183,4,0)>VLOOKUP(C8,$C$153:$I$183,6,0),VLOOKUP(C8,$C$153:$I$183,6,0),D8*VLOOKUP(C8,$C$153:$I$183,4,0)))))),"")
A9: =IF(B9="","",MAX($A$7:A8)+1) | B9: =IF(C9="","",IF(ISERROR(VLOOKUP(C9,$C$153:$I$183,2,0)),"",VLOOKUP(C9,$C$153:$I$183,2,0))) | E9: =IF(C9="","",IF(ISERROR(VLOOKUP(C9,$C$153:$I$181,3,0)),"",IF(VLOOKUP(C9,$C$153:$I$181,3,0)="","",VLOOKUP(C9,$C$153:$I$183,3,0)))) | F9: =IF(G9=0,IF(C9="","",IF(ISERROR(VLOOKUP(C9,$C$153:$I$183,2,0)),"",IF(D9=0,IF(VLOOKUP(C9,$C$153:$I$183,4,0)=0,VLOOKUP(C9,$C$153:$I$183,6,0),VLOOKUP(C9,$C$153:$I$183,4,0)),IF(VLOOKUP(C9,$C$153:$I$183,6,0)=0,D9*VLOOKUP(C9,$C$153:$I$183,4,0),IF(D9*VLOOKUP(C9,$C$153:$I$183,4,0)>VLOOKUP(C9,$C$153:$I$183,6,0),VLOOKUP(C9,$C$153:$I$183,6,0),D9*VLOOKUP(C9,$C$153:$I$183,4,0)))))),"")
A10: =IF(B10="","",MAX($A$7:A9)+1) | B10: =IF(C10="","",IF(ISERROR(VLOOKUP(C10,$C$153:$I$183,2,0)),"",VLOOKUP(C10,$C$153:$I$183,2,0))) | E10: =IF(C10="","",IF(ISERROR(VLOOKUP(C10,$C$153:$I$181,3,0)),"",IF(VLOOKUP(C10,$C$153:$I$181,3,0)="","",VLOOKUP(C10,$C$153:$I$183,3,0)))) | F10: =IF(G10=0,IF(C10="","",IF(ISERROR(VLOOKUP(C10,$C$153:$I$183,2,0)),"",IF(D10=0,IF(VLOOKUP(C10,$C$153:$I$183,4,0)=0,VLOOKUP(C10,$C$153:$I$183,6,0),VLOOKUP(C10,$C$153:$I$183,4,0)),IF(VLOOKUP(C10,$C$153:$I$183,6,0)=0,D10*VLOOKUP(C10,$C$153:$I$183,4,0),IF(D10*VLOOKUP(C10,$C$153:$I$183,4,0)>VLOOKUP(C10,$C$153:$I$183,6,0),VLOOKUP(C10,$C$153:$I$183,6,0),D10*VLOOKUP(C10,$C$153:$I$183,4,0)))))),"")
A11: =IF(B11="","",MAX($A$7:A10)+1) | B11: =IF(C11="","",IF(ISERROR(VLOOKUP(C11,$C$153:$I$183,2,0)),"",VLOOKUP(C11,$C$153:$I$183,2,0))) | E11: =IF(C11="","",IF(ISERROR(VLOOKUP(C11,$C$153:$I$181,3,0)),"",IF(VLOOKUP(C11,$C$153:$I$181,3,0)="","",VLOOKUP(C11,$C$153:$I$183,3,0)))) | F11: =IF(G11=0,IF(C11="","",IF(ISERROR(VLOOKUP(C11,$C$153:$I$183,2,0)),"",IF(D11=0,IF(VLOOKUP(C11,$C$153:$I$183,4,0)=0,VLOOKUP(C11,$C$153:$I$183,6,0),VLOOKUP(C11,$C$153:$I$183,4,0)),IF(VLOOKUP(C11,$C$153:$I$183,6,0)=0,D11*VLOOKUP(C11,$C$153:$I$183,4,0),IF(D11*VLOOKUP(C11,$C$153:$I$183,4,0)>VLOOKUP(C11,$C$153:$I$183,6,0),VLOOKUP(C11,$C$153:$I$183,6,0),D11*VLOOKUP(C11,$C$153:$I$183,4,0)))))),"")
A12: =IF(B12="","",MAX($A$7:A11)+1) | B12: =IF(C12="","",IF(ISERROR(VLOOKUP(C12,$C$153:$I$183,2,0)),"",VLOOKUP(C12,$C$153:$I$183,2,0))) | E12: =IF(C12="","",IF(ISERROR(VLOOKUP(C12,$C$153:$I$181,3,0)),"",IF(VLOOKUP(C12,$C$153:$I$181,3,0)="","",VLOOKUP(C12,$C$153:$I$183,3,0)))) | F12: =IF(G12=0,IF(C12="","",IF(ISERROR(VLOOKUP(C12,$C$153:$I$183,2,0)),"",IF(D12=0,IF(VLOOKUP(C12,$C$153:$I$183,4,0)=0,VLOOKUP(C12,$C$153:$I$183,6,0),VLOOKUP(C12,$C$153:$I$183,4,0)),IF(VLOOKUP(C12,$C$153:$I$183,6,0)=0,D12*VLOOKUP(C12,$C$153:$I$183,4,0),IF(D12*VLOOKUP(C12,$C$153:$I$183,4,0)>VLOOKUP(C12,$C$153:$I$183,6,0),VLOOKUP(C12,$C$153:$I$183,6,0),D12*VLOOKUP(C12,$C$153:$I$183,4,0)))))),"")
A13: =IF(B13="","",MAX($A$7:A12)+1) | B13: =IF(C13="","",IF(ISERROR(VLOOKUP(C13,$C$153:$I$183,2,0)),"",VLOOKUP(C13,$C$153:$I$183,2,0))) | E13: =IF(C13="","",IF(ISERROR(VLOOKUP(C13,$C$153:$I$181,3,0)),"",IF(VLOOKUP(C13,$C$153:$I$181,3,0)="","",VLOOKUP(C13,$C$153:$I$183,3,0)))) | F13: =IF(G13=0,IF(C13="","",IF(ISERROR(VLOOKUP(C13,$C$153:$I$183,2,0)),"",IF(D13=0,IF(VLOOKUP(C13,$C$153:$I$183,4,0)=0,VLOOKUP(C13,$C$153:$I$183,6,0),VLOOKUP(C13,$C$153:$I$183,4,0)),IF(VLOOKUP(C13,$C$153:$I$183,6,0)=0,D13*VLOOKUP(C13,$C$153:$I$183,4,0),IF(D13*VLOOKUP(C13,$C$153:$I$183,4,0)>VLOOKUP(C13,$C$153:$I$183,6,0),VLOOKUP(C13,$C$153:$I$183,6,0),D13*VLOOKUP(C13,$C$153:$I$183,4,0)))))),"")
A14: =IF(B14="","",MAX($A$7:A13)+1) | B14: =IF(C14="","",IF(ISERROR(VLOOKUP(C14,$C$153:$I$183,2,0)),"",VLOOKUP(C14,$C$153:$I$183,2,0))) | E14: =IF(C14="","",IF(ISERROR(VLOOKUP(C14,$C$153:$I$181,3,0)),"",IF(VLOOKUP(C14,$C$153:$I$181,3,0)="","",VLOOKUP(C14,$C$153:$I$183,3,0)))) | F14: =IF(G14=0,IF(C14="","",IF(ISERROR(VLOOKUP(C14,$C$153:$I$183,2,0)),"",IF(D14=0,IF(VLOOKUP(C14,$C$153:$I$183,4,0)=0,VLOOKUP(C14,$C$153:$I$183,6,0),VLOOKUP(C14,$C$153:$I$183,4,0)),IF(VLOOKUP(C14,$C$153:$I$183,6,0)=0,D14*VLOOKUP(C14,$C$153:$I$183,4,0),IF(D14*VLOOKUP(C14,$C$153:$I$183,4,0)>VLOOKUP(C14,$C$153:$I$183,6,0),VLOOKUP(C14,$C$153:$I$183,6,0),D14*VLOOKUP(C14,$C$153:$I$183,4,0)))))),"")
A15: =IF(B15="","",MAX($A$7:A14)+1) | B15: =IF(C15="","",IF(ISERROR(VLOOKUP(C15,$C$153:$I$183,2,0)),"",VLOOKUP(C15,$C$153:$I$183,2,0))) | E15: =IF(C15="","",IF(ISERROR(VLOOKUP(C15,$C$153:$I$181,3,0)),"",IF(VLOOKUP(C15,$C$153:$I$181,3,0)="","",VLOOKUP(C15,$C$153:$I$183,3,0)))) | F15: =IF(G15=0,IF(C15="","",IF(ISERROR(VLOOKUP(C15,$C$153:$I$183,2,0)),"",IF(D15=0,IF(VLOOKUP(C15,$C$153:$I$183,4,0)=0,VLOOKUP(C15,$C$153:$I$183,6,0),VLOOKUP(C15,$C$153:$I$183,4,0)),IF(VLOOKUP(C15,$C$153:$I$183,6,0)=0,D15*VLOOKUP(C15,$C$153:$I$183,4,0),IF(D15*VLOOKUP(C15,$C$153:$I$183,4,0)>VLOOKUP(C15,$C$153:$I$183,6,0),VLOOKUP(C15,$C$153:$I$183,6,0),D15*VLOOKUP(C15,$C$153:$I$183,4,0)))))),"")
A16: =IF(B16="","",MAX($A$7:A15)+1) | B16: =IF(C16="","",IF(ISERROR(VLOOKUP(C16,$C$153:$I$183,2,0)),"",VLOOKUP(C16,$C$153:$I$183,2,0))) | E16: =IF(C16="","",IF(ISERROR(VLOOKUP(C16,$C$153:$I$181,3,0)),"",IF(VLOOKUP(C16,$C$153:$I$181,3,0)="","",VLOOKUP(C16,$C$153:$I$183,3,0)))) | F16: =IF(G16=0,IF(C16="","",IF(ISERROR(VLOOKUP(C16,$C$153:$I$183,2,0)),"",IF(D16=0,IF(VLOOKUP(C16,$C$153:$I$183,4,0)=0,VLOOKUP(C16,$C$153:$I$183,6,0),VLOOKUP(C16,$C$153:$I$183,4,0)),IF(VLOOKUP(C16,$C$153:$I$183,6,0)=0,D16*VLOOKUP(C16,$C$153:$I$183,4,0),IF(D16*VLOOKUP(C16,$C$153:$I$183,4,0)>VLOOKUP(C16,$C$153:$I$183,6,0),VLOOKUP(C16,$C$153:$I$183,6,0),D16*VLOOKUP(C16,$C$153:$I$183,4,0)))))),"")
A17: =IF(B17="","",MAX($A$7:A16)+1) | B17: =IF(C17="","",IF(ISERROR(VLOOKUP(C17,$C$153:$I$183,2,0)),"",VLOOKUP(C17,$C$153:$I$183,2,0))) | E17: =IF(C17="","",IF(ISERROR(VLOOKUP(C17,$C$153:$I$181,3,0)),"",IF(VLOOKUP(C17,$C$153:$I$181,3,0)="","",VLOOKUP(C17,$C$153:$I$183,3,0)))) | F17: =IF(G17=0,IF(C17="","",IF(ISERROR(VLOOKUP(C17,$C$153:$I$183,2,0)),"",IF(D17=0,IF(VLOOKUP(C17,$C$153:$I$183,4,0)=0,VLOOKUP(C17,$C$153:$I$183,6,0),VLOOKUP(C17,$C$153:$I$183,4,0)),IF(VLOOKUP(C17,$C$153:$I$183,6,0)=0,D17*VLOOKUP(C17,$C$153:$I$183,4,0),IF(D17*VLOOKUP(C17,$C$153:$I$183,4,0)>VLOOKUP(C17,$C$153:$I$183,6,0),VLOOKUP(C17,$C$153:$I$183,6,0),D17*VLOOKUP(C17,$C$153:$I$183,4,0)))))),"")
A18: =IF(B18="","",MAX($A$7:A17)+1) | B18: =IF(C18="","",IF(ISERROR(VLOOKUP(C18,$C$153:$I$183,2,0)),"",VLOOKUP(C18,$C$153:$I$183,2,0))) | E18: =IF(C18="","",IF(ISERROR(VLOOKUP(C18,$C$153:$I$181,3,0)),"",IF(VLOOKUP(C18,$C$153:$I$181,3,0)="","",VLOOKUP(C18,$C$153:$I$183,3,0)))) | F18: =IF(G18=0,IF(C18="","",IF(ISERROR(VLOOKUP(C18,$C$153:$I$183,2,0)),"",IF(D18=0,IF(VLOOKUP(C18,$C$153:$I$183,4,0)=0,VLOOKUP(C18,$C$153:$I$183,6,0),VLOOKUP(C18,$C$153:$I$183,4,0)),IF(VLOOKUP(C18,$C$153:$I$183,6,0)=0,D18*VLOOKUP(C18,$C$153:$I$183,4,0),IF(D18*VLOOKUP(C18,$C$153:$I$183,4,0)>VLOOKUP(C18,$C$153:$I$183,6,0),VLOOKUP(C18,$C$153:$I$183,6,0),D18*VLOOKUP(C18,$C$153:$I$183,4,0)))))),"")
A19: =IF(B19="","",MAX($A$7:A18)+1) | B19: =IF(C19="","",IF(ISERROR(VLOOKUP(C19,$C$153:$I$183,2,0)),"",VLOOKUP(C19,$C$153:$I$183,2,0))) | E19: =IF(C19="","",IF(ISERROR(VLOOKUP(C19,$C$153:$I$181,3,0)),"",IF(VLOOKUP(C19,$C$153:$I$181,3,0)="","",VLOOKUP(C19,$C$153:$I$183,3,0)))) | F19: =IF(G19=0,IF(C19="","",IF(ISERROR(VLOOKUP(C19,$C$153:$I$183,2,0)),"",IF(D19=0,IF(VLOOKUP(C19,$C$153:$I$183,4,0)=0,VLOOKUP(C19,$C$153:$I$183,6,0),VLOOKUP(C19,$C$153:$I$183,4,0)),IF(VLOOKUP(C19,$C$153:$I$183,6,0)=0,D19*VLOOKUP(C19,$C$153:$I$183,4,0),IF(D19*VLOOKUP(C19,$C$153:$I$183,4,0)>VLOOKUP(C19,$C$153:$I$183,6,0),VLOOKUP(C19,$C$153:$I$183,6,0),D19*VLOOKUP(C19,$C$153:$I$183,4,0)))))),"")
... A33: =IF(B33="","",MAX($A$7:A32)+1) | B33: =IF(C33="","",IF(ISERROR(VLOOKUP(C33,$C$153:$I$183,2,0)),"",VLOOKUP(C33,$C$153:$I$183,2,0))) | E33: =IF(C33="","",IF(ISERROR(VLOOKUP(C33,$C$153:$I$181,3,0)),"",IF(VLOOKUP(C33,$C$153:$I$181,3,0)="","",VLOOKUP(C33,$C$153:$I$183,3,0)))) | F33: =IF(G33=0,IF(C33="","",IF(ISERROR(VLOOKUP(C33,$C$153:$I$183,2,0)),"",IF(D33=0,IF(VLOOKUP(C33,$C$153:$I$183,4,0)=0,VLOOKUP(C33,$C$153:$I$183,6,0),VLOOKUP(C33,$C$153:$I$183,4,0)),IF(VLOOKUP(C33,$C$153:$I$183,6,0)=0,D33*VLOOKUP(C33,$C$153:$I$183,4,0),IF(D33*VLOOKUP(C33,$C$153:$I$183,4,0)>VLOOKUP(C33,$C$153:$I$183,6,0),VLOOKUP(C33,$C$153:$I$183,6,0),D33*VLOOKUP(C33,$C$153:$I$183,4,0)))))),"")
A35: - 27 -
A37: № п/п | B37: Индекс | C37: Наименование вида работ | F37: Количество часов по | I37: Срок выполнения | J37: Отметка о выполнении
F38: плану | H38: факту
A39: =IF(B39="","",MAX($A$38:A38)+1) | B39: =IF(C39="","",IF(ISERROR(VLOOKUP(C39,$C$153:$I$183,2,0)),"",VLOOKUP(C39,$C$153:$I$183,2,0))) | E39: =IF(C39="","",IF(ISERROR(VLOOKUP(C39,$C$153:$I$283,3,0)),"",IF(VLOOKUP(C39,$C$153:$I$283,3,0)="","",VLOOKUP(C39,$C$153:$I$183,3,0)))) | F39: =IF(G39=0,IF(C39="","",IF(ISERROR(VLOOKUP(C39,$C$153:$I$183,2,0)),"",IF(D39=0,IF(VLOOKUP(C39,$C$153:$I$183,4,0)=0,VLOOKUP(C39,$C$153:$I$183,6,0),VLOOKUP(C39,$C$153:$I$183,4,0)),IF(VLOOKUP(C39,$C$153:$I$183,6,0)=0,D39*VLOOKUP(C39,$C$153:$I$183,4,0),IF(D39*VLOOKUP(C39,$C$153:$I$183,4,0)>VLOOKUP(C39,$C$153:$I$183,6,0),VLOOKUP(C39,$C$153:$I$183,6,0),D39*VLOOKUP(C39,$C$153:$I$183,4,0)))))),"")
A40: =IF(B40="","",MAX($A$38:A39)+1) | B40: =IF(C40="","",IF(ISERROR(VLOOKUP(C40,$C$153:$I$183,2,0)),"",VLOOKUP(C40,$C$153:$I$183,2,0))) | E40: =IF(C40="","",IF(ISERROR(VLOOKUP(C40,$C$153:$I$283,3,0)),"",IF(VLOOKUP(C40,$C$153:$I$283,3,0)="","",VLOOKUP(C40,$C$153:$I$183,3,0)))) | F40: =IF(G40=0,IF(C40="","",IF(ISERROR(VLOOKUP(C40,$C$153:$I$183,2,0)),"",IF(D40=0,IF(VLOOKUP(C40,$C$153:$I$183,4,0)=0,VLOOKUP(C40,$C$153:$I$183,6,0),VLOOKUP(C40,$C$153:$I$183,4,0)),IF(VLOOKUP(C40,$C$153:$I$183,6,0)=0,D40*VLOOKUP(C40,$C$153:$I$183,4,0),IF(D40*VLOOKUP(C40,$C$153:$I$183,4,0)>VLOOKUP(C40,$C$153:$I$183,6,0),VLOOKUP(C40,$C$153:$I$183,6,0),D40*VLOOKUP(C40,$C$153:$I$183,4,0)))))),"")
A41: =IF(B41="","",MAX($A$38:A40)+1) | B41: =IF(C41="","",IF(ISERROR(VLOOKUP(C41,$C$153:$I$183,2,0)),"",VLOOKUP(C41,$C$153:$I$183,2,0))) | E41: =IF(C41="","",IF(ISERROR(VLOOKUP(C41,$C$153:$I$283,3,0)),"",IF(VLOOKUP(C41,$C$153:$I$283,3,0)="","",VLOOKUP(C41,$C$153:$I$183,3,0)))) | F41: =IF(G41=0,IF(C41="","",IF(ISERROR(VLOOKUP(C41,$C$153:$I$183,2,0)),"",IF(D41=0,IF(VLOOKUP(C41,$C$153:$I$183,4,0)=0,VLOOKUP(C41,$C$153:$I$183,6,0),VLOOKUP(C41,$C$153:$I$183,4,0)),IF(VLOOKUP(C41,$C$153:$I$183,6,0)=0,D41*VLOOKUP(C41,$C$153:$I$183,4,0),IF(D41*VLOOKUP(C41,$C$153:$I$183,4,0)>VLOOKUP(C41,$C$153:$I$183,6,0),VLOOKUP(C41,$C$153:$I$183,6,0),D41*VLOOKUP(C41,$C$153:$I$183,4,0)))))),"")
A42: =IF(B42="","",MAX($A$38:A41)+1) | B42: =IF(C42="","",IF(ISERROR(VLOOKUP(C42,$C$153:$I$183,2,0)),"",VLOOKUP(C42,$C$153:$I$183,2,0))) | E42: =IF(C42="","",IF(ISERROR(VLOOKUP(C42,$C$153:$I$283,3,0)),"",IF(VLOOKUP(C42,$C$153:$I$283,3,0)="","",VLOOKUP(C42,$C$153:$I$183,3,0)))) | F42: =IF(G42=0,IF(C42="","",IF(ISERROR(VLOOKUP(C42,$C$153:$I$183,2,0)),"",IF(D42=0,IF(VLOOKUP(C42,$C$153:$I$183,4,0)=0,VLOOKUP(C42,$C$153:$I$183,6,0),VLOOKUP(C42,$C$153:$I$183,4,0)),IF(VLOOKUP(C42,$C$153:$I$183,6,0)=0,D42*VLOOKUP(C42,$C$153:$I$183,4,0),IF(D42*VLOOKUP(C42,$C$153:$I$183,4,0)>VLOOKUP(C42,$C$153:$I$183,6,0),VLOOKUP(C42,$C$153:$I$183,6,0),D42*VLOOKUP(C42,$C$153:$I$183,4,0)))))),"")
A43: =IF(B43="","",MAX($A$38:A42)+1) | B43: =IF(C43="","",IF(ISERROR(VLOOKUP(C43,$C$153:$I$183,2,0)),"",VLOOKUP(C43,$C$153:$I$183,2,0))) | E43: =IF(C43="","",IF(ISERROR(VLOOKUP(C43,$C$153:$I$283,3,0)),"",IF(VLOOKUP(C43,$C$153:$I$283,3,0)="","",VLOOKUP(C43,$C$153:$I$183,3,0)))) | F43: =IF(G43=0,IF(C43="","",IF(ISERROR(VLOOKUP(C43,$C$153:$I$183,2,0)),"",IF(D43=0,IF(VLOOKUP(C43,$C$153:$I$183,4,0)=0,VLOOKUP(C43,$C$153:$I$183,6,0),VLOOKUP(C43,$C$153:$I$183,4,0)),IF(VLOOKUP(C43,$C$153:$I$183,6,0)=0,D43*VLOOKUP(C43,$C$153:$I$183,4,0),IF(D43*VLOOKUP(C43,$C$153:$I$183,4,0)>VLOOKUP(C43,$C$153:$I$183,6,0),VLOOKUP(C43,$C$153:$I$183,6,0),D43*VLOOKUP(C43,$C$153:$I$183,4,0)))))),"")
A44: =IF(B44="","",MAX($A$38:A43)+1) | B44: =IF(C44="","",IF(ISERROR(VLOOKUP(C44,$C$153:$I$183,2,0)),"",VLOOKUP(C44,$C$153:$I$183,2,0))) | E44: =IF(C44="","",IF(ISERROR(VLOOKUP(C44,$C$153:$I$283,3,0)),"",IF(VLOOKUP(C44,$C$153:$I$283,3,0)="","",VLOOKUP(C44,$C$153:$I$183,3,0)))) | F44: =IF(G44=0,IF(C44="","",IF(ISERROR(VLOOKUP(C44,$C$153:$I$183,2,0)),"",IF(D44=0,IF(VLOOKUP(C44,$C$153:$I$183,4,0)=0,VLOOKUP(C44,$C$153:$I$183,6,0),VLOOKUP(C44,$C$153:$I$183,4,0)),IF(VLOOKUP(C44,$C$153:$I$183,6,0)=0,D44*VLOOKUP(C44,$C$153:$I$183,4,0),IF(D44*VLOOKUP(C44,$C$153:$I$183,4,0)>VLOOKUP(C44,$C$153:$I$183,6,0),VLOOKUP(C44,$C$153:$I$183,6,0),D44*VLOOKUP(C44,$C$153:$I$183,4,0)))))),"")
A45: =IF(B45="","",MAX($A$38:A44)+1) | B45: =IF(C45="","",IF(ISERROR(VLOOKUP(C45,$C$153:$I$183,2,0)),"",VLOOKUP(C45,$C$153:$I$183,2,0))) | E45: =IF(C45="","",IF(ISERROR(VLOOKUP(C45,$C$153:$I$283,3,0)),"",IF(VLOOKUP(C45,$C$153:$I$283,3,0)="","",VLOOKUP(C45,$C$153:$I$183,3,0)))) | F45: =IF(G45=0,IF(C45="","",IF(ISERROR(VLOOKUP(C45,$C$153:$I$183,2,0)),"",IF(D45=0,IF(VLOOKUP(C45,$C$153:$I$183,4,0)=0,VLOOKUP(C45,$C$153:$I$183,6,0),VLOOKUP(C45,$C$153:$I$183,4,0)),IF(VLOOKUP(C45,$C$153:$I$183,6,0)=0,D45*VLOOKUP(C45,$C$153:$I$183,4,0),IF(D45*VLOOKUP(C45,$C$153:$I$183,4,0)>VLOOKUP(C45,$C$153:$I$183,6,0),VLOOKUP(C45,$C$153:$I$183,6,0),D45*VLOOKUP(C45,$C$153:$I$183,4,0)))))),"")
A46: =IF(B46="","",MAX($A$38:A45)+1) | B46: =IF(C46="","",IF(ISERROR(VLOOKUP(C46,$C$153:$I$183,2,0)),"",VLOOKUP(C46,$C$153:$I$183,2,0))) | E46: =IF(C46="","",IF(ISERROR(VLOOKUP(C46,$C$153:$I$283,3,0)),"",IF(VLOOKUP(C46,$C$153:$I$283,3,0)="","",VLOOKUP(C46,$C$153:$I$183,3,0)))) | F46: =IF(G46=0,IF(C46="","",IF(ISERROR(VLOOKUP(C46,$C$153:$I$183,2,0)),"",IF(D46=0,IF(VLOOKUP(C46,$C$153:$I$183,4,0)=0,VLOOKUP(C46,$C$153:$I$183,6,0),VLOOKUP(C46,$C$153:$I$183,4,0)),IF(VLOOKUP(C46,$C$153:$I$183,6,0)=0,D46*VLOOKUP(C46,$C$153:$I$183,4,0),IF(D46*VLOOKUP(C46,$C$153:$I$183,4,0)>VLOOKUP(C46,$C$153:$I$183,6,0),VLOOKUP(C46,$C$153:$I$183,6,0),D46*VLOOKUP(C46,$C$153:$I$183,4,0)))))),"")
A47: =IF(B47="","",MAX($A$38:A46)+1) | B47: =IF(C47="","",IF(ISERROR(VLOOKUP(C47,$C$153:$I$183,2,0)),"",VLOOKUP(C47,$C$153:$I$183,2,0))) | E47: =IF(C47="","",IF(ISERROR(VLOOKUP(C47,$C$153:$I$283,3,0)),"",IF(VLOOKUP(C47,$C$153:$I$283,3,0)="","",VLOOKUP(C47,$C$153:$I$183,3,0)))) | F47: =IF(G47=0,IF(C47="","",IF(ISERROR(VLOOKUP(C47,$C$153:$I$183,2,0)),"",IF(D47=0,IF(VLOOKUP(C47,$C$153:$I$183,4,0)=0,VLOOKUP(C47,$C$153:$I$183,6,0),VLOOKUP(C47,$C$153:$I$183,4,0)),IF(VLOOKUP(C47,$C$153:$I$183,6,0)=0,D47*VLOOKUP(C47,$C$153:$I$183,4,0),IF(D47*VLOOKUP(C47,$C$153:$I$183,4,0)>VLOOKUP(C47,$C$153:$I$183,6,0),VLOOKUP(C47,$C$153:$I$183,6,0),D47*VLOOKUP(C47,$C$153:$I$183,4,0)))))),"")
A48: =IF(B48="","",MAX($A$38:A47)+1) | B48: =IF(C48="","",IF(ISERROR(VLOOKUP(C48,$C$153:$I$183,2,0)),"",VLOOKUP(C48,$C$153:$I$183,2,0))) | E48: =IF(C48="","",IF(ISERROR(VLOOKUP(C48,$C$153:$I$283,3,0)),"",IF(VLOOKUP(C48,$C$153:$I$283,3,0)="","",VLOOKUP(C48,$C$153:$I$183,3,0)))) | F48: =IF(G48=0,IF(C48="","",IF(ISERROR(VLOOKUP(C48,$C$153:$I$183,2,0)),"",IF(D48=0,IF(VLOOKUP(C48,$C$153:$I$183,4,0)=0,VLOOKUP(C48,$C$153:$I$183,6,0),VLOOKUP(C48,$C$153:$I$183,4,0)),IF(VLOOKUP(C48,$C$153:$I$183,6,0)=0,D48*VLOOKUP(C48,$C$153:$I$183,4,0),IF(D48*VLOOKUP(C48,$C$153:$I$183,4,0)>VLOOKUP(C48,$C$153:$I$183,6,0),VLOOKUP(C48,$C$153:$I$183,6,0),D48*VLOOKUP(C48,$C$153:$I$183,4,0)))))),"")
A49: =IF(B49="","",MAX($A$38:A48)+1) | B49: =IF(C49="","",IF(ISERROR(VLOOKUP(C49,$C$153:$I$183,2,0)),"",VLOOKUP(C49,$C$153:$I$183,2,0))) | E49: =IF(C49="","",IF(ISERROR(VLOOKUP(C49,$C$153:$I$283,3,0)),"",IF(VLOOKUP(C49,$C$153:$I$283,3,0)="","",VLOOKUP(C49,$C$153:$I$183,3,0)))) | F49: =IF(G49=0,IF(C49="","",IF(ISERROR(VLOOKUP(C49,$C$153:$I$183,2,0)),"",IF(D49=0,IF(VLOOKUP(C49,$C$153:$I$183,4,0)=0,VLOOKUP(C49,$C$153:$I$183,6,0),VLOOKUP(C49,$C$153:$I$183,4,0)),IF(VLOOKUP(C49,$C$153:$I$183,6,0)=0,D49*VLOOKUP(C49,$C$153:$I$183,4,0),IF(D49*VLOOKUP(C49,$C$153:$I$183,4,0)>VLOOKUP(C49,$C$153:$I$183,6,0),VLOOKUP(C49,$C$153:$I$183,6,0),D49*VLOOKUP(C49,$C$153:$I$183,4,0)))))),"")
A50: =IF(B50="","",MAX($A$38:A49)+1) | B50: =IF(C50="","",IF(ISERROR(VLOOKUP(C50,$C$153:$I$183,2,0)),"",VLOOKUP(C50,$C$153:$I$183,2,0))) | E50: =IF(C50="","",IF(ISERROR(VLOOKUP(C50,$C$153:$I$283,3,0)),"",IF(VLOOKUP(C50,$C$153:$I$283,3,0)="","",VLOOKUP(C50,$C$153:$I$183,3,0)))) | F50: =IF(G50=0,IF(C50="","",IF(ISERROR(VLOOKUP(C50,$C$153:$I$183,2,0)),"",IF(D50=0,IF(VLOOKUP(C50,$C$153:$I$183,4,0)=0,VLOOKUP(C50,$C$153:$I$183,6,0),VLOOKUP(C50,$C$153:$I$183,4,0)),IF(VLOOKUP(C50,$C$153:$I$183,6,0)=0,D50*VLOOKUP(C50,$C$153:$I$183,4,0),IF(D50*VLOOKUP(C50,$C$153:$I$183,4,0)>VLOOKUP(C50,$C$153:$I$183,6,0),VLOOKUP(C50,$C$153:$I$183,6,0),D50*VLOOKUP(C50,$C$153:$I$183,4,0)))))),"")
... A63: =IF(B63="","",MAX($A$38:A62)+1) | B63: =IF(C63="","",IF(ISERROR(VLOOKUP(C63,$C$153:$I$183,2,0)),"",VLOOKUP(C63,$C$153:$I$183,2,0))) | E63: =IF(C63="","",IF(ISERROR(VLOOKUP(C63,$C$153:$I$283,3,0)),"",IF(VLOOKUP(C63,$C$153:$I$283,3,0)="","",VLOOKUP(C63,$C$153:$I$183,3,0)))) | F63: =IF(G63=0,IF(C63="","",IF(ISERROR(VLOOKUP(C63,$C$153:$I$183,2,0)),"",IF(D63=0,IF(VLOOKUP(C63,$C$153:$I$183,4,0)=0,VLOOKUP(C63,$C$153:$I$183,6,0),VLOOKUP(C63,$C$153:$I$183,4,0)),IF(VLOOKUP(C63,$C$153:$I$183,6,0)=0,D63*VLOOKUP(C63,$C$153:$I$183,4,0),IF(D63*VLOOKUP(C63,$C$153:$I$183,4,0)>VLOOKUP(C63,$C$153:$I$183,6,0),VLOOKUP(C63,$C$153:$I$183,6,0),D63*VLOOKUP(C63,$C$153:$I$183,4,0)))))),"")
A64: Всего за полугодие | F64: =SUM(F8:G33,F39:G63) -> 0 | H64: =SUM(H8:H33,H39:H63) -> 0
C67: __________________ | E67: Выполнение проверил | I67: ___________________________
C68: подпись преподавателя | I68: подпись начальника кафедры
A70: - 28 -
A72: 2-е полугодие
A74: № п/п | B74: Индекс | C74: Наименование вида работ | F74: Количество часов по | I74: Срок выполнения | J74: Отметка о выполнении
F75: плану | H75: факту
A76: =IF(B76="","",MAX($A$75:A75)+1) | B76: =IF(C76="","",IF(ISERROR(VLOOKUP(C76,$C$153:$I$183,2,0)),"",VLOOKUP(C76,$C$153:$I$183,2,0))) | E76: =IF(C76="","",IF(ISERROR(VLOOKUP(C76,$C$153:$I$183,3,0)),"",IF(VLOOKUP(C76,$C$153:$I$183,3,0)="","",VLOOKUP(C76,$C$153:$I$183,3,0)))) | F76: =IF(G76=0,IF(C76="","",IF(ISERROR(VLOOKUP(C76,$C$153:$I$183,2,0)),"",IF(D76=0,IF(VLOOKUP(C76,$C$153:$I$183,4,0)=0,VLOOKUP(C76,$C$153:$I$183,6,0),VLOOKUP(C76,$C$153:$I$183,4,0)),IF(VLOOKUP(C76,$C$153:$I$183,6,0)=0,D76*VLOOKUP(C76,$C$153:$I$183,4,0),IF(D76*VLOOKUP(C76,$C$153:$I$183,4,0)>VLOOKUP(C76,$C$153:$I$183,6,0),VLOOKUP(C76,$C$153:$I$176,6,0),D76*VLOOKUP(C76,$C$153:$I$183,4,0)))))),"")
A77: =IF(B77="","",MAX($A$75:A76)+1) | B77: =IF(C77="","",IF(ISERROR(VLOOKUP(C77,$C$153:$I$183,2,0)),"",VLOOKUP(C77,$C$153:$I$183,2,0))) | E77: =IF(C77="","",IF(ISERROR(VLOOKUP(C77,$C$153:$I$183,3,0)),"",IF(VLOOKUP(C77,$C$153:$I$183,3,0)="","",VLOOKUP(C77,$C$153:$I$183,3,0)))) | F77: =IF(G77=0,IF(C77="","",IF(ISERROR(VLOOKUP(C77,$C$153:$I$183,2,0)),"",IF(D77=0,IF(VLOOKUP(C77,$C$153:$I$183,4,0)=0,VLOOKUP(C77,$C$153:$I$183,6,0),VLOOKUP(C77,$C$153:$I$183,4,0)),IF(VLOOKUP(C77,$C$153:$I$183,6,0)=0,D77*VLOOKUP(C77,$C$153:$I$183,4,0),IF(D77*VLOOKUP(C77,$C$153:$I$183,4,0)>VLOOKUP(C77,$C$153:$I$183,6,0),VLOOKUP(C77,$C$153:$I$176,6,0),D77*VLOOKUP(C77,$C$153:$I$183,4,0)))))),"")
A78: =IF(B78="","",MAX($A$75:A77)+1) | B78: =IF(C78="","",IF(ISERROR(VLOOKUP(C78,$C$153:$I$183,2,0)),"",VLOOKUP(C78,$C$153:$I$183,2,0))) | E78: =IF(C78="","",IF(ISERROR(VLOOKUP(C78,$C$153:$I$183,3,0)),"",IF(VLOOKUP(C78,$C$153:$I$183,3,0)="","",VLOOKUP(C78,$C$153:$I$183,3,0)))) | F78: =IF(G78=0,IF(C78="","",IF(ISERROR(VLOOKUP(C78,$C$153:$I$183,2,0)),"",IF(D78=0,IF(VLOOKUP(C78,$C$153:$I$183,4,0)=0,VLOOKUP(C78,$C$153:$I$183,6,0),VLOOKUP(C78,$C$153:$I$183,4,0)),IF(VLOOKUP(C78,$C$153:$I$183,6,0)=0,D78*VLOOKUP(C78,$C$153:$I$183,4,0),IF(D78*VLOOKUP(C78,$C$153:$I$183,4,0)>VLOOKUP(C78,$C$153:$I$183,6,0),VLOOKUP(C78,$C$153:$I$176,6,0),D78*VLOOKUP(C78,$C$153:$I$183,4,0)))))),"")
A79: =IF(B79="","",MAX($A$75:A78)+1) | B79: =IF(C79="","",IF(ISERROR(VLOOKUP(C79,$C$153:$I$183,2,0)),"",VLOOKUP(C79,$C$153:$I$183,2,0))) | E79: =IF(C79="","",IF(ISERROR(VLOOKUP(C79,$C$153:$I$183,3,0)),"",IF(VLOOKUP(C79,$C$153:$I$183,3,0)="","",VLOOKUP(C79,$C$153:$I$183,3,0)))) | F79: =IF(G79=0,IF(C79="","",IF(ISERROR(VLOOKUP(C79,$C$153:$I$183,2,0)),"",IF(D79=0,IF(VLOOKUP(C79,$C$153:$I$183,4,0)=0,VLOOKUP(C79,$C$153:$I$183,6,0),VLOOKUP(C79,$C$153:$I$183,4,0)),IF(VLOOKUP(C79,$C$153:$I$183,6,0)=0,D79*VLOOKUP(C79,$C$153:$I$183,4,0),IF(D79*VLOOKUP(C79,$C$153:$I$183,4,0)>VLOOKUP(C79,$C$153:$I$183,6,0),VLOOKUP(C79,$C$153:$I$176,6,0),D79*VLOOKUP(C79,$C$153:$I$183,4,0)))))),"")
A80: =IF(B80="","",MAX($A$75:A79)+1) | B80: =IF(C80="","",IF(ISERROR(VLOOKUP(C80,$C$153:$I$183,2,0)),"",VLOOKUP(C80,$C$153:$I$183,2,0))) | E80: =IF(C80="","",IF(ISERROR(VLOOKUP(C80,$C$153:$I$183,3,0)),"",IF(VLOOKUP(C80,$C$153:$I$183,3,0)="","",VLOOKUP(C80,$C$153:$I$183,3,0)))) | F80: =IF(G80=0,IF(C80="","",IF(ISERROR(VLOOKUP(C80,$C$153:$I$183,2,0)),"",IF(D80=0,IF(VLOOKUP(C80,$C$153:$I$183,4,0)=0,VLOOKUP(C80,$C$153:$I$183,6,0),VLOOKUP(C80,$C$153:$I$183,4,0)),IF(VLOOKUP(C80,$C$153:$I$183,6,0)=0,D80*VLOOKUP(C80,$C$153:$I$183,4,0),IF(D80*VLOOKUP(C80,$C$153:$I$183,4,0)>VLOOKUP(C80,$C$153:$I$183,6,0),VLOOKUP(C80,$C$153:$I$176,6,0),D80*VLOOKUP(C80,$C$153:$I$183,4,0)))))),"")
A81: =IF(B81="","",MAX($A$75:A80)+1) | B81: =IF(C81="","",IF(ISERROR(VLOOKUP(C81,$C$153:$I$183,2,0)),"",VLOOKUP(C81,$C$153:$I$183,2,0))) | E81: =IF(C81="","",IF(ISERROR(VLOOKUP(C81,$C$153:$I$183,3,0)),"",IF(VLOOKUP(C81,$C$153:$I$183,3,0)="","",VLOOKUP(C81,$C$153:$I$183,3,0)))) | F81: =IF(G81=0,IF(C81="","",IF(ISERROR(VLOOKUP(C81,$C$153:$I$183,2,0)),"",IF(D81=0,IF(VLOOKUP(C81,$C$153:$I$183,4,0)=0,VLOOKUP(C81,$C$153:$I$183,6,0),VLOOKUP(C81,$C$153:$I$183,4,0)),IF(VLOOKUP(C81,$C$153:$I$183,6,0)=0,D81*VLOOKUP(C81,$C$153:$I$183,4,0),IF(D81*VLOOKUP(C81,$C$153:$I$183,4,0)>VLOOKUP(C81,$C$153:$I$183,6,0),VLOOKUP(C81,$C$153:$I$176,6,0),D81*VLOOKUP(C81,$C$153:$I$183,4,0)))))),"")
A82: =IF(B82="","",MAX($A$75:A81)+1) | B82: =IF(C82="","",IF(ISERROR(VLOOKUP(C82,$C$153:$I$183,2,0)),"",VLOOKUP(C82,$C$153:$I$183,2,0))) | E82: =IF(C82="","",IF(ISERROR(VLOOKUP(C82,$C$153:$I$183,3,0)),"",IF(VLOOKUP(C82,$C$153:$I$183,3,0)="","",VLOOKUP(C82,$C$153:$I$183,3,0)))) | F82: =IF(G82=0,IF(C82="","",IF(ISERROR(VLOOKUP(C82,$C$153:$I$183,2,0)),"",IF(D82=0,IF(VLOOKUP(C82,$C$153:$I$183,4,0)=0,VLOOKUP(C82,$C$153:$I$183,6,0),VLOOKUP(C82,$C$153:$I$183,4,0)),IF(VLOOKUP(C82,$C$153:$I$183,6,0)=0,D82*VLOOKUP(C82,$C$153:$I$183,4,0),IF(D82*VLOOKUP(C82,$C$153:$I$183,4,0)>VLOOKUP(C82,$C$153:$I$183,6,0),VLOOKUP(C82,$C$153:$I$176,6,0),D82*VLOOKUP(C82,$C$153:$I$183,4,0)))))),"")
A83: =IF(B83="","",MAX($A$75:A82)+1) | B83: =IF(C83="","",IF(ISERROR(VLOOKUP(C83,$C$153:$I$183,2,0)),"",VLOOKUP(C83,$C$153:$I$183,2,0))) | E83: =IF(C83="","",IF(ISERROR(VLOOKUP(C83,$C$153:$I$183,3,0)),"",IF(VLOOKUP(C83,$C$153:$I$183,3,0)="","",VLOOKUP(C83,$C$153:$I$183,3,0)))) | F83: =IF(G83=0,IF(C83="","",IF(ISERROR(VLOOKUP(C83,$C$153:$I$183,2,0)),"",IF(D83=0,IF(VLOOKUP(C83,$C$153:$I$183,4,0)=0,VLOOKUP(C83,$C$153:$I$183,6,0),VLOOKUP(C83,$C$153:$I$183,4,0)),IF(VLOOKUP(C83,$C$153:$I$183,6,0)=0,D83*VLOOKUP(C83,$C$153:$I$183,4,0),IF(D83*VLOOKUP(C83,$C$153:$I$183,4,0)>VLOOKUP(C83,$C$153:$I$183,6,0),VLOOKUP(C83,$C$153:$I$176,6,0),D83*VLOOKUP(C83,$C$153:$I$183,4,0)))))),"")
A84: =IF(B84="","",MAX($A$75:A83)+1) | B84: =IF(C84="","",IF(ISERROR(VLOOKUP(C84,$C$153:$I$183,2,0)),"",VLOOKUP(C84,$C$153:$I$183,2,0))) | E84: =IF(C84="","",IF(ISERROR(VLOOKUP(C84,$C$153:$I$183,3,0)),"",IF(VLOOKUP(C84,$C$153:$I$183,3,0)="","",VLOOKUP(C84,$C$153:$I$183,3,0)))) | F84: =IF(G84=0,IF(C84="","",IF(ISERROR(VLOOKUP(C84,$C$153:$I$183,2,0)),"",IF(D84=0,IF(VLOOKUP(C84,$C$153:$I$183,4,0)=0,VLOOKUP(C84,$C$153:$I$183,6,0),VLOOKUP(C84,$C$153:$I$183,4,0)),IF(VLOOKUP(C84,$C$153:$I$183,6,0)=0,D84*VLOOKUP(C84,$C$153:$I$183,4,0),IF(D84*VLOOKUP(C84,$C$153:$I$183,4,0)>VLOOKUP(C84,$C$153:$I$183,6,0),VLOOKUP(C84,$C$153:$I$176,6,0),D84*VLOOKUP(C84,$C$153:$I$183,4,0)))))),"")
A85: =IF(B85="","",MAX($A$75:A84)+1) | B85: =IF(C85="","",IF(ISERROR(VLOOKUP(C85,$C$153:$I$183,2,0)),"",VLOOKUP(C85,$C$153:$I$183,2,0))) | E85: =IF(C85="","",IF(ISERROR(VLOOKUP(C85,$C$153:$I$183,3,0)),"",IF(VLOOKUP(C85,$C$153:$I$183,3,0)="","",VLOOKUP(C85,$C$153:$I$183,3,0)))) | F85: =IF(G85=0,IF(C85="","",IF(ISERROR(VLOOKUP(C85,$C$153:$I$183,2,0)),"",IF(D85=0,IF(VLOOKUP(C85,$C$153:$I$183,4,0)=0,VLOOKUP(C85,$C$153:$I$183,6,0),VLOOKUP(C85,$C$153:$I$183,4,0)),IF(VLOOKUP(C85,$C$153:$I$183,6,0)=0,D85*VLOOKUP(C85,$C$153:$I$183,4,0),IF(D85*VLOOKUP(C85,$C$153:$I$183,4,0)>VLOOKUP(C85,$C$153:$I$183,6,0),VLOOKUP(C85,$C$153:$I$176,6,0),D85*VLOOKUP(C85,$C$153:$I$183,4,0)))))),"")
A86: =IF(B86="","",MAX($A$75:A85)+1) | B86: =IF(C86="","",IF(ISERROR(VLOOKUP(C86,$C$153:$I$183,2,0)),"",VLOOKUP(C86,$C$153:$I$183,2,0))) | E86: =IF(C86="","",IF(ISERROR(VLOOKUP(C86,$C$153:$I$183,3,0)),"",IF(VLOOKUP(C86,$C$153:$I$183,3,0)="","",VLOOKUP(C86,$C$153:$I$183,3,0)))) | F86: =IF(G86=0,IF(C86="","",IF(ISERROR(VLOOKUP(C86,$C$153:$I$183,2,0)),"",IF(D86=0,IF(VLOOKUP(C86,$C$153:$I$183,4,0)=0,VLOOKUP(C86,$C$153:$I$183,6,0),VLOOKUP(C86,$C$153:$I$183,4,0)),IF(VLOOKUP(C86,$C$153:$I$183,6,0)=0,D86*VLOOKUP(C86,$C$153:$I$183,4,0),IF(D86*VLOOKUP(C86,$C$153:$I$183,4,0)>VLOOKUP(C86,$C$153:$I$183,6,0),VLOOKUP(C86,$C$153:$I$176,6,0),D86*VLOOKUP(C86,$C$153:$I$183,4,0)))))),"")
A87: =IF(B87="","",MAX($A$75:A86)+1) | B87: =IF(C87="","",IF(ISERROR(VLOOKUP(C87,$C$153:$I$183,2,0)),"",VLOOKUP(C87,$C$153:$I$183,2,0))) | E87: =IF(C87="","",IF(ISERROR(VLOOKUP(C87,$C$153:$I$183,3,0)),"",IF(VLOOKUP(C87,$C$153:$I$183,3,0)="","",VLOOKUP(C87,$C$153:$I$183,3,0)))) | F87: =IF(G87=0,IF(C87="","",IF(ISERROR(VLOOKUP(C87,$C$153:$I$183,2,0)),"",IF(D87=0,IF(VLOOKUP(C87,$C$153:$I$183,4,0)=0,VLOOKUP(C87,$C$153:$I$183,6,0),VLOOKUP(C87,$C$153:$I$183,4,0)),IF(VLOOKUP(C87,$C$153:$I$183,6,0)=0,D87*VLOOKUP(C87,$C$153:$I$183,4,0),IF(D87*VLOOKUP(C87,$C$153:$I$183,4,0)>VLOOKUP(C87,$C$153:$I$183,6,0),VLOOKUP(C87,$C$153:$I$176,6,0),D87*VLOOKUP(C87,$C$153:$I$183,4,0)))))),"")
... A104: =IF(B104="","",MAX($A$75:A103)+1) | B104: =IF(C104="","",IF(ISERROR(VLOOKUP(C104,$C$153:$I$183,2,0)),"",VLOOKUP(C104,$C$153:$I$183,2,0))) | E104: =IF(C104="","",IF(ISERROR(VLOOKUP(C104,$C$153:$I$183,3,0)),"",IF(VLOOKUP(C104,$C$153:$I$183,3,0)="","",VLOOKUP(C104,$C$153:$I$183,3,0)))) | F104: =IF(G104=0,IF(C104="","",IF(ISERROR(VLOOKUP(C104,$C$153:$I$183,2,0)),"",IF(D104=0,IF(VLOOKUP(C104,$C$153:$I$183,4,0)=0,VLOOKUP(C104,$C$153:$I$183,6,0),VLOOKUP(C104,$C$153:$I$183,4,0)),IF(VLOOKUP(C104,$C$153:$I$183,6,0)=0,D104*VLOOKUP(C104,$C$153:$I$183,4,0),IF(D104*VLOOKUP(C104,$C$153:$I$183,4,0)>VLOOKUP(C104,$C$153:$I$183,6,0),VLOOKUP(C104,$C$153:$I$176,6,0),D104*VLOOKUP(C104,$C$153:$I$183,4,0)))))),"")
A106: - 29 -
A108: № п/п | B108: Индекс | C108: Наименование вида работ | F108: Количество часов по | I108: Срок выполнения | J108: Отметка о выполнении
F109: плану | H109: факту
A110: =IF(B110="","",MAX($A$109:A109)+1) | B110: =IF(C110="","",IF(ISERROR(VLOOKUP(C110,$C$153:$I$183,2,0)),"",VLOOKUP(C110,$C$153:$I$183,2,0))) | E110: =IF(C110="","",IF(ISERROR(VLOOKUP(C110,$C$153:$I$183,3,0)),"",IF(VLOOKUP(C110,$C$153:$I$183,3,0)="","",VLOOKUP(C110,$C$153:$I$183,3,0)))) | F110: =IF(G110=0,IF(C110="","",IF(ISERROR(VLOOKUP(C110,$C$153:$I$183,2,0)),"",IF(D110=0,IF(VLOOKUP(C110,$C$153:$I$183,4,0)=0,VLOOKUP(C110,$C$153:$I$183,6,0),VLOOKUP(C110,$C$153:$I$183,4,0)),IF(VLOOKUP(C110,$C$153:$I$183,6,0)=0,D110*VLOOKUP(C110,$C$153:$I$183,4,0),IF(D110*VLOOKUP(C110,$C$153:$I$183,4,0)>VLOOKUP(C110,$C$153:$I$183,6,0),VLOOKUP(C110,$C$153:$I$183,6,0),D110*VLOOKUP(C110,$C$153:$I$183,4,0)))))),"")
A111: =IF(B111="","",MAX($A$109:A110)+1) | B111: =IF(C111="","",IF(ISERROR(VLOOKUP(C111,$C$153:$I$183,2,0)),"",VLOOKUP(C111,$C$153:$I$183,2,0))) | E111: =IF(C111="","",IF(ISERROR(VLOOKUP(C111,$C$153:$I$183,3,0)),"",IF(VLOOKUP(C111,$C$153:$I$183,3,0)="","",VLOOKUP(C111,$C$153:$I$183,3,0)))) | F111: =IF(G111=0,IF(C111="","",IF(ISERROR(VLOOKUP(C111,$C$153:$I$183,2,0)),"",IF(D111=0,IF(VLOOKUP(C111,$C$153:$I$183,4,0)=0,VLOOKUP(C111,$C$153:$I$183,6,0),VLOOKUP(C111,$C$153:$I$183,4,0)),IF(VLOOKUP(C111,$C$153:$I$183,6,0)=0,D111*VLOOKUP(C111,$C$153:$I$183,4,0),IF(D111*VLOOKUP(C111,$C$153:$I$183,4,0)>VLOOKUP(C111,$C$153:$I$183,6,0),VLOOKUP(C111,$C$153:$I$183,6,0),D111*VLOOKUP(C111,$C$153:$I$183,4,0)))))),"")
A112: =IF(B112="","",MAX($A$109:A111)+1) | B112: =IF(C112="","",IF(ISERROR(VLOOKUP(C112,$C$153:$I$183,2,0)),"",VLOOKUP(C112,$C$153:$I$183,2,0))) | E112: =IF(C112="","",IF(ISERROR(VLOOKUP(C112,$C$153:$I$183,3,0)),"",IF(VLOOKUP(C112,$C$153:$I$183,3,0)="","",VLOOKUP(C112,$C$153:$I$183,3,0)))) | F112: =IF(G112=0,IF(C112="","",IF(ISERROR(VLOOKUP(C112,$C$153:$I$183,2,0)),"",IF(D112=0,IF(VLOOKUP(C112,$C$153:$I$183,4,0)=0,VLOOKUP(C112,$C$153:$I$183,6,0),VLOOKUP(C112,$C$153:$I$183,4,0)),IF(VLOOKUP(C112,$C$153:$I$183,6,0)=0,D112*VLOOKUP(C112,$C$153:$I$183,4,0),IF(D112*VLOOKUP(C112,$C$153:$I$183,4,0)>VLOOKUP(C112,$C$153:$I$183,6,0),VLOOKUP(C112,$C$153:$I$183,6,0),D112*VLOOKUP(C112,$C$153:$I$183,4,0)))))),"")
A113: =IF(B113="","",MAX($A$109:A112)+1) | B113: =IF(C113="","",IF(ISERROR(VLOOKUP(C113,$C$153:$I$183,2,0)),"",VLOOKUP(C113,$C$153:$I$183,2,0))) | E113: =IF(C113="","",IF(ISERROR(VLOOKUP(C113,$C$153:$I$183,3,0)),"",IF(VLOOKUP(C113,$C$153:$I$183,3,0)="","",VLOOKUP(C113,$C$153:$I$183,3,0)))) | F113: =IF(G113=0,IF(C113="","",IF(ISERROR(VLOOKUP(C113,$C$153:$I$183,2,0)),"",IF(D113=0,IF(VLOOKUP(C113,$C$153:$I$183,4,0)=0,VLOOKUP(C113,$C$153:$I$183,6,0),VLOOKUP(C113,$C$153:$I$183,4,0)),IF(VLOOKUP(C113,$C$153:$I$183,6,0)=0,D113*VLOOKUP(C113,$C$153:$I$183,4,0),IF(D113*VLOOKUP(C113,$C$153:$I$183,4,0)>VLOOKUP(C113,$C$153:$I$183,6,0),VLOOKUP(C113,$C$153:$I$183,6,0),D113*VLOOKUP(C113,$C$153:$I$183,4,0)))))),"")
A114: =IF(B114="","",MAX($A$109:A113)+1) | B114: =IF(C114="","",IF(ISERROR(VLOOKUP(C114,$C$153:$I$183,2,0)),"",VLOOKUP(C114,$C$153:$I$183,2,0))) | E114: =IF(C114="","",IF(ISERROR(VLOOKUP(C114,$C$153:$I$183,3,0)),"",IF(VLOOKUP(C114,$C$153:$I$183,3,0)="","",VLOOKUP(C114,$C$153:$I$183,3,0)))) | F114: =IF(G114=0,IF(C114="","",IF(ISERROR(VLOOKUP(C114,$C$153:$I$183,2,0)),"",IF(D114=0,IF(VLOOKUP(C114,$C$153:$I$183,4,0)=0,VLOOKUP(C114,$C$153:$I$183,6,0),VLOOKUP(C114,$C$153:$I$183,4,0)),IF(VLOOKUP(C114,$C$153:$I$183,6,0)=0,D114*VLOOKUP(C114,$C$153:$I$183,4,0),IF(D114*VLOOKUP(C114,$C$153:$I$183,4,0)>VLOOKUP(C114,$C$153:$I$183,6,0),VLOOKUP(C114,$C$153:$I$183,6,0),D114*VLOOKUP(C114,$C$153:$I$183,4,0)))))),"")
A115: =IF(B115="","",MAX($A$109:A114)+1) | B115: =IF(C115="","",IF(ISERROR(VLOOKUP(C115,$C$153:$I$183,2,0)),"",VLOOKUP(C115,$C$153:$I$183,2,0))) | E115: =IF(C115="","",IF(ISERROR(VLOOKUP(C115,$C$153:$I$183,3,0)),"",IF(VLOOKUP(C115,$C$153:$I$183,3,0)="","",VLOOKUP(C115,$C$153:$I$183,3,0)))) | F115: =IF(G115=0,IF(C115="","",IF(ISERROR(VLOOKUP(C115,$C$153:$I$183,2,0)),"",IF(D115=0,IF(VLOOKUP(C115,$C$153:$I$183,4,0)=0,VLOOKUP(C115,$C$153:$I$183,6,0),VLOOKUP(C115,$C$153:$I$183,4,0)),IF(VLOOKUP(C115,$C$153:$I$183,6,0)=0,D115*VLOOKUP(C115,$C$153:$I$183,4,0),IF(D115*VLOOKUP(C115,$C$153:$I$183,4,0)>VLOOKUP(C115,$C$153:$I$183,6,0),VLOOKUP(C115,$C$153:$I$183,6,0),D115*VLOOKUP(C115,$C$153:$I$183,4,0)))))),"")
A116: =IF(B116="","",MAX($A$109:A115)+1) | B116: =IF(C116="","",IF(ISERROR(VLOOKUP(C116,$C$153:$I$183,2,0)),"",VLOOKUP(C116,$C$153:$I$183,2,0))) | E116: =IF(C116="","",IF(ISERROR(VLOOKUP(C116,$C$153:$I$183,3,0)),"",IF(VLOOKUP(C116,$C$153:$I$183,3,0)="","",VLOOKUP(C116,$C$153:$I$183,3,0)))) | F116: =IF(G116=0,IF(C116="","",IF(ISERROR(VLOOKUP(C116,$C$153:$I$183,2,0)),"",IF(D116=0,IF(VLOOKUP(C116,$C$153:$I$183,4,0)=0,VLOOKUP(C116,$C$153:$I$183,6,0),VLOOKUP(C116,$C$153:$I$183,4,0)),IF(VLOOKUP(C116,$C$153:$I$183,6,0)=0,D116*VLOOKUP(C116,$C$153:$I$183,4,0),IF(D116*VLOOKUP(C116,$C$153:$I$183,4,0)>VLOOKUP(C116,$C$153:$I$183,6,0),VLOOKUP(C116,$C$153:$I$183,6,0),D116*VLOOKUP(C116,$C$153:$I$183,4,0)))))),"")
A117: =IF(B117="","",MAX($A$109:A116)+1) | B117: =IF(C117="","",IF(ISERROR(VLOOKUP(C117,$C$153:$I$183,2,0)),"",VLOOKUP(C117,$C$153:$I$183,2,0))) | E117: =IF(C117="","",IF(ISERROR(VLOOKUP(C117,$C$153:$I$183,3,0)),"",IF(VLOOKUP(C117,$C$153:$I$183,3,0)="","",VLOOKUP(C117,$C$153:$I$183,3,0)))) | F117: =IF(G117=0,IF(C117="","",IF(ISERROR(VLOOKUP(C117,$C$153:$I$183,2,0)),"",IF(D117=0,IF(VLOOKUP(C117,$C$153:$I$183,4,0)=0,VLOOKUP(C117,$C$153:$I$183,6,0),VLOOKUP(C117,$C$153:$I$183,4,0)),IF(VLOOKUP(C117,$C$153:$I$183,6,0)=0,D117*VLOOKUP(C117,$C$153:$I$183,4,0),IF(D117*VLOOKUP(C117,$C$153:$I$183,4,0)>VLOOKUP(C117,$C$153:$I$183,6,0),VLOOKUP(C117,$C$153:$I$183,6,0),D117*VLOOKUP(C117,$C$153:$I$183,4,0)))))),"")
A118: =IF(B118="","",MAX($A$109:A117)+1) | B118: =IF(C118="","",IF(ISERROR(VLOOKUP(C118,$C$153:$I$183,2,0)),"",VLOOKUP(C118,$C$153:$I$183,2,0))) | E118: =IF(C118="","",IF(ISERROR(VLOOKUP(C118,$C$153:$I$183,3,0)),"",IF(VLOOKUP(C118,$C$153:$I$183,3,0)="","",VLOOKUP(C118,$C$153:$I$183,3,0)))) | F118: =IF(G118=0,IF(C118="","",IF(ISERROR(VLOOKUP(C118,$C$153:$I$183,2,0)),"",IF(D118=0,IF(VLOOKUP(C118,$C$153:$I$183,4,0)=0,VLOOKUP(C118,$C$153:$I$183,6,0),VLOOKUP(C118,$C$153:$I$183,4,0)),IF(VLOOKUP(C118,$C$153:$I$183,6,0)=0,D118*VLOOKUP(C118,$C$153:$I$183,4,0),IF(D118*VLOOKUP(C118,$C$153:$I$183,4,0)>VLOOKUP(C118,$C$153:$I$183,6,0),VLOOKUP(C118,$C$153:$I$183,6,0),D118*VLOOKUP(C118,$C$153:$I$183,4,0)))))),"")
A119: =IF(B119="","",MAX($A$109:A118)+1) | B119: =IF(C119="","",IF(ISERROR(VLOOKUP(C119,$C$153:$I$183,2,0)),"",VLOOKUP(C119,$C$153:$I$183,2,0))) | E119: =IF(C119="","",IF(ISERROR(VLOOKUP(C119,$C$153:$I$183,3,0)),"",IF(VLOOKUP(C119,$C$153:$I$183,3,0)="","",VLOOKUP(C119,$C$153:$I$183,3,0)))) | F119: =IF(G119=0,IF(C119="","",IF(ISERROR(VLOOKUP(C119,$C$153:$I$183,2,0)),"",IF(D119=0,IF(VLOOKUP(C119,$C$153:$I$183,4,0)=0,VLOOKUP(C119,$C$153:$I$183,6,0),VLOOKUP(C119,$C$153:$I$183,4,0)),IF(VLOOKUP(C119,$C$153:$I$183,6,0)=0,D119*VLOOKUP(C119,$C$153:$I$183,4,0),IF(D119*VLOOKUP(C119,$C$153:$I$183,4,0)>VLOOKUP(C119,$C$153:$I$183,6,0),VLOOKUP(C119,$C$153:$I$183,6,0),D119*VLOOKUP(C119,$C$153:$I$183,4,0)))))),"")
A120: =IF(B120="","",MAX($A$109:A119)+1) | B120: =IF(C120="","",IF(ISERROR(VLOOKUP(C120,$C$153:$I$183,2,0)),"",VLOOKUP(C120,$C$153:$I$183,2,0))) | E120: =IF(C120="","",IF(ISERROR(VLOOKUP(C120,$C$153:$I$183,3,0)),"",IF(VLOOKUP(C120,$C$153:$I$183,3,0)="","",VLOOKUP(C120,$C$153:$I$183,3,0)))) | F120: =IF(G120=0,IF(C120="","",IF(ISERROR(VLOOKUP(C120,$C$153:$I$183,2,0)),"",IF(D120=0,IF(VLOOKUP(C120,$C$153:$I$183,4,0)=0,VLOOKUP(C120,$C$153:$I$183,6,0),VLOOKUP(C120,$C$153:$I$183,4,0)),IF(VLOOKUP(C120,$C$153:$I$183,6,0)=0,D120*VLOOKUP(C120,$C$153:$I$183,4,0),IF(D120*VLOOKUP(C120,$C$153:$I$183,4,0)>VLOOKUP(C120,$C$153:$I$183,6,0),VLOOKUP(C120,$C$153:$I$183,6,0),D120*VLOOKUP(C120,$C$153:$I$183,4,0)))))),"")
A121: =IF(B121="","",MAX($A$109:A120)+1) | B121: =IF(C121="","",IF(ISERROR(VLOOKUP(C121,$C$153:$I$183,2,0)),"",VLOOKUP(C121,$C$153:$I$183,2,0))) | E121: =IF(C121="","",IF(ISERROR(VLOOKUP(C121,$C$153:$I$183,3,0)),"",IF(VLOOKUP(C121,$C$153:$I$183,3,0)="","",VLOOKUP(C121,$C$153:$I$183,3,0)))) | F121: =IF(G121=0,IF(C121="","",IF(ISERROR(VLOOKUP(C121,$C$153:$I$183,2,0)),"",IF(D121=0,IF(VLOOKUP(C121,$C$153:$I$183,4,0)=0,VLOOKUP(C121,$C$153:$I$183,6,0),VLOOKUP(C121,$C$153:$I$183,4,0)),IF(VLOOKUP(C121,$C$153:$I$183,6,0)=0,D121*VLOOKUP(C121,$C$153:$I$183,4,0),IF(D121*VLOOKUP(C121,$C$153:$I$183,4,0)>VLOOKUP(C121,$C$153:$I$183,6,0),VLOOKUP(C121,$C$153:$I$183,6,0),D121*VLOOKUP(C121,$C$153:$I$183,4,0)))))),"")
... A132: =IF(B132="","",MAX($A$109:A131)+1) | B132: =IF(C132="","",IF(ISERROR(VLOOKUP(C132,$C$153:$I$183,2,0)),"",VLOOKUP(C132,$C$153:$I$183,2,0))) | E132: =IF(C132="","",IF(ISERROR(VLOOKUP(C132,$C$153:$I$183,3,0)),"",IF(VLOOKUP(C132,$C$153:$I$183,3,0)="","",VLOOKUP(C132,$C$153:$I$183,3,0)))) | F132: =IF(G132=0,IF(C132="","",IF(ISERROR(VLOOKUP(C132,$C$153:$I$183,2,0)),"",IF(D132=0,IF(VLOOKUP(C132,$C$153:$I$183,4,0)=0,VLOOKUP(C132,$C$153:$I$183,6,0),VLOOKUP(C132,$C$153:$I$183,4,0)),IF(VLOOKUP(C132,$C$153:$I$183,6,0)=0,D132*VLOOKUP(C132,$C$153:$I$183,4,0),IF(D132*VLOOKUP(C132,$C$153:$I$183,4,0)>VLOOKUP(C132,$C$153:$I$183,6,0),VLOOKUP(C132,$C$153:$I$183,6,0),D132*VLOOKUP(C132,$C$153:$I$183,4,0)))))),"")
A133: Всего за полугодие | F133: =SUM(F76:G104,F110:G132) -> 0 | H133: =SUM(H76:H104,H110:H132) -> 0
A134: Всего за год | F134: =SUM(F8:G33,F39:G63,F76:G104,F110:G132) -> 0 | H134: =SUM(H64,H133) -> 0
C136: __________________ | E136: Выполнение проверил | I136: ___________________________
C137: подпись преподавателя | I137: подпись начальника кафедры
B152: Индекс | C152: Вид работ | D152: =B152 -> Индекс | F152: Норматив | H152: Не более
B153: 1.1.1. | C153: Написание учебника, монографии | D153: =B153 -> 1.1.1. | E153: печатный лист | F153: 100
B154: 1.1.2. | C154: Переиздание учебника | D154: =B154 -> 1.1.2. | E154: печатный лист | F154: 50
B155: 1.1.3. | C155: Написание пособия, курса лекций, практикума, справочника, сборника задач, методических рекомендаций | D155: =B155 -> 1.1.3. | E155: печатный лист | F155: 80
B156: 1.1.4. | C156: Переиздание пособия, курса лекций, практикума, справочника, сборника задач, методических рекомендаций | D156: =B156 -> 1.1.4. | E156: печатный лист | F156: 45
B157: 1.1.5. | C157: Подготовка отчета (промежуточного, заключительного) | D157: =B157 -> 1.1.5. | E157: отчет | F157: 5
B158: 1.1.6. | C158: Внедрение научных разработок в образовательный процесс | D158: =B158 -> 1.1.6. | E158: разработка | F158: 5
B159: 1.1.7. | C159: Авторское сопровождение научных разработок | D159: =B159 -> 1.1.7. | E159: разработка | F159: 10
B160: 1.3.1. | C160: Написание научных статей, публикуемых в журналах Scopus и Web of Science | D160: =B160 -> 1.3.1. | E160: статья | F160: 100
B161: 1.3.2. | C161: Написание научных статей, публикуемых в изданиях, включенных в Перечень рецензируемых научных изданий, в которых должны быть опубликованы основные научные результаты диссертаций на соискание ученой степени кандидата наук/доктора наук | D161: =B161 -> 1.3.2. | E161: статья | F161: 30
B162: 1.3.3. | C162: Написание научных статей, публикуемых в иных изданиях | D162: =B162 -> 1.3.3. | E162: статья | F162: 10
B163: 1.4. | C163: Научное редактирование учебников, учебных пособий, курсов лекций, монографий, научных трудов и т. д. | D163: =B163 -> 1.4. | E163: печатный лист | F163: 3
B164: 1.5. | C164: Рецензирование учебников, учебных пособий, курсов лекций, монографий, научных трудов и т. д. (до 3 ч/п.л.) | D164: =B164 -> 1.5. | E164: печатный лист | F164: 3
B165: 1.6. | C165: Научная командировка, стажировка | D165: =B165 -> 1.6. | E165: день | F165: 8
B166: 1.7. | C166: Участие в работе ученого совета, научной секции ученого совета, диссертационного совета академии и иных учреждений МВД России | D166: =B166 -> 1.7. | E166: год | F166: 40 | H166: 40
B167: 1.8. | C167: Участие в работе конкурсной комиссии по рассмотрению научных работ | D167: =B167 -> 1.8. | E167: заседание | F167: 2
B168: 1.9. | C168: Участие в работе научно-представительских и конкурсно-оценочных мероприятий | D168: =B168 -> 1.9. | E168: день | F168: 6
B169: 1.10. | C169: Организация работы научно-представительских и конкурсно-оценочных мероприятий | D169: =B169 -> 1.10. | E169: день | F169: 8
B170: 1.11. | C170: Научное руководство (консультирование) диссертационным исследованием | D170: =B170 -> 1.11. | E170: год | F170: 50 | H170: 50
B171: 1.12. | C171: Руководство научным кружком, проблемной группой | D171: =B171 -> 1.12. | E171: год | F171: 60 | H171: 60
B172: 1.13. | C172: Руководство научно-исследовательской работой слушателя, курсанта с представлением обучающимися научных отчетов, докладов, статей, рефератов и т. п. | D172: =B172 -> 1.13. | E172: человек | F172: 15
B173: 1.14.1. | C173: Разработка кандидатского диссертационного исследования, утвержденного ученым советом | D173: =B173 -> 1.14.1. | E173: год | F173: 200 | H173: 200
B174: 1.14.2. | C174: Разработка докторского диссертационного исследования, утвержденного ученым советом | D174: =B174 -> 1.14.2. | E174: год | F174: 400 | H174: 400
B175: 1.15. | C175: Подготовка заявки (конкурсной докумен-тации) на проведение научного исследования для участия в научном конкурсе (гранте) (до 30 ч на разработку) | D175: =B175 -> 1.15. | E175: разработка | F175: 30
B176: 1.16. | C176: Получение свидетельства о регистрации программного продукта | D176: =B176 -> 1.16. | E176: разработка | F176: 70
...

Sheet Раздел 3.2
A1: - 30 -
A3: 3.2. НАУЧНО-ИССЛЕДОВАТЕЛЬСКАЯ РАБОТА C ОБУЧАЮЩИМИСЯ ПО ЗАОЧНОЙ ФОРМЕ ОБУЧЕНИЯ
A4: 1-е полугодие
A5: № п/п | B5: Индекс | C5: Наименование вида работ | F5: Количество часов по | I5: Срок выполнения | J5: Отметка о выполнении
F6: плану | H6: факту
A7: =IF(B7="","",MAX($A$6:A6)+1) | B7: =IF(C7="","",IF(ISERROR(VLOOKUP(C7,$C$153:$I$183,2,0)),"",VLOOKUP(C7,$C$153:$I$183,2,0))) | E7: =IF(C7="","",IF(ISERROR(VLOOKUP(C7,$C$153:$I$183,3,0)),"",IF(VLOOKUP(C7,$C$153:$I$183,3,0)="","",VLOOKUP(C7,$C$153:$I$183,3,0)))) | F7: =IF(G7=0,IF(C7=$C$178,$H$178+(D7-$I$178)*$F$178,IF(C7=$C$179,$H$179+(D7-$I$179)*$F$179,IF(C7="","",IF(ISERROR(VLOOKUP(C7,$C$153:$I$183,2,0)),"",IF(D7=0,IF(VLOOKUP(C7,$C$153:$I$183,4,0)=0,VLOOKUP(C7,$C$153:$I$183,6,0),VLOOKUP(C7,$C$153:$I$183,4,0)),IF(VLOOKUP(C7,$C$153:$I$183,6,0)=0,D7*VLOOKUP(C7,$C$153:$I$183,4,0),IF(D7*VLOOKUP(C7,$C$153:$I$183,4,0)>VLOOKUP(C7,$C$153:$I$183,6,0),VLOOKUP(C7,$C$153:$I$183,6,0),D7*VLOOKUP(C7,$C$153:$I$183,4,0)))))))),"")
A8: =IF(B8="","",MAX($A$6:A7)+1) | B8: =IF(C8="","",IF(ISERROR(VLOOKUP(C8,$C$153:$I$183,2,0)),"",VLOOKUP(C8,$C$153:$I$183,2,0))) | E8: =IF(C8="","",IF(ISERROR(VLOOKUP(C8,$C$153:$I$183,3,0)),"",IF(VLOOKUP(C8,$C$153:$I$183,3,0)="","",VLOOKUP(C8,$C$153:$I$183,3,0)))) | F8: =IF(G8=0,IF(C8=$C$178,$H$178+(D8-$I$178)*$F$178,IF(C8=$C$179,$H$179+(D8-$I$179)*$F$179,IF(C8="","",IF(ISERROR(VLOOKUP(C8,$C$153:$I$183,2,0)),"",IF(D8=0,IF(VLOOKUP(C8,$C$153:$I$183,4,0)=0,VLOOKUP(C8,$C$153:$I$183,6,0),VLOOKUP(C8,$C$153:$I$183,4,0)),IF(VLOOKUP(C8,$C$153:$I$183,6,0)=0,D8*VLOOKUP(C8,$C$153:$I$183,4,0),IF(D8*VLOOKUP(C8,$C$153:$I$183,4,0)>VLOOKUP(C8,$C$153:$I$183,6,0),VLOOKUP(C8,$C$153:$I$183,6,0),D8*VLOOKUP(C8,$C$153:$I$183,4,0)))))))),"")
A9: =IF(B9="","",MAX($A$6:A8)+1) | B9: =IF(C9="","",IF(ISERROR(VLOOKUP(C9,$C$153:$I$183,2,0)),"",VLOOKUP(C9,$C$153:$I$183,2,0))) | E9: =IF(C9="","",IF(ISERROR(VLOOKUP(C9,$C$153:$I$183,3,0)),"",IF(VLOOKUP(C9,$C$153:$I$183,3,0)="","",VLOOKUP(C9,$C$153:$I$183,3,0)))) | F9: =IF(G9=0,IF(C9=$C$178,$H$178+(D9-$I$178)*$F$178,IF(C9=$C$179,$H$179+(D9-$I$179)*$F$179,IF(C9="","",IF(ISERROR(VLOOKUP(C9,$C$153:$I$183,2,0)),"",IF(D9=0,IF(VLOOKUP(C9,$C$153:$I$183,4,0)=0,VLOOKUP(C9,$C$153:$I$183,6,0),VLOOKUP(C9,$C$153:$I$183,4,0)),IF(VLOOKUP(C9,$C$153:$I$183,6,0)=0,D9*VLOOKUP(C9,$C$153:$I$183,4,0),IF(D9*VLOOKUP(C9,$C$153:$I$183,4,0)>VLOOKUP(C9,$C$153:$I$183,6,0),VLOOKUP(C9,$C$153:$I$183,6,0),D9*VLOOKUP(C9,$C$153:$I$183,4,0)))))))),"")
A10: =IF(B10="","",MAX($A$6:A9)+1) | B10: =IF(C10="","",IF(ISERROR(VLOOKUP(C10,$C$153:$I$183,2,0)),"",VLOOKUP(C10,$C$153:$I$183,2,0))) | E10: =IF(C10="","",IF(ISERROR(VLOOKUP(C10,$C$153:$I$183,3,0)),"",IF(VLOOKUP(C10,$C$153:$I$183,3,0)="","",VLOOKUP(C10,$C$153:$I$183,3,0)))) | F10: =IF(G10=0,IF(C10=$C$178,$H$178+(D10-$I$178)*$F$178,IF(C10=$C$179,$H$179+(D10-$I$179)*$F$179,IF(C10="","",IF(ISERROR(VLOOKUP(C10,$C$153:$I$183,2,0)),"",IF(D10=0,IF(VLOOKUP(C10,$C$153:$I$183,4,0)=0,VLOOKUP(C10,$C$153:$I$183,6,0),VLOOKUP(C10,$C$153:$I$183,4,0)),IF(VLOOKUP(C10,$C$153:$I$183,6,0)=0,D10*VLOOKUP(C10,$C$153:$I$183,4,0),IF(D10*VLOOKUP(C10,$C$153:$I$183,4,0)>VLOOKUP(C10,$C$153:$I$183,6,0),VLOOKUP(C10,$C$153:$I$183,6,0),D10*VLOOKUP(C10,$C$153:$I$183,4,0)))))))),"")
A11: =IF(B11="","",MAX($A$6:A10)+1) | B11: =IF(C11="","",IF(ISERROR(VLOOKUP(C11,$C$153:$I$183,2,0)),"",VLOOKUP(C11,$C$153:$I$183,2,0))) | E11: =IF(C11="","",IF(ISERROR(VLOOKUP(C11,$C$153:$I$183,3,0)),"",IF(VLOOKUP(C11,$C$153:$I$183,3,0)="","",VLOOKUP(C11,$C$153:$I$183,3,0)))) | F11: =IF(G11=0,IF(C11=$C$178,$H$178+(D11-$I$178)*$F$178,IF(C11=$C$179,$H$179+(D11-$I$179)*$F$179,IF(C11="","",IF(ISERROR(VLOOKUP(C11,$C$153:$I$183,2,0)),"",IF(D11=0,IF(VLOOKUP(C11,$C$153:$I$183,4,0)=0,VLOOKUP(C11,$C$153:$I$183,6,0),VLOOKUP(C11,$C$153:$I$183,4,0)),IF(VLOOKUP(C11,$C$153:$I$183,6,0)=0,D11*VLOOKUP(C11,$C$153:$I$183,4,0),IF(D11*VLOOKUP(C11,$C$153:$I$183,4,0)>VLOOKUP(C11,$C$153:$I$183,6,0),VLOOKUP(C11,$C$153:$I$183,6,0),D11*VLOOKUP(C11,$C$153:$I$183,4,0)))))))),"")
A12: =IF(B12="","",MAX($A$6:A11)+1) | B12: =IF(C12="","",IF(ISERROR(VLOOKUP(C12,$C$153:$I$183,2,0)),"",VLOOKUP(C12,$C$153:$I$183,2,0))) | E12: =IF(C12="","",IF(ISERROR(VLOOKUP(C12,$C$153:$I$183,3,0)),"",IF(VLOOKUP(C12,$C$153:$I$183,3,0)="","",VLOOKUP(C12,$C$153:$I$183,3,0)))) | F12: =IF(G12=0,IF(C12=$C$178,$H$178+(D12-$I$178)*$F$178,IF(C12=$C$179,$H$179+(D12-$I$179)*$F$179,IF(C12="","",IF(ISERROR(VLOOKUP(C12,$C$153:$I$183,2,0)),"",IF(D12=0,IF(VLOOKUP(C12,$C$153:$I$183,4,0)=0,VLOOKUP(C12,$C$153:$I$183,6,0),VLOOKUP(C12,$C$153:$I$183,4,0)),IF(VLOOKUP(C12,$C$153:$I$183,6,0)=0,D12*VLOOKUP(C12,$C$153:$I$183,4,0),IF(D12*VLOOKUP(C12,$C$153:$I$183,4,0)>VLOOKUP(C12,$C$153:$I$183,6,0),VLOOKUP(C12,$C$153:$I$183,6,0),D12*VLOOKUP(C12,$C$153:$I$183,4,0)))))))),"")
A13: =IF(B13="","",MAX($A$6:A12)+1) | B13: =IF(C13="","",IF(ISERROR(VLOOKUP(C13,$C$153:$I$183,2,0)),"",VLOOKUP(C13,$C$153:$I$183,2,0))) | E13: =IF(C13="","",IF(ISERROR(VLOOKUP(C13,$C$153:$I$183,3,0)),"",IF(VLOOKUP(C13,$C$153:$I$183,3,0)="","",VLOOKUP(C13,$C$153:$I$183,3,0)))) | F13: =IF(G13=0,IF(C13=$C$178,$H$178+(D13-$I$178)*$F$178,IF(C13=$C$179,$H$179+(D13-$I$179)*$F$179,IF(C13="","",IF(ISERROR(VLOOKUP(C13,$C$153:$I$183,2,0)),"",IF(D13=0,IF(VLOOKUP(C13,$C$153:$I$183,4,0)=0,VLOOKUP(C13,$C$153:$I$183,6,0),VLOOKUP(C13,$C$153:$I$183,4,0)),IF(VLOOKUP(C13,$C$153:$I$183,6,0)=0,D13*VLOOKUP(C13,$C$153:$I$183,4,0),IF(D13*VLOOKUP(C13,$C$153:$I$183,4,0)>VLOOKUP(C13,$C$153:$I$183,6,0),VLOOKUP(C13,$C$153:$I$183,6,0),D13*VLOOKUP(C13,$C$153:$I$183,4,0)))))))),"")
A14: =IF(B14="","",MAX($A$6:A13)+1) | B14: =IF(C14="","",IF(ISERROR(VLOOKUP(C14,$C$153:$I$183,2,0)),"",VLOOKUP(C14,$C$153:$I$183,2,0))) | E14: =IF(C14="","",IF(ISERROR(VLOOKUP(C14,$C$153:$I$183,3,0)),"",IF(VLOOKUP(C14,$C$153:$I$183,3,0)="","",VLOOKUP(C14,$C$153:$I$183,3,0)))) | F14: =IF(G14=0,IF(C14=$C$178,$H$178+(D14-$I$178)*$F$178,IF(C14=$C$179,$H$179+(D14-$I$179)*$F$179,IF(C14="","",IF(ISERROR(VLOOKUP(C14,$C$153:$I$183,2,0)),"",IF(D14=0,IF(VLOOKUP(C14,$C$153:$I$183,4,0)=0,VLOOKUP(C14,$C$153:$I$183,6,0),VLOOKUP(C14,$C$153:$I$183,4,0)),IF(VLOOKUP(C14,$C$153:$I$183,6,0)=0,D14*VLOOKUP(C14,$C$153:$I$183,4,0),IF(D14*VLOOKUP(C14,$C$153:$I$183,4,0)>VLOOKUP(C14,$C$153:$I$183,6,0),VLOOKUP(C14,$C$153:$I$183,6,0),D14*VLOOKUP(C14,$C$153:$I$183,4,0)))))))),"")
A15: =IF(B15="","",MAX($A$6:A14)+1) | B15: =IF(C15="","",IF(ISERROR(VLOOKUP(C15,$C$153:$I$183,2,0)),"",VLOOKUP(C15,$C$153:$I$183,2,0))) | E15: =IF(C15="","",IF(ISERROR(VLOOKUP(C15,$C$153:$I$183,3,0)),"",IF(VLOOKUP(C15,$C$153:$I$183,3,0)="","",VLOOKUP(C15,$C$153:$I$183,3,0)))) | F15: =IF(G15=0,IF(C15=$C$178,$H$178+(D15-$I$178)*$F$178,IF(C15=$C$179,$H$179+(D15-$I$179)*$F$179,IF(C15="","",IF(ISERROR(VLOOKUP(C15,$C$153:$I$183,2,0)),"",IF(D15=0,IF(VLOOKUP(C15,$C$153:$I$183,4,0)=0,VLOOKUP(C15,$C$153:$I$183,6,0),VLOOKUP(C15,$C$153:$I$183,4,0)),IF(VLOOKUP(C15,$C$153:$I$183,6,0)=0,D15*VLOOKUP(C15,$C$153:$I$183,4,0),IF(D15*VLOOKUP(C15,$C$153:$I$183,4,0)>VLOOKUP(C15,$C$153:$I$183,6,0),VLOOKUP(C15,$C$153:$I$183,6,0),D15*VLOOKUP(C15,$C$153:$I$183,4,0)))))))),"")
A16: =IF(B16="","",MAX($A$6:A15)+1) | B16: =IF(C16="","",IF(ISERROR(VLOOKUP(C16,$C$153:$I$183,2,0)),"",VLOOKUP(C16,$C$153:$I$183,2,0))) | E16: =IF(C16="","",IF(ISERROR(VLOOKUP(C16,$C$153:$I$183,3,0)),"",IF(VLOOKUP(C16,$C$153:$I$183,3,0)="","",VLOOKUP(C16,$C$153:$I$183,3,0)))) | F16: =IF(G16=0,IF(C16=$C$178,$H$178+(D16-$I$178)*$F$178,IF(C16=$C$179,$H$179+(D16-$I$179)*$F$179,IF(C16="","",IF(ISERROR(VLOOKUP(C16,$C$153:$I$183,2,0)),"",IF(D16=0,IF(VLOOKUP(C16,$C$153:$I$183,4,0)=0,VLOOKUP(C16,$C$153:$I$183,6,0),VLOOKUP(C16,$C$153:$I$183,4,0)),IF(VLOOKUP(C16,$C$153:$I$183,6,0)=0,D16*VLOOKUP(C16,$C$153:$I$183,4,0),IF(D16*VLOOKUP(C16,$C$153:$I$183,4,0)>VLOOKUP(C16,$C$153:$I$183,6,0),VLOOKUP(C16,$C$153:$I$183,6,0),D16*VLOOKUP(C16,$C$153:$I$183,4,0)))))))),"")
A17: =IF(B17="","",MAX($A$6:A16)+1) | B17: =IF(C17="","",IF(ISERROR(VLOOKUP(C17,$C$153:$I$183,2,0)),"",VLOOKUP(C17,$C$153:$I$183,2,0))) | E17: =IF(C17="","",IF(ISERROR(VLOOKUP(C17,$C$153:$I$183,3,0)),"",IF(VLOOKUP(C17,$C$153:$I$183,3,0)="","",VLOOKUP(C17,$C$153:$I$183,3,0)))) | F17: =IF(G17=0,IF(C17=$C$178,$H$178+(D17-$I$178)*$F$178,IF(C17=$C$179,$H$179+(D17-$I$179)*$F$179,IF(C17="","",IF(ISERROR(VLOOKUP(C17,$C$153:$I$183,2,0)),"",IF(D17=0,IF(VLOOKUP(C17,$C$153:$I$183,4,0)=0,VLOOKUP(C17,$C$153:$I$183,6,0),VLOOKUP(C17,$C$153:$I$183,4,0)),IF(VLOOKUP(C17,$C$153:$I$183,6,0)=0,D17*VLOOKUP(C17,$C$153:$I$183,4,0),IF(D17*VLOOKUP(C17,$C$153:$I$183,4,0)>VLOOKUP(C17,$C$153:$I$183,6,0),VLOOKUP(C17,$C$153:$I$183,6,0),D17*VLOOKUP(C17,$C$153:$I$183,4,0)))))))),"")
A18: =IF(B18="","",MAX($A$6:A17)+1) | B18: =IF(C18="","",IF(ISERROR(VLOOKUP(C18,$C$153:$I$183,2,0)),"",VLOOKUP(C18,$C$153:$I$183,2,0))) | E18: =IF(C18="","",IF(ISERROR(VLOOKUP(C18,$C$153:$I$183,3,0)),"",IF(VLOOKUP(C18,$C$153:$I$183,3,0)="","",VLOOKUP(C18,$C$153:$I$183,3,0)))) | F18: =IF(G18=0,IF(C18=$C$178,$H$178+(D18-$I$178)*$F$178,IF(C18=$C$179,$H$179+(D18-$I$179)*$F$179,IF(C18="","",IF(ISERROR(VLOOKUP(C18,$C$153:$I$183,2,0)),"",IF(D18=0,IF(VLOOKUP(C18,$C$153:$I$183,4,0)=0,VLOOKUP(C18,$C$153:$I$183,6,0),VLOOKUP(C18,$C$153:$I$183,4,0)),IF(VLOOKUP(C18,$C$153:$I$183,6,0)=0,D18*VLOOKUP(C18,$C$153:$I$183,4,0),IF(D18*VLOOKUP(C18,$C$153:$I$183,4,0)>VLOOKUP(C18,$C$153:$I$183,6,0),VLOOKUP(C18,$C$153:$I$183,6,0),D18*VLOOKUP(C18,$C$153:$I$183,4,0)))))))),"")
... A29: =IF(B29="","",MAX($A$6:A28)+1) | B29: =IF(C29="","",IF(ISERROR(VLOOKUP(C29,$C$153:$I$183,2,0)),"",VLOOKUP(C29,$C$153:$I$183,2,0))) | E29: =IF(C29="","",IF(ISERROR(VLOOKUP(C29,$C$153:$I$183,3,0)),"",IF(VLOOKUP(C29,$C$153:$I$183,3,0)="","",VLOOKUP(C29,$C$153:$I$183,3,0)))) | F29: =IF(G29=0,IF(C29=$C$178,$H$178+(D29-$I$178)*$F$178,IF(C29=$C$179,$H$179+(D29-$I$179)*$F$179,IF(C29="","",IF(ISERROR(VLOOKUP(C29,$C$153:$I$183,2,0)),"",IF(D29=0,IF(VLOOKUP(C29,$C$153:$I$183,4,0)=0,VLOOKUP(C29,$C$153:$I$183,6,0),VLOOKUP(C29,$C$153:$I$183,4,0)),IF(VLOOKUP(C29,$C$153:$I$183,6,0)=0,D29*VLOOKUP(C29,$C$153:$I$183,4,0),IF(D29*VLOOKUP(C29,$C$153:$I$183,4,0)>VLOOKUP(C29,$C$153:$I$183,6,0),VLOOKUP(C29,$C$153:$I$183,6,0),D29*VLOOKUP(C29,$C$153:$I$183,4,0)))))))),"")
A30: Всего за полугодие | F30: =SUM(F7:G29) -> 0 | H30: =SUM(H7:H29) -> 0
C32: __________________ | E32: Выполнение проверил | I32: ___________________________
C33: подпись преподавателя | I33: подпись начальника кафедры
A36: - 31 -
A38: 2-е полугодие
A40: № п/п | B40: Индекс | C40: Наименование вида работ | F40: Количество часов по | I40: Срок выполнения | J40: Отметка о выполнении
F41: плану | H41: факту
A42: =IF(B42="","",MAX($A$41:A41)+1) | B42: =IF(C42="","",IF(ISERROR(VLOOKUP(C42,$C$153:$I$183,2,0)),"",VLOOKUP(C42,$C$153:$I$183,2,0))) | E42: =IF(C42="","",IF(ISERROR(VLOOKUP(C42,$C$153:$I$183,3,0)),"",IF(VLOOKUP(C42,$C$153:$I$183,3,0)="","",VLOOKUP(C42,$C$153:$I$183,3,0)))) | F42: =IF(G42=0,IF(C42=$C$178,$H$178+(D42-$I$178)*$F$178,IF(C42=$C$179,$H$179+(D42-$I$179)*$F$179,IF(C42="","",IF(ISERROR(VLOOKUP(C42,$C$153:$I$183,2,0)),"",IF(D42=0,IF(VLOOKUP(C42,$C$153:$I$183,4,0)=0,VLOOKUP(C42,$C$153:$I$183,6,0),VLOOKUP(C42,$C$153:$I$183,4,0)),IF(VLOOKUP(C42,$C$153:$I$183,6,0)=0,D42*VLOOKUP(C42,$C$153:$I$183,4,0),IF(D42*VLOOKUP(C42,$C$153:$I$183,4,0)>VLOOKUP(C42,$C$153:$I$183,6,0),VLOOKUP(C42,$C$153:$I$183,6,0),D42*VLOOKUP(C42,$C$153:$I$183,4,0)))))))),"")
A43: =IF(B43="","",MAX($A$41:A42)+1) | B43: =IF(C43="","",IF(ISERROR(VLOOKUP(C43,$C$153:$I$183,2,0)),"",VLOOKUP(C43,$C$153:$I$183,2,0))) | E43: =IF(C43="","",IF(ISERROR(VLOOKUP(C43,$C$153:$I$183,3,0)),"",IF(VLOOKUP(C43,$C$153:$I$183,3,0)="","",VLOOKUP(C43,$C$153:$I$183,3,0)))) | F43: =IF(G43=0,IF(C43=$C$178,$H$178+(D43-$I$178)*$F$178,IF(C43=$C$179,$H$179+(D43-$I$179)*$F$179,IF(C43="","",IF(ISERROR(VLOOKUP(C43,$C$153:$I$183,2,0)),"",IF(D43=0,IF(VLOOKUP(C43,$C$153:$I$183,4,0)=0,VLOOKUP(C43,$C$153:$I$183,6,0),VLOOKUP(C43,$C$153:$I$183,4,0)),IF(VLOOKUP(C43,$C$153:$I$183,6,0)=0,D43*VLOOKUP(C43,$C$153:$I$183,4,0),IF(D43*VLOOKUP(C43,$C$153:$I$183,4,0)>VLOOKUP(C43,$C$153:$I$183,6,0),VLOOKUP(C43,$C$153:$I$183,6,0),D43*VLOOKUP(C43,$C$153:$I$183,4,0)))))))),"")
A44: =IF(B44="","",MAX($A$41:A43)+1) | B44: =IF(C44="","",IF(ISERROR(VLOOKUP(C44,$C$153:$I$183,2,0)),"",VLOOKUP(C44,$C$153:$I$183,2,0))) | E44: =IF(C44="","",IF(ISERROR(VLOOKUP(C44,$C$153:$I$183,3,0)),"",IF(VLOOKUP(C44,$C$153:$I$183,3,0)="","",VLOOKUP(C44,$C$153:$I$183,3,0)))) | F44: =IF(G44=0,IF(C44=$C$178,$H$178+(D44-$I$178)*$F$178,IF(C44=$C$179,$H$179+(D44-$I$179)*$F$179,IF(C44="","",IF(ISERROR(VLOOKUP(C44,$C$153:$I$183,2,0)),"",IF(D44=0,IF(VLOOKUP(C44,$C$153:$I$183,4,0)=0,VLOOKUP(C44,$C$153:$I$183,6,0),VLOOKUP(C44,$C$153:$I$183,4,0)),IF(VLOOKUP(C44,$C$153:$I$183,6,0)=0,D44*VLOOKUP(C44,$C$153:$I$183,4,0),IF(D44*VLOOKUP(C44,$C$153:$I$183,4,0)>VLOOKUP(C44,$C$153:$I$183,6,0),VLOOKUP(C44,$C$153:$I$183,6,0),D44*VLOOKUP(C44,$C$153:$I$183,4,0)))))))),"")
A45: =IF(B45="","",MAX($A$41:A44)+1) | B45: =IF(C45="","",IF(ISERROR(VLOOKUP(C45,$C$153:$I$183,2,0)),"",VLOOKUP(C45,$C$153:$I$183,2,0))) | E45: =IF(C45="","",IF(ISERROR(VLOOKUP(C45,$C$153:$I$183,3,0)),"",IF(VLOOKUP(C45,$C$153:$I$183,3,0)="","",VLOOKUP(C45,$C$153:$I$183,3,0)))) | F45: =IF(G45=0,IF(C45=$C$178,$H$178+(D45-$I$178)*$F$178,IF(C45=$C$179,$H$179+(D45-$I$179)*$F$179,IF(C45="","",IF(ISERROR(VLOOKUP(C45,$C$153:$I$183,2,0)),"",IF(D45=0,IF(VLOOKUP(C45,$C$153:$I$183,4,0)=0,VLOOKUP(C45,$C$153:$I$183,6,0),VLOOKUP(C45,$C$153:$I$183,4,0)),IF(VLOOKUP(C45,$C$153:$I$183,6,0)=0,D45*VLOOKUP(C45,$C$153:$I$183,4,0),IF(D45*VLOOKUP(C45,$C$153:$I$183,4,0)>VLOOKUP(C45,$C$153:$I$183,6,0),VLOOKUP(C45,$C$153:$I$183,6,0),D45*VLOOKUP(C45,$C$153:$I$183,4,0)))))))),"")
A46: =IF(B46="","",MAX($A$41:A45)+1) | B46: =IF(C46="","",IF(ISERROR(VLOOKUP(C46,$C$153:$I$183,2,0)),"",VLOOKUP(C46,$C$153:$I$183,2,0))) | E46: =IF(C46="","",IF(ISERROR(VLOOKUP(C46,$C$153:$I$183,3,0)),"",IF(VLOOKUP(C46,$C$153:$I$183,3,0)="","",VLOOKUP(C46,$C$153:$I$183,3,0)))) | F46: =IF(G46=0,IF(C46=$C$178,$H$178+(D46-$I$178)*$F$178,IF(C46=$C$179,$H$179+(D46-$I$179)*$F$179,IF(C46="","",IF(ISERROR(VLOOKUP(C46,$C$153:$I$183,2,0)),"",IF(D46=0,IF(VLOOKUP(C46,$C$153:$I$183,4,0)=0,VLOOKUP(C46,$C$153:$I$183,6,0),VLOOKUP(C46,$C$153:$I$183,4,0)),IF(VLOOKUP(C46,$C$153:$I$183,6,0)=0,D46*VLOOKUP(C46,$C$153:$I$183,4,0),IF(D46*VLOOKUP(C46,$C$153:$I$183,4,0)>VLOOKUP(C46,$C$153:$I$183,6,0),VLOOKUP(C46,$C$153:$I$183,6,0),D46*VLOOKUP(C46,$C$153:$I$183,4,0)))))))),"")
A47: =IF(B47="","",MAX($A$41:A46)+1) | B47: =IF(C47="","",IF(ISERROR(VLOOKUP(C47,$C$153:$I$183,2,0)),"",VLOOKUP(C47,$C$153:$I$183,2,0))) | E47: =IF(C47="","",IF(ISERROR(VLOOKUP(C47,$C$153:$I$183,3,0)),"",IF(VLOOKUP(C47,$C$153:$I$183,3,0)="","",VLOOKUP(C47,$C$153:$I$183,3,0)))) | F47: =IF(G47=0,IF(C47=$C$178,$H$178+(D47-$I$178)*$F$178,IF(C47=$C$179,$H$179+(D47-$I$179)*$F$179,IF(C47="","",IF(ISERROR(VLOOKUP(C47,$C$153:$I$183,2,0)),"",IF(D47=0,IF(VLOOKUP(C47,$C$153:$I$183,4,0)=0,VLOOKUP(C47,$C$153:$I$183,6,0),VLOOKUP(C47,$C$153:$I$183,4,0)),IF(VLOOKUP(C47,$C$153:$I$183,6,0)=0,D47*VLOOKUP(C47,$C$153:$I$183,4,0),IF(D47*VLOOKUP(C47,$C$153:$I$183,4,0)>VLOOKUP(C47,$C$153:$I$183,6,0),VLOOKUP(C47,$C$153:$I$183,6,0),D47*VLOOKUP(C47,$C$153:$I$183,4,0)))))))),"")
A48: =IF(B48="","",MAX($A$41:A47)+1) | B48: =IF(C48="","",IF(ISERROR(VLOOKUP(C48,$C$153:$I$183,2,0)),"",VLOOKUP(C48,$C$153:$I$183,2,0))) | E48: =IF(C48="","",IF(ISERROR(VLOOKUP(C48,$C$153:$I$183,3,0)),"",IF(VLOOKUP(C48,$C$153:$I$183,3,0)="","",VLOOKUP(C48,$C$153:$I$183,3,0)))) | F48: =IF(G48=0,IF(C48=$C$178,$H$178+(D48-$I$178)*$F$178,IF(C48=$C$179,$H$179+(D48-$I$179)*$F$179,IF(C48="","",IF(ISERROR(VLOOKUP(C48,$C$153:$I$183,2,0)),"",IF(D48=0,IF(VLOOKUP(C48,$C$153:$I$183,4,0)=0,VLOOKUP(C48,$C$153:$I$183,6,0),VLOOKUP(C48,$C$153:$I$183,4,0)),IF(VLOOKUP(C48,$C$153:$I$183,6,0)=0,D48*VLOOKUP(C48,$C$153:$I$183,4,0),IF(D48*VLOOKUP(C48,$C$153:$I$183,4,0)>VLOOKUP(C48,$C$153:$I$183,6,0),VLOOKUP(C48,$C$153:$I$183,6,0),D48*VLOOKUP(C48,$C$153:$I$183,4,0)))))))),"")
A49: =IF(B49="","",MAX($A$41:A48)+1) | B49: =IF(C49="","",IF(ISERROR(VLOOKUP(C49,$C$153:$I$183,2,0)),"",VLOOKUP(C49,$C$153:$I$183,2,0))) | E49: =IF(C49="","",IF(ISERROR(VLOOKUP(C49,$C$153:$I$183,3,0)),"",IF(VLOOKUP(C49,$C$153:$I$183,3,0)="","",VLOOKUP(C49,$C$153:$I$183,3,0)))) | F49: =IF(G49=0,IF(C49=$C$178,$H$178+(D49-$I$178)*$F$178,IF(C49=$C$179,$H$179+(D49-$I$179)*$F$179,IF(C49="","",IF(ISERROR(VLOOKUP(C49,$C$153:$I$183,2,0)),"",IF(D49=0,IF(VLOOKUP(C49,$C$153:$I$183,4,0)=0,VLOOKUP(C49,$C$153:$I$183,6,0),VLOOKUP(C49,$C$153:$I$183,4,0)),IF(VLOOKUP(C49,$C$153:$I$183,6,0)=0,D49*VLOOKUP(C49,$C$153:$I$183,4,0),IF(D49*VLOOKUP(C49,$C$153:$I$183,4,0)>VLOOKUP(C49,$C$153:$I$183,6,0),VLOOKUP(C49,$C$153:$I$183,6,0),D49*VLOOKUP(C49,$C$153:$I$183,4,0)))))))),"")
A50: =IF(B50="","",MAX($A$41:A49)+1) | B50: =IF(C50="","",IF(ISERROR(VLOOKUP(C50,$C$153:$I$183,2,0)),"",VLOOKUP(C50,$C$153:$I$183,2,0))) | E50: =IF(C50="","",IF(ISERROR(VLOOKUP(C50,$C$153:$I$183,3,0)),"",IF(VLOOKUP(C50,$C$153:$I$183,3,0)="","",VLOOKUP(C50,$C$153:$I$183,3,0)))) | F50: =IF(G50=0,IF(C50=$C$178,$H$178+(D50-$I$178)*$F$178,IF(C50=$C$179,$H$179+(D50-$I$179)*$F$179,IF(C50="","",IF(ISERROR(VLOOKUP(C50,$C$153:$I$183,2,0)),"",IF(D50=0,IF(VLOOKUP(C50,$C$153:$I$183,4,0)=0,VLOOKUP(C50,$C$153:$I$183,6,0),VLOOKUP(C50,$C$153:$I$183,4,0)),IF(VLOOKUP(C50,$C$153:$I$183,6,0)=0,D50*VLOOKUP(C50,$C$153:$I$183,4,0),IF(D50*VLOOKUP(C50,$C$153:$I$183,4,0)>VLOOKUP(C50,$C$153:$I$183,6,0),VLOOKUP(C50,$C$153:$I$183,6,0),D50*VLOOKUP(C50,$C$153:$I$183,4,0)))))))),"")
A51: =IF(B51="","",MAX($A$41:A50)+1) | B51: =IF(C51="","",IF(ISERROR(VLOOKUP(C51,$C$153:$I$183,2,0)),"",VLOOKUP(C51,$C$153:$I$183,2,0))) | E51: =IF(C51="","",IF(ISERROR(VLOOKUP(C51,$C$153:$I$183,3,0)),"",IF(VLOOKUP(C51,$C$153:$I$183,3,0)="","",VLOOKUP(C51,$C$153:$I$183,3,0)))) | F51: =IF(G51=0,IF(C51=$C$178,$H$178+(D51-$I$178)*$F$178,IF(C51=$C$179,$H$179+(D51-$I$179)*$F$179,IF(C51="","",IF(ISERROR(VLOOKUP(C51,$C$153:$I$183,2,0)),"",IF(D51=0,IF(VLOOKUP(C51,$C$153:$I$183,4,0)=0,VLOOKUP(C51,$C$153:$I$183,6,0),VLOOKUP(C51,$C$153:$I$183,4,0)),IF(VLOOKUP(C51,$C$153:$I$183,6,0)=0,D51*VLOOKUP(C51,$C$153:$I$183,4,0),IF(D51*VLOOKUP(C51,$C$153:$I$183,4,0)>VLOOKUP(C51,$C$153:$I$183,6,0),VLOOKUP(C51,$C$153:$I$183,6,0),D51*VLOOKUP(C51,$C$153:$I$183,4,0)))))))),"")
A52: =IF(B52="","",MAX($A$41:A51)+1) | B52: =IF(C52="","",IF(ISERROR(VLOOKUP(C52,$C$153:$I$183,2,0)),"",VLOOKUP(C52,$C$153:$I$183,2,0))) | E52: =IF(C52="","",IF(ISERROR(VLOOKUP(C52,$C$153:$I$183,3,0)),"",IF(VLOOKUP(C52,$C$153:$I$183,3,0)="","",VLOOKUP(C52,$C$153:$I$183,3,0)))) | F52: =IF(G52=0,IF(C52=$C$178,$H$178+(D52-$I$178)*$F$178,IF(C52=$C$179,$H$179+(D52-$I$179)*$F$179,IF(C52="","",IF(ISERROR(VLOOKUP(C52,$C$153:$I$183,2,0)),"",IF(D52=0,IF(VLOOKUP(C52,$C$153:$I$183,4,0)=0,VLOOKUP(C52,$C$153:$I$183,6,0),VLOOKUP(C52,$C$153:$I$183,4,0)),IF(VLOOKUP(C52,$C$153:$I$183,6,0)=0,D52*VLOOKUP(C52,$C$153:$I$183,4,0),IF(D52*VLOOKUP(C52,$C$153:$I$183,4,0)>VLOOKUP(C52,$C$153:$I$183,6,0),VLOOKUP(C52,$C$153:$I$183,6,0),D52*VLOOKUP(C52,$C$153:$I$183,4,0)))))))),"")
A53: =IF(B53="","",MAX($A$41:A52)+1) | B53: =IF(C53="","",IF(ISERROR(VLOOKUP(C53,$C$153:$I$183,2,0)),"",VLOOKUP(C53,$C$153:$I$183,2,0))) | E53: =IF(C53="","",IF(ISERROR(VLOOKUP(C53,$C$153:$I$183,3,0)),"",IF(VLOOKUP(C53,$C$153:$I$183,3,0)="","",VLOOKUP(C53,$C$153:$I$183,3,0)))) | F53: =IF(G53=0,IF(C53=$C$178,$H$178+(D53-$I$178)*$F$178,IF(C53=$C$179,$H$179+(D53-$I$179)*$F$179,IF(C53="","",IF(ISERROR(VLOOKUP(C53,$C$153:$I$183,2,0)),"",IF(D53=0,IF(VLOOKUP(C53,$C$153:$I$183,4,0)=0,VLOOKUP(C53,$C$153:$I$183,6,0),VLOOKUP(C53,$C$153:$I$183,4,0)),IF(VLOOKUP(C53,$C$153:$I$183,6,0)=0,D53*VLOOKUP(C53,$C$153:$I$183,4,0),IF(D53*VLOOKUP(C53,$C$153:$I$183,4,0)>VLOOKUP(C53,$C$153:$I$183,6,0),VLOOKUP(C53,$C$153:$I$183,6,0),D53*VLOOKUP(C53,$C$153:$I$183,4,0)))))))),"")
... A64: =IF(B64="","",MAX($A$41:A63)+1) | B64: =IF(C64="","",IF(ISERROR(VLOOKUP(C64,$C$153:$I$183,2,0)),"",VLOOKUP(C64,$C$153:$I$183,2,0))) | E64: =IF(C64="","",IF(ISERROR(VLOOKUP(C64,$C$153:$I$183,3,0)),"",IF(VLOOKUP(C64,$C$153:$I$183,3,0)="","",VLOOKUP(C64,$C$153:$I$183,3,0)))) | F64: =IF(G64=0,IF(C64=$C$178,$H$178+(D64-$I$178)*$F$178,IF(C64=$C$179,$H$179+(D64-$I$179)*$F$179,IF(C64="","",IF(ISERROR(VLOOKUP(C64,$C$153:$I$183,2,0)),"",IF(D64=0,IF(VLOOKUP(C64,$C$153:$I$183,4,0)=0,VLOOKUP(C64,$C$153:$I$183,6,0),VLOOKUP(C64,$C$153:$I$183,4,0)),IF(VLOOKUP(C64,$C$153:$I$183,6,0)=0,D64*VLOOKUP(C64,$C$153:$I$183,4,0),IF(D64*VLOOKUP(C64,$C$153:$I$183,4,0)>VLOOKUP(C64,$C$153:$I$183,6,0),VLOOKUP(C64,$C$153:$I$183,6,0),D64*VLOOKUP(C64,$C$153:$I$183,4,0)))))))),"")
A65: Всего за полугодие | F65: =SUM(F42:G65) -> 0 | H65: =SUM(H42:H64) -> 0
A66: Всего за год | F66: =SUM(F7:G29,F42:G64) -> 0 | H66: =SUM(H7:H29,H42:H64) -> 0
C68: __________________ | E68: Выполнение проверил | I68: ___________________________
C69: подпись преподавателя | I69: подпись начальника кафедры
B152: Индекс | C152: Вид работ | D152: =B152 -> Индекс | F152: Норматив | H152: Не более
B153: 1.1.1. | C153: Написание учебника, монографии | D153: =B153 -> 1.1.1. | E153: печатный лист | F153: 100
B154: 1.1.2. | C154: Переиздание учебника | D154: =B154 -> 1.1.2. | E154: печатный лист | F154: 50
B155: 1.1.3. | C155: Написание пособия, курса лекций, практикума, справочника, сборника задач, методических рекомендаций | D155: =B155 -> 1.1.3. | E155: печатный лист | F155: 80
B156: 1.1.4. | C156: Переиздание пособия, курса лекций, практикума, справочника, сборника задач, методических рекомендаций | D156: =B156 -> 1.1.4. | E156: печатный лист | F156: 45
B157: 1.1.5. | C157: Подготовка отчета (промежуточного, заключительного) | D157: =B157 -> 1.1.5. | E157: отчет | F157: 5
B158: 1.1.6. | C158: Внедрение научных разработок в образовательный процесс | D158: =B158 -> 1.1.6. | E158: разработка | F158: 5
B159: 1.1.7. | C159: Авторское сопровождение научных разработок | D159: =B159 -> 1.1.7. | E159: разработка | F159: 10
B160: 1.3.1. | C160: Написание научных статей, публикуемых в журналах Scopus и Web of Science | D160: =B160 -> 1.3.1. | E160: статья | F160: 100
B161: 1.3.2. | C161: Написание научных статей, публикуемых в изданиях, включенных в Перечень рецензируемых научных изданий, в которых должны быть опубликованы основные научные результаты диссертаций на соискание ученой степени кандидата наук/доктора наук | D161: =B161 -> 1.3.2. | E161: статья | F161: 30
B162: 1.3.3. | C162: Написание научных статей, публикуемых в иных изданиях | D162: =B162 -> 1.3.3. | E162: статья | F162: 10
B163: 1.4. | C163: Научное редактирование учебников, учебных пособий, курсов лекций, монографий, научных трудов и т. д. | D163: =B163 -> 1.4. | E163: печатный лист | F163: 3
B164: 1.5. | C164: Рецензирование учебников, учебных пособий, курсов лекций, монографий, научных трудов и т. д. (до 3 ч/п.л.) | D164: =B164 -> 1.5. | E164: печатный лист | F164: 3
B165: 1.6. | C165: Научная командировка, стажировка | D165: =B165 -> 1.6. | E165: день | F165: 8
B166: 1.7. | C166: Участие в работе ученого совета, научной секции ученого совета, диссертационного совета академии и иных учреждений МВД России | D166: =B166 -> 1.7. | E166: год | F166: 40 | H166: 40
B167: 1.8. | C167: Участие в работе конкурсной комиссии по рассмотрению научных работ | D167: =B167 -> 1.8. | E167: заседание | F167: 2
B168: 1.9. | C168: Участие в работе научно-представительских и конкурсно-оценочных мероприятий | D168: =B168 -> 1.9. | E168: день | F168: 6
B169: 1.10. | C169: Организация работы научно-представительских и конкурсно-оценочных мероприятий | D169: =B169 -> 1.10. | E169: день | F169: 8
B170: 1.11. | C170: Научное руководство (консультирование) диссертационным исследованием | D170: =B170 -> 1.11. | E170: год | F170: 50 | H170: 50
B171: 1.12. | C171: Руководство научным кружком, проблемной группой | D171: =B171 -> 1.12. | E171: год | F171: 60 | H171: 60
B172: 1.13. | C172: Руководство научно-исследовательской работой слушателя, курсанта с представлением обучающимися научных отчетов, докладов, статей, рефератов и т. п. | D172: =B172 -> 1.13. | E172: человек | F172: 15
B173: 1.14.1. | C173: Разработка кандидатского диссертационного исследования, утвержденного ученым советом | D173: =B173 -> 1.14.1. | E173: год | F173: 200 | H173: 200
B174: 1.14.2. | C174: Разработка докторского диссертационного исследования, утвержденного ученым советом | D174: =B174 -> 1.14.2. | E174: год | F174: 400 | H174: 400
B175: 1.15. | C175: Подготовка заявки (конкурсной докумен-тации) на проведение научного исследования для участия в научном конкурсе (гранте) (до 30 ч на разработку) | D175: =B175 -> 1.15. | E175: разработка | F175: 30
B176: 1.16. | C176: Получение свидетельства о регистрации программного продукта | D176: =B176 -> 1.16. | E176: разработка | F176: 70
B177: 1.17. | C177: Получение патента | D177: =B177 -> 1.17. | E177: разработка | F177: 100
B178: 1.18. | C178: Выполнение обязанностей председателя диссертационного совета | D178: =B178 -> 1.18. | E178: год | F178: 200 | H178: 200
B179: 1.19. | C179: Выполнение обязанностей ученого секретаря диссертационного совета | D179: =B179 -> 1.19. | E179: год | F179: 150 | H179: 150
B180: 1.20. | C180: Руководство научной школой | D180: =B180 -> 1.20. | E180: год | F180: 50 | H180: 50
B181: 1.21. | C181: Подготовка отчетных документов по деятельности научной школы | D181: =B181 -> 1.21. | E181: год | F181: 20 | H181: 20

Sheet Р. III. Изменения 
A1: - 32 -
A3: ИЗМЕНЕНИЯ И ДОПОЛНЕНИЯ внесенные в РАЗДЕЛ III. НАУЧНО-ИССЛЕДОВАТЕЛЬСКАЯ РАБОТА в течение 20 /20 учебного года
A4: № п/п | B4: Номер пункта, полугодия раздела 3 индивидуального плана | C4: Содержание изменений или дополнений | E4: Основание изменений или дополнений (реквизиты протокола заседания кафедры) | F4: Подпись начальника, заместителя начальника кафедры
A6: =IF(B6="","",MAX($A$5:A5)+1) | B6: =IF(C6="","",IF(ISERROR(VLOOKUP(C6,$C$153:$H$183,2,0)),"",VLOOKUP(C6,$C$153:$H$183,2,0)))
A7: =IF(B7="","",MAX($A$5:A6)+1) | B7: =IF(C7="","",IF(ISERROR(VLOOKUP(C7,$C$153:$H$183,2,0)),"",VLOOKUP(C7,$C$153:$H$183,2,0)))
A8: =IF(B8="","",MAX($A$5:A7)+1) | B8: =IF(C8="","",IF(ISERROR(VLOOKUP(C8,$C$153:$H$183,2,0)),"",VLOOKUP(C8,$C$153:$H$183,2,0)))
A9: =IF(B9="","",MAX($A$5:A8)+1) | B9: =IF(C9="","",IF(ISERROR(VLOOKUP(C9,$C$153:$H$183,2,0)),"",VLOOKUP(C9,$C$153:$H$183,2,0)))
A10: =IF(B10="","",MAX($A$5:A9)+1) | B10: =IF(C10="","",IF(ISERROR(VLOOKUP(C10,$C$153:$H$183,2,0)),"",VLOOKUP(C10,$C$153:$H$183,2,0)))
A11: =IF(B11="","",MAX($A$5:A10)+1) | B11: =IF(C11="","",IF(ISERROR(VLOOKUP(C11,$C$153:$H$183,2,0)),"",VLOOKUP(C11,$C$153:$H$183,2,0)))
A12: =IF(B12="","",MAX($A$5:A11)+1) | B12: =IF(C12="","",IF(ISERROR(VLOOKUP(C12,$C$153:$H$183,2,0)),"",VLOOKUP(C12,$C$153:$H$183,2,0)))
A13: =IF(B13="","",MAX($A$5:A12)+1) | B13: =IF(C13="","",IF(ISERROR(VLOOKUP(C13,$C$153:$H$183,2,0)),"",VLOOKUP(C13,$C$153:$H$183,2,0)))
A14: =IF(B14="","",MAX($A$5:A13)+1) | B14: =IF(C14="","",IF(ISERROR(VLOOKUP(C14,$C$153:$H$183,2,0)),"",VLOOKUP(C14,$C$153:$H$183,2,0)))
A15: =IF(B15="","",MAX($A$5:A14)+1) | B15: =IF(C15="","",IF(ISERROR(VLOOKUP(C15,$C$153:$H$183,2,0)),"",VLOOKUP(C15,$C$153:$H$183,2,0)))
A16: =IF(B16="","",MAX($A$5:A15)+1) | B16: =IF(C16="","",IF(ISERROR(VLOOKUP(C16,$C$153:$H$183,2,0)),"",VLOOKUP(C16,$C$153:$H$183,2,0)))
A17: =IF(B17="","",MAX($A$5:A16)+1) | B17: =IF(C17="","",IF(ISERROR(VLOOKUP(C17,$C$153:$H$183,2,0)),"",VLOOKUP(C17,$C$153:$H$183,2,0)))
... A31: =IF(B31="","",MAX($A$5:A30)+1) | B31: =IF(C31="","",IF(ISERROR(VLOOKUP(C31,$C$153:$H$183,2,0)),"",VLOOKUP(C31,$C$153:$H$183,2,0)))
A33: - 33 -
A35: СВЕДЕНИЯ о причинах невыполнения запланированных работ по РАЗДЕЛУ III. НАУЧНО-ИССЛЕДОВАТЕЛЬСКАЯ РАБОТА в течение 20 / 20 учебного года
A36: № п/п | B36: Номер пункта, полугодия раздела 3 индивидуального плана | C36: Индекс | D36: Наименование и содержание работ | E36: Причина невыполнения
B65: __________________ | D65: Выполнение выполнил | E65: ___________________________
B66: подпись преподавателя | E66: подпись начальника кафедры
B152: Индекс | C152: Вид работ | D152: =B152 -> Индекс | F152: Норматив
B153: 1.1.1. | C153: Написание учебника, монографии | D153: =B153 -> 1.1.1. | E153: печатный лист | F153: 100
B154: 1.1.2. | C154: Переиздание учебника | D154: =B154 -> 1.1.2. | E154: печатный лист | F154: 50
B155: 1.1.3. | C155: Написание пособия, курса лекций, практикума, справочника, сборника задач, методических рекомендаций | D155: =B155 -> 1.1.3. | E155: печатный лист | F155: 80
B156: 1.1.4. | C156: Переиздание пособия, курса лекций, практикума, справочника, сборника задач, методических рекомендаций | D156: =B156 -> 1.1.4. | E156: печатный лист | F156: 45
B157: 1.1.5. | C157: Подготовка отчета (промежуточного, заключительного) | D157: =B157 -> 1.1.5. | E157: отчет | F157: 5
B158: 1.1.6. | C158: Внедрение научных разработок в образовательный процесс | D158: =B158 -> 1.1.6. | E158: разработка | F158: 5
B159: 1.1.7. | C159: Авторское сопровождение научных разработок | D159: =B159 -> 1.1.7. | E159: разработка | F159: 10
B160: 1.3.1. | C160: Написание научных статей, публикуемых в журналах Scopus и Web of Science | D160: =B160 -> 1.3.1. | E160: статья | F160: 100
B161: 1.3.2. | C161: Написание научных статей, публикуемых в изданиях, включенных в Перечень рецензируемых научных изданий, в которых должны быть опубликованы основные научные результаты диссертаций на соискание ученой степени кандидата наук/доктора наук | D161: =B161 -> 1.3.2. | E161: статья | F161: 30
B162: 1.3.3. | C162: Написание научных статей, публикуемых в иных изданиях | D162: =B162 -> 1.3.3. | E162: статья | F162: 10
B163: 1.4. | C163: Научное редактирование учебников, учебных пособий, курсов лекций, монографий, научных трудов и т. д. | D163: =B163 -> 1.4. | E163: печатный лист | F163: 3
B164: 1.5. | C164: Рецензирование учебников, учебных пособий, курсов лекций, монографий, научных трудов и т. д. (до 3 ч/п.л.) | D164: =B164 -> 1.5. | E164: печатный лист | F164: 3
... B181: 1.21. | C181: Подготовка отчетных документов по деятельности научной школы | D181: =B181 -> 1.21. | E181: год | F181: 20

Sheet Раздел 4.1
A1: - 34 -
A3: IV. МЕРОПРИЯТИЯ ПО МОРАЛЬНО-ПСИХОЛОГИЧЕСКОМУ ОБЕСПЕЧЕНИЮ УЧЕБНОГО ПРОЦЕССА И СЛУЖЕБНОЙ ДЕЯТЕЛЬНОСТИ
A4: 4.1. ОРГАНИЗАЦИЯ ПРОВЕДЕНИЯ РАБОТЫ ПО НАПРАВЛЕНИЯМ МОРАЛЬНО-ПСИХОЛОГИЧЕСКОГО ОБЕСПЕЧЕНИЯ УЧЕБНО-ВОСПИТАТЕЛЬНОГО ПРОЦЕССА
A5: 1-е полугодие
A6: № п/п | B6: Индекс | C6: Наименование вида работ | F6: Количество часов по | I6: Срок выполнения | J6: Отметка о выполнении
F7: плану | H7: факту
A8: =IF(B8="","",MAX($A$7:A7)+1) | B8: =IF(C8="","",IF(ISERROR(VLOOKUP(C8,$C$153:$I$168,2,0)),"",VLOOKUP(C8,$C$153:$I$168,2,0))) | E8: =IF(C8="","",IF(ISERROR(VLOOKUP(C8,$C$153:$I$168,3,0)),"",IF(VLOOKUP(C8,$C$153:$I$168,3,0)="","",VLOOKUP(C8,$C$153:$I$168,3,0)))) | F8: =IF(G8=0,IF(C8="","",IF(ISERROR(VLOOKUP(C8,$C$153:$I$168,2,0)),"",IF(D8=0,IF(VLOOKUP(C8,$C$153:$I$168,4,0)=0,VLOOKUP(C8,$C$153:$I$168,6,0),VLOOKUP(C8,$C$153:$I$168,4,0)),IF(VLOOKUP(C8,$C$153:$I$168,6,0)=0,D8*VLOOKUP(C8,$C$153:$I$168,4,0),IF(D8*VLOOKUP(C8,$C$153:$I$168,4,0)>VLOOKUP(C8,$C$153:$I$168,6,0),VLOOKUP(C8,$C$153:$I$168,6,0),D8*VLOOKUP(C8,$C$153:$I$168,4,0)))))),"")
